Workbook

Sheet SEPTIEMBRE F-5
B8: ÀREA FINANCIERA | K8: F-5
A10: UNIDAD DE CIRUGIA CARDIOVASCULAR DE GUATEMALA
A11: 5a. AVENIDA 6-22 ZONA 11
A12: dgunicar@yahoo.es Tel. 24163000
A14: Programación y ejecucion mensual por tipo de gasto año 2023, Expresado en Quetzales primer cuatrimestre 2023
A15: No. | B15: CATEGORIA DEL GASTO DE FUNCIONAMIENTO | C15: ENERO | E15: FEBRERO | G15: MARZO | I15: ABRIL | K15: TOTAL CUATRIMESTRE
C16: PROG. | D16: EJECUTADO | E16: PROG. | F16: EJECUTADO | G16: PROG. | H16: EJECUTADO | I16: PROG. | J16: EJECUTADO | K16: PROG. | L16: EJECUTADO
B17: RECURSO HUMANO
A18: 011 | B18: SUELOS Y SALARIOS | C18: 3361148.5 | D18: 2939970.1 | E18: 3361148.5 | F18: 2914006.4 | G18: 3361148.5 | H18: 2948436.8 | I18: 3361148.5 | J18: 2929171.3 | K18: =+C18+E18+G18+I18 -> 13444594 | L18: =+D18+F18+H18+J18 -> 11731585
B19: CUOTA PATRONAL | H19: 1076452.8 | J19: 358716.74 | L19: =+D19+F19+H19+J19 -> 1435169.6
B20: TOTAL RECURSO HUMANO | C20: =SUM(C18:C19) -> 3361148.5 | D20: =SUM(D18:D19) -> 2939970.1 | E20: =SUM(E18:E19) -> 3361148.5 | F20: =SUM(F18:F19) -> 2914006.4 | G20: =SUM(G18:G19) -> 3361148.5 | H20: =SUM(H18:H19) -> 4024889.6 | I20: =SUM(I18:I19) -> 3361148.5 | J20: =SUM(J18:J19) -> 3287888 | ... L20: =SUM(L18:L19) -> 13166754
B22: GASTOS DE OPERACIÓN
A23: 111 | B23: ENERGIA ELECTRICA | C23: 0 | D23: 0 | E23: 88000 | F23: 0 | G23: 88000 | H23: 87425.59 | I23: 88000 | J23: 100265.42 | K23: =+C23+E23+G23+I23 -> 264000 | L23: =+D23+F23+H23+J23 -> 187691.01
A24: 113 | B24: SERVICIO DE INTERNET Y TELEFONIA | C24: 0 | D24: 0 | E24: 11585.06 | F24: 8525.7 | G24: 11585.06 | H24: 11440.41 | I24: 11585.06 | J24: 11412.67 | K24: =+C24+E24+G24+I24 -> 34755.18 | L24: =+D24+F24+H24+J24 -> 31378.78
A25: 122 | B25: IMPRESIÓN, ENCUADERNACION Y REPRODUCCION | C25: 0 | D25: 0 | E25: 68124.37 | F25: 0 | G25: 0 | H25: 440 | I25: 0 | J25: 42472.5 | K25: =+C25+E25+G25+I25 -> 68124.37 | L25: =+D25+F25+H25+J25 -> 42912.5
A26: 163 | B26: MANT. Y REP. EQUIPO MEDICO SANITARIO Y DE LAB. | C26: 50000 | D26: 0 | E26: =16335+50000 -> 66335 | F26: 0 | G26: =214550+50000 -> 264550 | H26: 6400.89 | I26: 50000 | J26: 133312.11 | K26: =+C26+E26+G26+I26 -> 430885 | L26: =+D26+F26+H26+J26 -> 139713
A27: 168 | B27: MANTENIMIENTO Y REPARACION DE EQUIPO DE COMPUTO | C27: 1000 | D27: 0 | E27: 0 | F27: 0 | G27: 0 | H27: 0 | I27: 0 | J27: 0 | K27: =+C27+E27+G27+I27 -> 1000 | L27: =+D27+F27+H27+J27 -> 0
A28: 169 | B28: MANT. Y REP. DE OTRAS MAQ. Y EQUIPO | C28: 10000 | D28: 0 | E28: 0 | F28: 0 | G28: 0 | H28: 0 | I28: 0 | J28: 0 | K28: =+C28+E28+G28+I28 -> 10000 | L28: =+D28+F28+H28+J28 -> 0
A29: 171 | B29: MANT. Y REPARACION DE EDIFICIOS | C29: 10000 | D29: 0 | E29: 0 | F29: 0 | G29: 8140 | H29: 0 | I29: 1320 | J29: 7400 | K29: =+C29+E29+G29+I29 -> 19460 | L29: =+D29+F29+H29+J29 -> 7400
A30: 174 | B30: MANT. Y REP. DE INSTALACIONES | C30: 15765.66 | D30: 0 | E30: 5765.66 | F30: 5765.66 | G30: 7265.66 | H30: 5765.66 | I30: 7265.66 | J30: 5765.66 | K30: =+C30+E30+G30+I30 -> 36062.64 | L30: =+D30+F30+H30+J30 -> 17296.98
A31: 182 | B31: SERVICIOS MEDICO-SANITARIOS | C31: 278286 | D31: 0 | E31: 274686 | F31: 50615 | G31: 277086 | H31: 257315 | I31: 266886 | J31: 288696 | K31: =+C31+E31+G31+I31 -> 1096944 | L31: =+D31+F31+H31+J31 -> 596626
A32: 197 | B32: SERVICIOS DE VIGILANCIA | C32: 0 | D32: 0 | E32: 43200 | F32: 0 | G32: 43200 | H32: 42000 | I32: 43200 | J32: 42000 | K32: =+C32+E32+G32+I32 -> 129600 | L32: =+D32+F32+H32+J32 -> 84000
A33: 199 | B33: OTROS SERVICIOS NO PERSONALES | C33: 60838.7 | D33: 0 | E33: 147087.5 | F33: 8200.8 | G33: 48537.5 | H33: 69332.8 | I33: 48537.5 | J33: 58547.1 | K33: =+C33+E33+G33+I33 -> 305001.2 | L33: =+D33+F33+H33+J33 -> 136080.7
A34: 211 | B34: ALIMENTOS PARA PERSONAS | C34: 37249 | D34: 0 | E34: 47931.75 | F34: 0 | G34: 47931.75 | H34: 59267.75 | I34: 37249 | J34: 51050.5 | K34: =+C34+E34+G34+I34 -> 170361.5 | L34: =+D34+F34+H34+J34 -> 110318.25
A35: 232 | B35: ACABADOS TEXTILES | C35: 0 | D35: 0 | E35: 86640 | F35: 0 | G35: 0 | H35: 0 | I35: 0 | J35: 0 | K35: =+C35+E35+G35+I35 -> 86640 | L35: =+D35+F35+H35+J35 -> 0
A36: 261 | B36: ELEMENTOS Y COMPUESTOS QUIMICOS | C36: 0 | D36: 0 | E36: 1009687.4 | F36: 62510.51 | G36: 0 | H36: 64391.24 | I36: 0 | J36: 162057.62 | K36: =+C36+E36+G36+I36 -> 1009687.4 | L36: =+D36+F36+H36+J36 -> 288959.37
A37: 262 | B37: COMBUSTIBLES Y LUBRICANTES | C37: 8000 | D37: 0 | E37: 0 | F37: 0 | G37: 0 | H37: 0 | I37: 0 | J37: 0 | K37: =+C37+E37+G37+I37 -> 8000 | L37: =+D37+F37+H37+J37 -> 0
A38: 266 | B38: PRODUCTOS MEDICINALES Y FARMACEUTICOS | C38: 0 | D38: 0 | E38: 619212.26 | F38: 0 | G38: 0 | H38: 186614 | I38: 0 | J38: 131300 | K38: =+C38+E38+G38+I38 -> 619212.26 | L38: =+D38+F38+H38+J38 -> 317914
... A45: 297 | B45: UTILES, ACCESORIOS Y MATERIALES ELECTRICOS | C45: 10000 | D45: 0 | E45: 8945.44 | F45: 0 | G45: 0 | H45: 0 | I45: 0 | J45: 16586.2 | K45: =+C45+E45+G45+I45 -> 18945.44 | L45: =+D45+F45+H45+J45 -> 16586.2
A46: 298 | B46: ACCESORIOS Y REPUESTOS EN GENERAL | C46: 33333.33 | D46: 0 | E46: =33333.33+9801.67 -> 43135 | F46: 0 | G46: 33333.33 | H46: 12500 | I46: 33333.33 | J46: 73419.55 | K46: =+C46+E46+G46+I46 -> 143134.99 | L46: =+D46+F46+H46+J46 -> 85919.55
A47: 299 | B47: OTROS MATERIALES Y SUMINISTROS | C47: 19097.08 | D47: 0 | E47: 19097.08 | F47: 0 | G47: 19097.08 | H47: 0 | I47: 19097.08 | J47: 11561.43 | K47: =+C47+E47+G47+I47 -> 76388.32 | L47: =+D47+F47+H47+J47 -> 11561.43
A48: 323 | B48: EQUIPO MEDICO-SANITARIO Y DE LABORATORIO | C48: 0 | D48: 0 | E48: 0 | F48: 0 | G48: 0 | H48: 0 | I48: 0 | J48: 0 | K48: =+C48+E48+G48+I48 -> 0 | L48: =+D48+F48+H48+J48 -> 0
B49: TOTAL GASTOS DE OPERACIÓN | C49: =SUM(C23:C48) -> 552569.77 | D49: =SUM(D23:D48) -> 0 | E49: =SUM(E23:E48) -> 5817527.5 | F49: =SUM(F23:F48) -> 135617.67 | G49: =SUM(G23:G48) -> 848726.38 | H49: =SUM(H23:H48) -> 1618801.8 | I49: =SUM(I23:I48) -> 606473.63 | J49: =SUM(J23:J48) -> 1614363.4 | ... L49: =SUM(L23:L48) -> 3368782.8
B50: TOTAL GENERAL | C50: =+C49+C20 -> 3913718.2 | D50: =+D49+D20 -> 2939970.1 | E50: =+E49+E20 -> 9178676 | F50: =+F49+F20 -> 3049624.1 | G50: =+G49+G20 -> 4209874.8 | H50: =+H49+H20 -> 5643691.3 | I50: =+I49+I20 -> 3967622.1 | J50: =+J49+J20 -> 4902251.4 | ... L50: =+L49+L20 -> 16535537
A56: Programación y ejecucion mensual por tipo de gasto año 2023, Expresado en Quetzales segundo cuatrimestre 2023
A57: No. | B57: =+B15 -> CATEGORIA DEL GASTO DE FUNCIONAMIENTO | C57: MAYO | E57: JUNIO | G57: JULIO | I57: AGOSTO | K57: TOTAL CUATRIMESTRE
C58: PROG. | D58: EJECUTADO | E58: PROG. | F58: EJECUTADO | G58: PROG. | H58: EJECUTADO | I58: PROG. | J58: EJECUTADO | K58: PROG. | L58: EJECUTADO
A59: 011 | B59: RECURSO HUMANO
B60: SUELOS Y SALARIOS | C60: 3361148.5 | D60: 2940365.1 | E60: 3361148.5 | F60: 3011624.1 | G60: 6070495.5 | H60: 3028479 | I60: 3361148.5 | J60: 3015901.4 | K60: =+C60+E60+G60+I60 -> 16153941 | L60: =+D60+F60+H60+J60 -> 11996370
B61: BONO 14 | H61: 2668116.4 | J61: 0 | L61: =+D61+F61+H61+J61 -> 2668116.4
B62: CUOTA PATRONAL | D62: 360102.28 | F62: 369024.16 | H62: 0 | J62: 739957.97 | L62: =+D62+F62+H62+J62 -> 1469084.4
B63: TOTAL RECURSO HUMANO | C63: =SUM(C60:C62) -> 3361148.5 | D63: =SUM(D60:D62) -> 3300467.4 | E63: =SUM(E60:E62) -> 3361148.5 | F63: =SUM(F60:F62) -> 3380648.2 | G63: =SUM(G60:G62) -> 6070495.5 | H63: =SUM(H60:H62) -> 5696595.4 | I63: =SUM(I60:I62) -> 3361148.5 | J63: =SUM(J60:J62) -> 3755859.3 | ... L63: =SUM(L60:L62) -> 16133570
B65: GASTOS DE OPERACIÓN
A66: 111 | B66: ENERGIA ELECTRICA | C66: 88000 | D66: 97538.98 | E66: 88000 | F66: 107910.41 | G66: 88000 | H66: 101929.93 | I66: 88000 | J66: 100438.7 | K66: =+C66+E66+G66+I66 -> 352000 | L66: =+D66+F66+H66+J66 -> 407818.02
A67: 113 | B67: SERVICIO DE INTERNET Y TELEFONIA | C67: 11585.06 | D67: 11401.8 | E67: 11585.06 | F67: 11464.57 | G67: 11585.06 | H67: 11458.71 | I67: 11585.06 | J67: 11479.01 | K67: =+C67+E67+G67+I67 -> 46340.24 | L67: =+D67+F67+H67+J67 -> 45804.09
A68: 122 | B68: IMPRESIÓN, ENCUADERNACION Y REPRODUCCION | C68: 0 | D68: 11495 | E68: 0 | F68: 4070 | G68: 0 | H68: 2343 | I68: 0 | J68: 0 | K68: =+C68+E68+G68+I68 -> 0 | L68: =+D68+F68+H68+J68 -> 17908
A69: 163 | B69: MANT. Y REP. EQUIPO MEDICO SANITARIO Y DE LAB. | C69: =35375+50000 -> 85375 | D69: 68707 | E69: =18575+50000 -> 68575 | F69: 53647.66 | G69: =176415+50000 -> 226415 | H69: 53986 | I69: 50000 | J69: 89559.56 | K69: =+C69+E69+G69+I69 -> 430365 | L69: =+D69+F69+H69+J69 -> 265900.22
A70: 168 | B70: MANTENIMIENTO Y REPARACION DE EQUIPO DE COMPUTO | C70: 0 | D70: 0 | E70: 0 | F70: 0 | G70: 0 | H70: 0 | I70: 0 | J70: 0 | K70: =+C70+E70+G70+I70 -> 0 | L70: =+D70+F70+H70+J70 -> 0
A71: 169 | B71: MANT. Y REP. DE OTRAS MAQ. Y EQUIPO | C71: 14550 | D71: 0 | E71: 0 | F71: 0 | G71: 0 | H71: 13150 | I71: 0 | J71: 0 | K71: =+C71+E71+G71+I71 -> 14550 | L71: =+D71+F71+H71+J71 -> 13150
A72: 171 | B72: MANT. Y REPARACION DE EDIFICIOS | C72: 1320 | D72: 6852.5 | E72: 1320 | F72: 1200 | G72: 8140 | H72: 1200 | I72: 1320 | J72: 1200 | K72: =+C72+E72+G72+I72 -> 12100 | L72: =+D72+F72+H72+J72 -> 10452.5
A73: 174 | B73: MANT. Y REP. DE INSTALACIONES | C73: 29765.66 | D73: 7115.66 | E73: 7265.66 | F73: 7115.66 | G73: 7265.66 | H73: 8465.66 | I73: 7265.66 | J73: 7115.66 | K73: =+C73+E73+G73+I73 -> 51562.64 | L73: =+D73+F73+H73+J73 -> 29812.64
A74: 182 | B74: SERVICIOS MEDICO-SANITARIOS | C74: 296886 | D74: 333329 | E74: 277686 | F74: 281256 | G74: 270486 | H74: 328677 | I74: 281886 | J74: 292049 | K74: =+C74+E74+G74+I74 -> 1126944 | L74: =+D74+F74+H74+J74 -> 1235311
A75: 197 | B75: SERVICIOS DE VIGILANCIA | C75: 43200 | D75: 0 | E75: 0 | F75: 0 | G75: 0 | H75: 0 | I75: 0 | J75: 0 | K75: =+C75+E75+G75+I75 -> 43200 | L75: =+D75+F75+H75+J75 -> 0
A76: 199 | B76: OTROS SERVICIOS NO PERSONALES | C76: 50789 | D76: 65496.54 | E76: 52839.2 | F76: 63814.1 | G76: 94489 | H76: 62879.9 | I76: 50789 | J76: 63494.2 | K76: =+C76+E76+G76+I76 -> 248906.2 | L76: =+D76+F76+H76+J76 -> 255684.74
A77: 211 | B77: ALIMENTOS PARA PERSONAS | C77: 47931.75 | D77: 52824.75 | E77: 47931.75 | F77: 57095.75 | G77: 47931.75 | H77: 25463 | I77: 47931.75 | J77: 12343.25 | K77: =+C77+E77+G77+I77 -> 191727 | L77: =+D77+F77+H77+J77 -> 147726.75
A78: 232 | B78: ACABADOS TEXTILES | C78: 86640 | D78: 0 | E78: 0 | F78: 20798 | G78: 0 | H78: 0 | I78: 0 | J78: 45825 | K78: =+C78+E78+G78+I78 -> 86640 | L78: =+D78+F78+H78+J78 -> 66623
A79: 261 | B79: ELEMENTOS Y COMPUESTOS QUIMICOS | C79: 0 | D79: 64332.02 | E79: 0 | F79: 0 | G79: 0 | H79: 109281.64 | I79: 0 | J79: 20458.96 | K79: =+C79+E79+G79+I79 -> 0 | L79: =+D79+F79+H79+J79 -> 194072.62
A80: 262 | B80: COMBUSTIBLES Y LUBRICANTES | C80: 0 | D80: 0 | E80: 0 | F80: 0 | G80: 0 | H80: 0 | I80: 0 | J80: 7947.35 | K80: =+C80+E80+G80+I80 -> 0 | L80: =+D80+F80+H80+J80 -> 7947.35
A81: 266 | B81: PRODUCTOS MEDICINALES Y FARMACEUTICOS | C81: 810000 | D81: 4050 | E81: 0 | F81: 816961.68 | G81: 0 | H81: 36650 | I81: 0 | J81: 48691.5 | K81: =+C81+E81+G81+I81 -> 810000 | L81: =+D81+F81+H81+J81 -> 906353.18
... A90: 299 | B90: OTROS MATERIALES Y SUMINISTROS | C90: 19097.08 | D90: 37258.03 | E90: 19097.08 | F90: 11113.48 | G90: 19097.08 | H90: 70056.06 | I90: 19097.08 | J90: 87874.5 | K90: =+C90+E90+G90+I90 -> 76388.32 | L90: =+D90+F90+H90+J90 -> 206302.07
A91: 323 | B91: EQUIPO MEDICO-SANITARIO Y DE LABORATORIO | C91: 2500000 | D91: 0 | F91: 68000 | G91: 0 | H91: 73920 | I91: 0 | J91: 0 | K91: =+C91+E91+G91+I91 -> 2500000 | L91: =+D91+F91+H91+J91 -> 141920
B92: TOTAL GASTOS DE OPERACIÓN | C92: =SUM(C66:C91) -> 4893082.3 | D92: =SUM(D66:D91) -> 1554870.2 | E92: =SUM(E66:E91) -> 17602011 | F92: =SUM(F66:F91) -> 3625974.8 | G92: =SUM(G66:G91) -> 806742.88 | H92: =SUM(H66:H91) -> 5272466.1 | I92: =SUM(I66:I91) -> 591207.88 | J92: =SUM(J66:J91) -> 2562957 | ... L92: =SUM(L66:L91) -> 13016268
B93: TOTAL GENERAL | C93: =+C92+C63 -> 8254230.8 | D93: =+D92+D63 -> 4855337.6 | E93: =+E92+E63 -> 20963159 | F93: =+F92+F63 -> 7006623.1 | G93: =+G92+G63 -> 6877238.3 | H93: =+H92+H63 -> 10969062 | I93: =+I92+I63 -> 3952356.4 | J93: =+J92+J63 -> 6318816.3 | ... L93: =+L92+L63 -> 29149839
A111: Programación y ejecucion mensual por tipo de gasto año 2023, Expresado en Quetzales tercer cuatrimestre 2023
A112: No. | B112: CATEGORIA DE GASTO | C112: SEPTIEMBRE | E112: OCTUBRE | G112: NOVIEMBRE | I112: DICIEMBRE | K112: TOTAL CUATRIMESTRE
C113: PROG. | D113: EJECUTADO | E113: PROG. | F113: EJECUTADO | G113: PROG. | H113: EJECUTADO | I113: PROG. | J113: EJECUTADO | K113: PROG. | L113: EJECUTADO
A114: 011 | B114: RECURSO HUMANO
B115: SUELOS Y SALARIOS | C115: 3361148.5 | D115: =3372846.06-368538.34 -> 3004307.7 | K115: =+C115+E115+G115+I115 -> 3361148.5 | L115: =+D115+F115+H115+J115 -> 3004307.7
B116: CUOTA PATRONAL | C116: 0 | D116: 368538.34 | K116: =+C116+E116+G116+I116 -> 0 | L116: =+D116+F116+H116+J116 -> 368538.34
B117: TOTAL RECURSO HUMANO | C117: =SUM(C115:C116) -> 3361148.5 | D117: =SUM(D115:D116) -> 3372846.1 | E117: =SUM(E115:E116) -> 0 | F117: =SUM(F115:F116) -> 0 | G117: =SUM(G115:G116) -> 0 | H117: =SUM(H115:H116) -> 0 | I117: =SUM(I115:I116) -> 0 | J117: =SUM(J115:J116) -> 0 | ... L117: =SUM(L115:L116) -> 3372846.1
B119: GASTOS DE FUNCIONAMIENTO
A120: 111 | B120: ENERGIA ELECTRICA | C120: 88000 | D120: 102900.73 | K120: =+C120+E120+G120+I120 -> 88000 | L120: =+D120+F120+H120+J120 -> 102900.73
A121: 113 | B121: SERVICIO DE INTERNET Y TELEFONIA | C121: 11585.06 | D121: 11467.41 | K121: =+C121+E121+G121+I121 -> 11585.06 | L121: =+D121+F121+H121+J121 -> 11467.41
A122: 122 | B122: IMPRESIÓN, ENCUADERNACION Y REPRODUCCION | C122: 0 | D122: 0 | K122: =+C122+E122+G122+I122 -> 0 | L122: =+D122+F122+H122+J122 -> 0
A123: 163 | B123: MANT. Y REP. EQUIPO MEDICO SANITARIO Y DE LAB. | C123: =62900+50000 -> 112900 | D123: 54054.44 | K123: =+C123+E123+G123+I123 -> 112900 | L123: =+D123+F123+H123+J123 -> 54054.44
A124: 168 | B124: MANTENIMIENTO Y REPARACION DE EQUIPO DE COMPUTO | C124: 0 | D124: 0 | K124: =+C124+E124+G124+I124 -> 0 | L124: =+D124+F124+H124+J124 -> 0
A125: 169 | B125: MANT. Y REP. DE OTRAS MAQ. Y EQUIPO | C125: 0 | D125: 0 | K125: =+C125+E125+G125+I125 -> 0 | L125: =+D125+F125+H125+J125 -> 0
A126: 171 | B126: MANT. Y REPARACION DE EDIFICIOS | C126: 1320 | D126: 7400 | K126: =+C126+E126+G126+I126 -> 1320 | L126: =+D126+F126+H126+J126 -> 7400
A127: 174 | B127: MANT. Y REP. DE INSTALACIONES | C127: 7265.66 | D127: 29615.66 | K127: =+C127+E127+G127+I127 -> 7265.66 | L127: =+D127+F127+H127+J127 -> 29615.66
A128: 182 | B128: SERVICIOS MEDICO-SANITARIOS | C128: 198300 | D128: 323108 | K128: =+C128+E128+G128+I128 -> 198300 | L128: =+D128+F128+H128+J128 -> 323108
A129: 197 | B129: SERVICIOS DE VIGILANCIA | C129: 0 | D129: 0 | K129: =+C129+E129+G129+I129 -> 0 | L129: =+D129+F129+H129+J129 -> 0
A130: 199 | B130: OTROS SERVICIOS NO PERSONALES | C130: 50789 | D130: 59720.61 | K130: =+C130+E130+G130+I130 -> 50789 | L130: =+D130+F130+H130+J130 -> 59720.61
A131: 211 | B131: ALIMENTOS PARA PERSONAS | C131: 47931.75 | D131: 0 | K131: =+C131+E131+G131+I131 -> 47931.75 | L131: =+D131+F131+H131+J131 -> 0
A132: 232 | B132: ACABADOS TEXTILES | C132: 25000 | D132: 0 | K132: =+C132+E132+G132+I132 -> 25000 | L132: =+D132+F132+H132+J132 -> 0
A133: 261 | B133: ELEMENTOS Y COMPUESTOS QUIMICOS | C133: 0 | D133: 72046.69 | K133: =+C133+E133+G133+I133 -> 0 | L133: =+D133+F133+H133+J133 -> 72046.69
A134: 262 | B134: COMBUSTIBLES Y LUBRICANTES | C134: 0 | D134: 0 | K134: =+C134+E134+G134+I134 -> 0 | L134: =+D134+F134+H134+J134 -> 0
A135: 266 | B135: PRODUCTOS MEDICINALES Y FARMACEUTICOS | C135: 0 | D135: 0 | K135: =+C135+E135+G135+I135 -> 0 | L135: =+D135+F135+H135+J135 -> 0
... A145: 323 | B145: EQUIPO MEDICO-SANITARIO Y DE LABORATORIO | C145: 0 | D145: 21000 | K145: =+C145+E145+G145+I145 -> 0 | L145: =+D145+F145+H145+J145 -> 21000
B146: TOTAL GASTOS DE FUNCIONAMIENTO | C146: =SUM(C120:C145) -> 595521.89 | D146: =SUM(D120:D145) -> 3850895.8 | E146: =SUM(E120:E145) -> 0 | F146: =SUM(F120:F145) -> 0 | G146: =SUM(G120:G145) -> 0 | H146: =SUM(H120:H145) -> 0 | I146: =SUM(I120:I145) -> 0 | J146: =SUM(J120:J145) -> 0 | ... L146: =SUM(L120:L145) -> 3850895.8
B147: TOTAL GENERAL | C147: =+C146+C117 -> 3956670.4 | D147: =+D146+D117 -> 7223741.8 | E147: =+E146+E117 -> 0 | F147: =+F146+F117 -> 0 | G147: =+G146+G117 -> 0 | H147: =+H146+H117 -> 0 | I147: =+I146+I117 -> 0 | J147: =+J146+J117 -> 0 | ... L147: =+L146+L117 -> 7223741.8
B166: RESUMEN AÑO 2023
A167: No. | B167: CATEGORIA DE GASTO | C167: TOTAL ANUAL
C168: PRESUPUESTO | D168: REAL
A169: 011 | B169: RECURSO HUMANO | C169: =+K20+K63+K117 -> 32959683 | D169: =+L20+L63+L117 -> 32673171
B171: GASTOS DE OPERACIÓN
A172: 111 | B172: ENERGIA ELECTRICA | C172: =+K23+K66+K120 -> 704000 | D172: =+L23+L66+L120 -> 698409.76
A173: 113 | B173: TELEFONIA | C173: =+K24+K67+K121 -> 92680.48 | D173: =+L24+L67+L121 -> 88650.28
A174: 122 | B174: IMPRESIÓN, ENCUADERNACION Y REPRODUCCION | C174: =+K25+K68+K122 -> 68124.37 | D174: =+L25+L68+L122 -> 60820.5
A175: 163 | B175: MANT. Y REP. EQUIPO MEDICO SANITARIO Y DE LAB. | C175: =+K26+K69+K123 -> 974150 | D175: =+L26+L69+L123 -> 459667.66
A176: 168 | B176: MANTENIMIENTO Y REPARACION DE EQUIPO DE COMPUTO | C176: =+K27+K70+K124 -> 1000 | D176: =+L27+L70+L124 -> 0
...

Sheet SEPTIEMBRE ANEXO A F-5
B8: ÀREA FINANCIERA | I8: ANEXO DE F-5
A10: UNIDAD DE CIRUGIA CARDIOVASCULAR DE GUATEMALA
A11: 5a. AVENIDA 6-22 ZONA 11
A12: dgunicar@yahoo.es Tel. 24163000
A14: Programación mensual por tipo de gasto año 2018, Expresado en Quetzales primer cuatrimestre 2018
A15: No. | B15: CATEGORIA DE GASTO | C15: ENERO | E15: FEBRERO | G15: MARZO | I15: ABRIL
C16: PRESUPUESTO | D16: REAL | E16: PRESUPUESTO | F16: REAL | G16: PRESUPUESTO | H16: REAL | I16: PRESUPUESTO | J16: REAL
B17: RECURSO HUMANO | C17: 1764858.4 | D17: 1492317.4 | E17: 1764858.4 | F17: 1792563.6 | G17: 1764858.4 | H17: 1578007.9 | I17: 1764858.4 | J17: 1803793.6
B19: GASTOS DE FUNCIONAMIENTO | C19: =+C27+C43 -> 2818474.9 | D19: =+D27+D43 -> 0 | E19: =+E27+E43 -> 2818474.9 | F19: =+F27+F43 -> 67111.02 | G19: =+G27+G43 -> 2818474.9 | H19: =+H27+H43 -> 58543.64 | I19: =+I27+I43 -> 2818474.9 | J19: =+J27+J43 -> 3743927.3
B20: ENERGIA ELECTRICA | C20: 62500 | E20: 62500 | F20: 56112.02 | G20: 62500 | I20: 62500 | J20: 68083.01
B21: TELEFONIA | C21: 7500 | E21: 7500 | F21: 10999 | G21: 7500 | H21: 11011 | I21: 7500 | J21: 10992
B22: IMPRESIÓN, ENCUADERNACION Y REPRODUCCION | C22: 8133.97 | E22: 8133.97 | G22: 8133.97 | I22: 8133.97 | J22: 4358
B23: MANT. Y REP. EQUIPO MEDICO SANITARIO Y DE LAB. | C23: 33333.33 | E23: 33333.33 | G23: 33333.33 | I23: 33333.33 | J23: 45020
B24: SERVICIOS MEDICO-SANITARIOS | C24: 165141.75 | E24: 165141.75 | G24: 165141.75 | H24: 1000 | I24: 165141.75 | J24: 26842.86
B25: SERVICIOS DE VIGILANCIA | C25: 40000 | E25: 40000 | G25: 40000 | I25: 40000 | J25: 76240
B26: OTROS SERVICIOS NO PERSONALES | C26: 26305.03 | E26: 26305.03 | G26: 26305.03 | H26: 46532.64 | I26: 26305.03 | J26: 55063.68
B27: SUMA GASTOS GENERALES | C27: =SUM(C20:C26) -> 342914.08 | D27: =SUM(D20:D26) -> 0 | E27: =SUM(E20:E26) -> 342914.08 | F27: =SUM(F20:F26) -> 67111.02 | G27: =SUM(G20:G26) -> 342914.08 | H27: =SUM(H20:H26) -> 58543.64 | I27: =SUM(I20:I26) -> 342914.08 | J27: =SUM(J20:J26) -> 286599.55
B28: MATERIALES Y SUMINISTROS
B29: ALIMENTOS PARA PERSONAS | C29: 60936.45 | E29: 60936.45 | G29: 60936.45 | I29: 60936.45 | J29: 202940.25
B30: ACABADOS TEXTILES | C30: 600 | E30: 600 | G30: 600 | I30: 600
B31: PRODUCTOS DE PAPEL O CARTON | C31: 945.42 | E31: 945.42 | G31: 945.42 | I31: 945.42
B32: ELEMENTOS Y COMPUESTOS QUIMICOS | C32: 169652.57 | E32: 169652.57 | G32: 169652.57 | I32: 169652.57 | J32: 178282.05
B33: COMBUSTIBLES Y LUBRICANTES | C33: 912 | E33: 912 | G33: 912 | I33: 912
B34: PRODUCTOS MEDICINALES Y FARMACEUTICOS | C34: 427229.65 | E34: 427229.65 | G34: 427229.65 | I34: 427229.65 | J34: 1425199.8
B35: TINTES, PINTURAS Y COLORANTES | C35: 100 | E35: 100 | G35: 100 | I35: 100
B36: PRODUCTOS PLASTICOS, NYLON, VINIL Y PVC | C36: 13579.7 | E36: 13579.7 | G36: 13579.7 | I36: 13579.7 | J36: 75162.24
B37: OTROS PRODUCTOS METALICOS | C37: 310 | E37: 310 | G37: 310 | I37: 310
B38: UTILES DE LIMPIEZA Y PRODUCTOS SANITARIOS | C38: 10809.43 | E38: 10809.43 | G38: 10809.43 | I38: 10809.43 | J38: 14528.6
B39: UTILES MENORES MEDICO QUIRURGICOS Y DE LAB. | C39: 1780006.3 | E39: 1780006.3 | G39: 1780006.3 | I39: 1780006.3 | J39: 1545914.8
B40: UTILES, ACCESORIOS Y MATERIALES ELECTRICOS | C40: 2208.7 | E40: 2208.7 | G40: 2208.7 | I40: 2208.7 | J40: 15300
B41: ACCESORIOS Y REPUESTOS EN GENERAL | C41: 8105.1 | E41: 8105.1 | G41: 8105.1 | I41: 8105.1
B42: OTROS MATERIALES Y SUMINISTROS | C42: 165.5 | E42: 165.5 | G42: 165.5 | I42: 165.5
B43: TOTAL MATERIALES Y SUMINISTROS | C43: =SUM(C29:C42) -> 2475560.8 | D43: =SUM(D29:D42) -> 0 | E43: =SUM(E29:E42) -> 2475560.8 | F43: =SUM(F29:F42) -> 0 | G43: =SUM(G29:G42) -> 2475560.8 | H43: =SUM(H29:H42) -> 0 | I43: =SUM(I29:I42) -> 2475560.8 | J43: =SUM(J29:J42) -> 3457327.8
A46: Programación mensual por tipo de gasto año 2016, Expresado en Quetzales
A47: No. | B47: Categoría de Gasto | C47: Julio | E47: Agosto | G47: Septiembre
B48: Recurso Humano | C48: Pto. | D48: Real | E48: Pto. | F48: Real | G48: Pto. | H48: Real
B51: Gastos de Funcionamiento
B52: detallar cada gasto cargado
A60: TOTALES
A73: Programación mensual por tipo de gasto año 2018, Expresado en Quetzales segundo cuatrimestre 2018
A74: No. | B74: CATEGORIA DE GASTO | C74: MAYO | E74: JUNIO | G74: JULIO | I74: AGOSTO
C75: PRESUPUESTO | D75: REAL | E75: PRESUPUESTO | F75: REAL | G75: PRESUPUESTO | H75: REAL | I75: PRESUPUESTO | J75: REAL
B76: RECURSO HUMANO | C76: 1764858.4 | D76: 2281196.2 | E76: 1764858.4 | F76: 1896496.9
B78: GASTOS DE FUNCIONAMIENTO | C78: =+C86+C102 -> 2818474.9 | D78: =+D86+D102 -> 3820610.3 | E78: =+E86+E102 -> 2818474.9 | F78: =+F86+F102 -> 2361172.2 | G78: =+G86+G102 -> 0 | H78: =+H86+H102 -> 0 | I78: =+I86+I102 -> 0 | J78: =+J86+J102 -> 0
B79: ENERGIA ELECTRICA | C79: 62500 | D79: 138609.61 | E79: 62500
B80: TELEFONIA | C80: 7500 | D80: 9818.25 | E80: 7500 | F80: 9560.36
B81: IMPRESIÓN, ENCUADERNACION Y REPRODUCCION | C81: 8133.97 | E81: 8133.97 | F81: 39787
B82: MANT. Y REP. EQUIPO MEDICO SANITARIO Y DE LAB. | C82: 33333.33 | D82: 19161.8 | E82: 33333.33
B83: SERVICIOS MEDICO-SANITARIOS | C83: 165141.75 | D83: 4057.14 | E83: 165141.75 | F83: 184282.78
B84: SERVICIOS DE VIGILANCIA | C84: 40000 | D84: 38120 | E84: 40000 | F84: 38120
B85: OTROS SERVICIOS NO PERSONALES | C85: 26305.03 | D85: 48548.64 | E85: 26305.03 | F85: 44604
B86: SUMA GASTOS GENERALES | C86: =SUM(C79:C85) -> 342914.08 | D86: =SUM(D79:D85) -> 258315.44 | E86: =SUM(E79:E85) -> 342914.08 | F86: =SUM(F79:F85) -> 316354.14 | G86: =SUM(G79:G85) -> 0 | H86: =SUM(H79:H85) -> 0 | I86: =SUM(I79:I85) -> 0 | J86: =SUM(J79:J85) -> 0
B87: MATERIALES Y SUMINISTROS
B88: ALIMENTOS PARA PERSONAS | C88: 60936.45 | D88: 1023 | E88: 60936.45 | F88: 58023.7
B89: ACABADOS TEXTILES | C89: 600 | E89: 600
B90: PRODUCTOS DE PAPEL O CARTON | C90: 945.42 | E90: 945.42
B91: ELEMENTOS Y COMPUESTOS QUIMICOS | C91: 169652.57 | D91: 181188.84 | E91: 169652.57 | F91: 66957.58
B92: COMBUSTIBLES Y LUBRICANTES | C92: 912 | E92: 912
B93: PRODUCTOS MEDICINALES Y FARMACEUTICOS | C93: 427229.65 | D93: 535053.33 | E93: 427229.65 | F93: 261536.69
B94: TINTES, PINTURAS Y COLORANTES | C94: 100 | E94: 100
B95: PRODUCTOS PLASTICOS, NYLON, VINIL Y PVC | C95: 13579.7 | D95: 6224.76 | E95: 13579.7 | F95: 6630
B96: OTROS PRODUCTOS METALICOS | C96: 310 | D96: 3610 | E96: 310
B97: UTILES DE LIMPIEZA Y PRODUCTOS SANITARIOS | C97: 10809.43 | D97: 39404.76 | E97: 10809.43 | F97: 23463
B98: UTILES MENORES MEDICO QUIRURGICOS Y DE LAB. | C98: 1780006.3 | D98: 2752150.2 | E98: 1780006.3 | F98: 1617110.1
B99: UTILES, ACCESORIOS Y MATERIALES ELECTRICOS | C99: 2208.7 | E99: 2208.7 | F99: 11097
B100: ACCESORIOS Y REPUESTOS EN GENERAL | C100: 8105.1 | D100: 43640 | E100: 8105.1
B101: OTROS MATERIALES Y SUMINISTROS | C101: 165.5 | E101: 165.5
B102: TOTAL MATERIALES Y SUMINISTROS | C102: =SUM(C88:C101) -> 2475560.8 | D102: =SUM(D88:D101) -> 3562294.9 | E102: =SUM(E88:E101) -> 2475560.8 | F102: =SUM(F88:F101) -> 2044818 | G102: =SUM(G88:G101) -> 0 | H102: =SUM(H88:H101) -> 0 | I102: =SUM(I88:I101) -> 0 | J102: =SUM(J88:J101) -> 0
A123: Programación mensual por tipo de gasto año 2017, Expresado en Quetzales tercer cuatrimestre 2018
A124: No. | B124: CATEGORIA DE GASTO | C124: SEPTIEMBRE | E124: OCTUBRE | G124: NOVIEMBRE | I124: DICIEMBRE
C125: PRESUPUESTO | D125: REAL | E125: PRESUPUESTO | F125: REAL | G125: PRESUPUESTO | H125: REAL | I125: PRESUPUESTO | J125: REAL
B126: RECURSO HUMANO
B128: GASTOS DE FUNCIONAMIENTO | C128: =+C136+C152 -> 0 | D128: =+D136+D152 -> 0 | E128: =+E136+E152 -> 0 | F128: =+F136+F152 -> 0 | G128: =+G136+G152 -> 0 | H128: =+H136+H152 -> 0 | I128: =+I136+I152 -> 0 | J128: =+J136+J152 -> 0
B129: ENERGIA ELECTRICA
B130: TELEFONIA
B131: IMPRESIÓN, ENCUADERNACION Y REPRODUCCION
B132: MANT. Y REP. EQUIPO MEDICO SANITARIO Y DE LAB.
B133: SERVICIOS MEDICO-SANITARIOS
B134: SERVICIOS DE VIGILANCIA
B135: OTROS SERVICIOS NO PERSONALES
B136: SUMA GASTOS GENERALES | C136: =SUM(C129:C135) -> 0 | D136: =SUM(D129:D135) -> 0 | E136: =SUM(E129:E135) -> 0 | F136: =SUM(F129:F135) -> 0 | G136: =SUM(G129:G135) -> 0 | H136: =SUM(H129:H135) -> 0 | I136: =SUM(I129:I135) -> 0 | J136: =SUM(J129:J135) -> 0
B137: MATERIALES Y SUMINISTROS
B138: ALIMENTOS PARA PERSONAS
B139: AVABADOS TEXTILES
B140: PRODUCTOS DE PAPEL O CARTON
B141: ELEMENTOS Y COMPUESTOS QUIMICOS
B142: COMBUSTIBLES Y LUBRICANTES
B143: PRODUCTOS MEDICINALES Y FARMACEUTICOS
B144: TINTES, PINTURAS Y COLORANTES
B145: PRODUCTOS PLASTICOS, NYLON, VINIL Y PVC
B146: OTROS PRODUCTOS METALICOS
B147: UTILES DE LIMPIEZA Y PRODUCTOS SANITARIOS
B148: UTILES MENORES MEDICO QUIRURGICOS Y DE LAB.
... B151: OTROS MATERIALES Y SUMINISTROS
B152: TOTAL MATERIALES Y SUMINISTROS | C152: =SUM(C138:C151) -> 0 | D152: =SUM(D138:D151) -> 0 | E152: =SUM(E138:E151) -> 0 | F152: =SUM(F138:F151) -> 0 | G152: =SUM(G138:G151) -> 0 | H152: =SUM(H138:H151) -> 0 | I152: =SUM(I138:I151) -> 0 | J152: =SUM(J138:J151) -> 0
C177: PROGRAMACION POR TIPO DE GASTO AÑO 2023
C178: RESUMEN AL 30 DE SEPTIEMBRE 2023
C179: No. | D179: CATEGORIA DEL GASTO DE FUNCIONAMIENTO | E179: TOTAL ANUAL
E180: PRESUPUESTO | F180: COMPROMETIDO
C181: 011 | D181: RECURSO HUMANO | E181: =+'SEPTIEMBRE F-5'!C169 -> 32959683 | F181: =+'SEPTIEMBRE F-5'!D169 -> 32673171
...

Sheet SEPTIEMBRE F-6
B7: ÀREA FINANCIERA | J7: F-6
A9: UNIDAD DE CIRUGIA CARDIOVASCULAR DE GUATEMALA
A10: 5a. AVENIDA 6-22 ZONA 11
A11: CORREO ELECTRÓNICO Y TELÉFONO
A12: dgunicar@yahoo.es Tel. 24163000
A14: Ejecucion fìnanciera por categoria del gasto primer cuatrimestre 2023
A16: Categoría del gasto de funcionamiento | B16: Enero | D16: Febrero | F16: Marzo | H16: Abril | J16: Totales
B17: Prog. | C17: Ejecutado | D17: Prog. | E17: Ejecutado | F17: Prog. | G17: Ejecutado | H17: Prog. | I17: Ejecutado | J17: Prog. | K17: Ejecutado
A18: Recurso Humano | B18: 3361148.5 | C18: 2939970.1 | D18: 3361148.5 | E18: 2914006.4 | F18: 3361148.5 | G18: 4024889.6 | H18: 3361148.5 | I18: =2929171.29+358716.74 -> 3287888 | J18: =+B18+D18+F18+H18 -> 13444594 | K18: =+C18+E18+G18+I18 -> 13166754
A19: Gastos de operación | B19: 552569.77 | D19: 5817527.5 | E19: 135617.67 | F19: 848726.38 | G19: 1618801.8 | H19: 606473.63 | I19: 1614363.4 | J19: =+B19+D19+F19+H19 -> 7825297.3 | K19: =+C19+E19+G19+I19 -> 3368782.8
A20: Propiedad planta y equipo | J20: =+B20+D20+F20+H20 -> 0 | K20: =+C20+E20+G20+I20 -> 0
A21: TOTAL | B21: =SUM(B18:B20) -> 3913718.2 | C21: =SUM(C18:C20) -> 2939970.1 | D21: =SUM(D18:D20) -> 9178676 | E21: =SUM(E18:E20) -> 3049624.1 | F21: =SUM(F18:F20) -> 4209874.9 | G21: =SUM(G18:G20) -> 5643691.3 | H21: =SUM(H18:H20) -> 3967622.1 | I21: =SUM(I18:I20) -> 4902251.4 | ... K21: =SUM(K18:K20) -> 16535537
A23: Ejecucion fìnanciera por categoria del gasto segundo cuatrimestre 2023
A25: Categoría del gasto de funcionamiento | B25: Mayo | D25: Junio | F25: Julio | H25: Agosto | J25: Totales
B26: Prog. | C26: Ejecutado | D26: Prog. | E26: Ejecutado | F26: Prog. | G26: Ejecutado | H26: Prog. | I26: Ejecutado | J26: Prog. | K26: Ejecutado
A27: Recurso Humano | B27: 3361148.5 | C27: 3300467.4 | D27: 3361148.5 | E27: 3380648.2 | F27: 6070495.5 | G27: 5696595.4 | H27: 3361148.5 | I27: 3755859.3 | J27: =+B27+D27+F27+H27 -> 16153941 | K27: =+C27+E27+G27+I27 -> 16133570
A28: Gastos de operación | B28: 4893082.3 | C28: 1554870.2 | D28: 17602011 | E28: 3625974.8 | F28: 806742.88 | G28: 5272466.1 | H28: 591207.88 | I28: 2562957 | J28: =+B28+D28+F28+H28 -> 23893044 | K28: =+C28+E28+G28+I28 -> 13016268
A29: TOTAL | B29: =SUM(B27:B28) -> 8254230.8 | C29: =SUM(C27:C28) -> 4855337.6 | D29: =SUM(D27:D28) -> 20963159 | E29: =SUM(E27:E28) -> 7006623.1 | F29: =SUM(F27:F28) -> 6877238.3 | G29: =SUM(G27:G28) -> 10969062 | H29: =SUM(H27:H28) -> 3952356.4 | I29: =SUM(I27:I28) -> 6318816.3 | ... K29: =SUM(K27:K28) -> 29149839
A32: Ejecucion fìnanciera por categoria del gasto tercer cuatrimestre 2023
A34: Categoría del gasto de funcionamiento | B34: Septiembre | D34: Octubre | F34: Noviembre | H34: Diciembre | J34: Totales
B35: Prog. | C35: Ejecutado | D35: Prog. | E35: Ejecutado | F35: Prog. | G35: Ejecutado | H35: Prog. | I35: Ejecutado | J35: Prog. | K35: Ejecutado
A36: Recurso Humano | B36: 3361148.5 | C36: 3372846.1 | J36: =+B36+D36+F36+H36 -> 3361148.5 | K36: =+C36+E36+G36+I36 -> 3372846.1
A37: Gastos de operación | B37: 595521.89 | C37: =3829895.75+21000 -> 3850895.8 | J37: =+B37+D37+F37+H37 -> 595521.89 | K37: =+C37+E37+G37+I37 -> 3850895.8
A38: TOTAL | B38: =SUM(B36:B37) -> 3956670.4 | C38: =SUM(C36:C37) -> 7223741.8 | D38: =SUM(D36:D37) -> 0 | E38: =SUM(E36:E37) -> 0 | F38: =SUM(F36:F37) -> 0 | G38: =SUM(G36:G37) -> 0 | H38: =SUM(H36:H37) -> 0 | I38: =SUM(I36:I37) -> 0 | ... K38: =SUM(K36:K37) -> 7223741.8
A40: Resumen año 2023
A41: Categoría del gasto | B41: año 2023
B42: Presupuestado | C42: Ejecutado
A43: Recurso Humano | B43: =+J18+J27+J36 -> 32959683 | C43: =+K18+K27+K36 -> 32673171
A44: Gastos de operación | B44: =+J19+J28+J37 -> 32313863 | C44: =+K19+K28+K37 -> 20235947
A45: TOTAL | B45: =SUM(B43:B44) -> 65273546 | C45: =SUM(C43:C44) -> 52909117
A69: Elaborado por: | C69: ___________________________ | F69: Autorizado por: | H69: ___________________________________
C70: Víctor Cresencio Reyes Porres | H70: Lic. Douglas Antonio Díaz Rivera
C71: Jefe de Contabilidad | H71: Representante Legal
A72: Fecha: | C72: 10 de octubre 2023

Sheet OCTUBRE F-5 CONV. 09-2023
B8: ÀREA FINANCIERA | K8: F-5
A10: UNIDAD DE CIRUGIA CARDIOVASCULAR DE GUATEMALA
A11: 5a. AVENIDA 6-22 ZONA 11
A12: dgunicar@yahoo.es Tel. 24163000
A14: Programación y ejecucion mensual por tipo de gasto año 2023, Expresado en Quetzales primer cuatrimestre 2023
A15: No. | B15: CATEGORIA DEL GASTO DE FUNCIONAMIENTO | C15: ENERO | E15: FEBRERO | G15: MARZO | I15: ABRIL | K15: TOTAL CUATRIMESTRE
C16: PROG. | D16: EJECUTADO | E16: PROG. | F16: EJECUTADO | G16: PROG. | H16: EJECUTADO | I16: PROG. | J16: EJECUTADO | K16: PROG. | L16: EJECUTADO
B17: RECURSO HUMANO
A18: 011 | B18: SUELOS Y SALARIOS | C18: 3361148.5 | D18: 2939970.1 | E18: 3361148.5 | F18: 2914006.4 | G18: 3361148.5 | H18: 2948436.8 | I18: 3361148.5 | J18: 2929171.3 | K18: =+C18+E18+G18+I18 -> 13444594 | L18: =+D18+F18+H18+J18 -> 11731585
B19: CUOTA PATRONAL | H19: 1076452.8 | J19: 358716.74 | L19: =+D19+F19+H19+J19 -> 1435169.6
B20: TOTAL RECURSO HUMANO | C20: =SUM(C18:C19) -> 3361148.5 | D20: =SUM(D18:D19) -> 2939970.1 | E20: =SUM(E18:E19) -> 3361148.5 | F20: =SUM(F18:F19) -> 2914006.4 | G20: =SUM(G18:G19) -> 3361148.5 | H20: =SUM(H18:H19) -> 4024889.6 | I20: =SUM(I18:I19) -> 3361148.5 | J20: =SUM(J18:J19) -> 3287888 | ... L20: =SUM(L18:L19) -> 13166754
B22: GASTOS DE OPERACIÓN
A23: 111 | B23: ENERGIA ELECTRICA | C23: 0 | D23: 0 | E23: 88000 | F23: 0 | G23: 88000 | H23: 87425.59 | I23: 88000 | J23: 100265.42 | K23: =+C23+E23+G23+I23 -> 264000 | L23: =+D23+F23+H23+J23 -> 187691.01
A24: 113 | B24: SERVICIO DE INTERNET Y TELEFONIA | C24: 0 | D24: 0 | E24: 11585.06 | F24: 8525.7 | G24: 11585.06 | H24: 11440.41 | I24: 11585.06 | J24: 11412.67 | K24: =+C24+E24+G24+I24 -> 34755.18 | L24: =+D24+F24+H24+J24 -> 31378.78
A25: 122 | B25: IMPRESIÓN, ENCUADERNACION Y REPRODUCCION | C25: 0 | D25: 0 | E25: 68124.37 | F25: 0 | G25: 0 | H25: 440 | I25: 0 | J25: 42472.5 | K25: =+C25+E25+G25+I25 -> 68124.37 | L25: =+D25+F25+H25+J25 -> 42912.5
A26: 163 | B26: MANT. Y REP. EQUIPO MEDICO SANITARIO Y DE LAB. | C26: 50000 | D26: 0 | E26: =16335+50000 -> 66335 | F26: 0 | G26: =214550+50000 -> 264550 | H26: 6400.89 | I26: 50000 | J26: 133312.11 | K26: =+C26+E26+G26+I26 -> 430885 | L26: =+D26+F26+H26+J26 -> 139713
A27: 168 | B27: MANTENIMIENTO Y REPARACION DE EQUIPO DE COMPUTO | C27: 0 | D27: 0 | E27: 0 | F27: 0 | G27: 0 | H27: 0 | I27: 0 | J27: 0 | K27: =+C27+E27+G27+I27 -> 0 | L27: =+D27+F27+H27+J27 -> 0
A28: 169 | B28: MANT. Y REP. DE OTRAS MAQ. Y EQUIPO | C28: 10000 | D28: 0 | E28: 0 | F28: 0 | G28: 0 | H28: 0 | I28: 0 | J28: 0 | K28: =+C28+E28+G28+I28 -> 10000 | L28: =+D28+F28+H28+J28 -> 0
A29: 171 | B29: MANT. Y REPARACION DE EDIFICIOS | C29: 10000 | D29: 0 | E29: 0 | F29: 0 | G29: 8140 | H29: 0 | I29: 1320 | J29: 7400 | K29: =+C29+E29+G29+I29 -> 19460 | L29: =+D29+F29+H29+J29 -> 7400
A30: 174 | B30: MANT. Y REP. DE INSTALACIONES | C30: 15765.66 | D30: 0 | E30: 5765.66 | F30: 5765.66 | G30: 7265.66 | H30: 5765.66 | I30: 7265.66 | J30: 5765.66 | K30: =+C30+E30+G30+I30 -> 36062.64 | L30: =+D30+F30+H30+J30 -> 17296.98
A31: 182 | B31: SERVICIOS MEDICO-SANITARIOS | C31: 278286 | D31: 0 | E31: 274686 | F31: 50615 | G31: 277086 | H31: 257315 | I31: 266886 | J31: 288696 | K31: =+C31+E31+G31+I31 -> 1096944 | L31: =+D31+F31+H31+J31 -> 596626
A32: 197 | B32: SERVICIOS DE VIGILANCIA | C32: 0 | D32: 0 | E32: 43200 | F32: 0 | G32: 43200 | H32: 42000 | I32: 43200 | J32: 42000 | K32: =+C32+E32+G32+I32 -> 129600 | L32: =+D32+F32+H32+J32 -> 84000
A33: 199 | B33: OTROS SERVICIOS NO PERSONALES | C33: 60838.7 | D33: 0 | E33: 147087.5 | F33: 8200.8 | G33: 48537.5 | H33: 69332.8 | I33: 48537.5 | J33: 58547.1 | K33: =+C33+E33+G33+I33 -> 305001.2 | L33: =+D33+F33+H33+J33 -> 136080.7
A34: 211 | B34: ALIMENTOS PARA PERSONAS | C34: 37249 | D34: 0 | E34: 47931.75 | F34: 0 | G34: 47931.75 | H34: 59267.75 | I34: 37249 | J34: 51050.5 | K34: =+C34+E34+G34+I34 -> 170361.5 | L34: =+D34+F34+H34+J34 -> 110318.25
A35: 232 | B35: ACABADOS TEXTILES | C35: 0 | D35: 0 | E35: 86640 | F35: 0 | G35: 0 | H35: 0 | I35: 0 | J35: 0 | K35: =+C35+E35+G35+I35 -> 86640 | L35: =+D35+F35+H35+J35 -> 0
A36: 261 | B36: ELEMENTOS Y COMPUESTOS QUIMICOS | C36: 0 | D36: 0 | E36: 826396.92 | F36: 62510.51 | G36: 0 | H36: 64391.24 | I36: 0 | J36: 162057.62 | K36: =+C36+E36+G36+I36 -> 826396.92 | L36: =+D36+F36+H36+J36 -> 288959.37
A37: 262 | B37: COMBUSTIBLES Y LUBRICANTES | C37: 7947.35 | D37: 0 | E37: 0 | F37: 0 | G37: 0 | H37: 0 | I37: 0 | J37: 0 | K37: =+C37+E37+G37+I37 -> 7947.35 | L37: =+D37+F37+H37+J37 -> 0
A38: 266 | B38: PRODUCTOS MEDICINALES Y FARMACEUTICOS | C38: 0 | D38: 0 | E38: 619212.26 | F38: 0 | G38: 0 | H38: 186614 | I38: 0 | J38: 131300 | K38: =+C38+E38+G38+I38 -> 619212.26 | L38: =+D38+F38+H38+J38 -> 317914
... A45: 297 | B45: UTILES, ACCESORIOS Y MATERIALES ELECTRICOS | C45: 10000 | D45: 0 | E45: 8945.44 | F45: 0 | G45: 0 | H45: 0 | I45: 0 | J45: 16586.2 | K45: =+C45+E45+G45+I45 -> 18945.44 | L45: =+D45+F45+H45+J45 -> 16586.2
A46: 298 | B46: ACCESORIOS Y REPUESTOS EN GENERAL | C46: 33333.33 | D46: 0 | E46: =33333.33+9801.67 -> 43135 | F46: 0 | G46: 33333.33 | H46: 12500 | I46: 33333.33 | J46: 73419.55 | K46: =+C46+E46+G46+I46 -> 143134.99 | L46: =+D46+F46+H46+J46 -> 85919.55
A47: 299 | B47: OTROS MATERIALES Y SUMINISTROS | C47: 19097.08 | D47: 0 | E47: 19097.08 | F47: 0 | G47: 19097.08 | H47: 0 | I47: 19097.08 | J47: 11561.43 | K47: =+C47+E47+G47+I47 -> 76388.32 | L47: =+D47+F47+H47+J47 -> 11561.43
A48: 323 | B48: EQUIPO MEDICO-SANITARIO Y DE LABORATORIO | C48: 0 | D48: 0 | E48: 0 | F48: 0 | G48: 0 | H48: 0 | I48: 0 | J48: 0 | K48: =+C48+E48+G48+I48 -> 0 | L48: =+D48+F48+H48+J48 -> 0
B49: TOTAL GASTOS DE OPERACIÓN | C49: =SUM(C23:C48) -> 551427.17 | D49: =SUM(D23:D48) -> 0 | E49: =SUM(E23:E48) -> 5633937.6 | F49: =SUM(F23:F48) -> 135617.67 | G49: =SUM(G23:G48) -> 848726.38 | H49: =SUM(H23:H48) -> 1618801.8 | I49: =SUM(I23:I48) -> 606473.63 | J49: =SUM(J23:J48) -> 1614363.4 | ... L49: =SUM(L23:L48) -> 3368782.8
B50: TOTAL GENERAL | C50: =+C49+C20 -> 3912575.6 | D50: =+D49+D20 -> 2939970.1 | E50: =+E49+E20 -> 8995086 | F50: =+F49+F20 -> 3049624.1 | G50: =+G49+G20 -> 4209874.8 | H50: =+H49+H20 -> 5643691.3 | I50: =+I49+I20 -> 3967622.1 | J50: =+J49+J20 -> 4902251.4 | ... L50: =+L49+L20 -> 16535537
A56: Programación y ejecucion mensual por tipo de gasto año 2023, Expresado en Quetzales segundo cuatrimestre 2023
A57: No. | B57: =+B15 -> CATEGORIA DEL GASTO DE FUNCIONAMIENTO | C57: MAYO | E57: JUNIO | G57: JULIO | I57: AGOSTO | K57: TOTAL CUATRIMESTRE
C58: PROG. | D58: EJECUTADO | E58: PROG. | F58: EJECUTADO | G58: PROG. | H58: EJECUTADO | I58: PROG. | J58: EJECUTADO | K58: PROG. | L58: EJECUTADO
A59: 011 | B59: RECURSO HUMANO
B60: SUELOS Y SALARIOS | C60: 3361148.5 | D60: 2940365.1 | E60: 3361148.5 | F60: 3011624.1 | G60: 6070495.5 | H60: 3028479 | I60: 3361148.5 | J60: 3015901.4 | K60: =+C60+E60+G60+I60 -> 16153941 | L60: =+D60+F60+H60+J60 -> 11996370
B61: BONO 14 | H61: 2668116.4 | J61: 0 | L61: =+D61+F61+H61+J61 -> 2668116.4
B62: CUOTA PATRONAL | D62: 360102.28 | F62: 369024.16 | H62: 0 | J62: 739957.97 | L62: =+D62+F62+H62+J62 -> 1469084.4
B63: TOTAL RECURSO HUMANO | C63: =SUM(C60:C62) -> 3361148.5 | D63: =SUM(D60:D62) -> 3300467.4 | E63: =SUM(E60:E62) -> 3361148.5 | F63: =SUM(F60:F62) -> 3380648.2 | G63: =SUM(G60:G62) -> 6070495.5 | H63: =SUM(H60:H62) -> 5696595.4 | I63: =SUM(I60:I62) -> 3361148.5 | J63: =SUM(J60:J62) -> 3755859.3 | ... L63: =SUM(L60:L62) -> 16133570
B65: GASTOS DE OPERACIÓN
A66: 111 | B66: ENERGIA ELECTRICA | C66: 88000 | D66: 97538.98 | E66: 88000 | F66: 107910.41 | G66: 88000 | H66: 101929.93 | I66: 88000 | J66: 100438.7 | K66: =+C66+E66+G66+I66 -> 352000 | L66: =+D66+F66+H66+J66 -> 407818.02
A67: 113 | B67: SERVICIO DE INTERNET Y TELEFONIA | C67: 11585.06 | D67: 11401.8 | E67: 11585.06 | F67: 11464.57 | G67: 11585.06 | H67: 11458.71 | I67: 11585.06 | J67: 11479.01 | K67: =+C67+E67+G67+I67 -> 46340.24 | L67: =+D67+F67+H67+J67 -> 45804.09
A68: 122 | B68: IMPRESIÓN, ENCUADERNACION Y REPRODUCCION | C68: 0 | D68: 11495 | E68: 0 | F68: 4070 | G68: 0 | H68: 2343 | I68: 0 | J68: 0 | K68: =+C68+E68+G68+I68 -> 0 | L68: =+D68+F68+H68+J68 -> 17908
A69: 163 | B69: MANT. Y REP. EQUIPO MEDICO SANITARIO Y DE LAB. | C69: =35375+50000 -> 85375 | D69: 68707 | E69: =18575+50000 -> 68575 | F69: 53647.66 | G69: =176415+50000 -> 226415 | H69: 53986 | I69: 50000 | J69: 89559.56 | K69: =+C69+E69+G69+I69 -> 430365 | L69: =+D69+F69+H69+J69 -> 265900.22
A70: 168 | B70: MANTENIMIENTO Y REPARACION DE EQUIPO DE COMPUTO | C70: 0 | D70: 0 | E70: 0 | F70: 0 | G70: 0 | H70: 0 | I70: 0 | J70: 0 | K70: =+C70+E70+G70+I70 -> 0 | L70: =+D70+F70+H70+J70 -> 0
A71: 169 | B71: MANT. Y REP. DE OTRAS MAQ. Y EQUIPO | C71: 14550 | D71: 0 | E71: 0 | F71: 0 | G71: 0 | H71: 13150 | I71: 0 | J71: 0 | K71: =+C71+E71+G71+I71 -> 14550 | L71: =+D71+F71+H71+J71 -> 13150
A72: 171 | B72: MANT. Y REPARACION DE EDIFICIOS | C72: 1320 | D72: 6852.5 | E72: 1320 | F72: 1200 | G72: 8140 | H72: 1200 | I72: 1320 | J72: 1200 | K72: =+C72+E72+G72+I72 -> 12100 | L72: =+D72+F72+H72+J72 -> 10452.5
A73: 174 | B73: MANT. Y REP. DE INSTALACIONES | C73: 29765.66 | D73: 7115.66 | E73: 7265.66 | F73: 7115.66 | G73: 7265.66 | H73: 8465.66 | I73: 7265.66 | J73: 7115.66 | K73: =+C73+E73+G73+I73 -> 51562.64 | L73: =+D73+F73+H73+J73 -> 29812.64
A74: 182 | B74: SERVICIOS MEDICO-SANITARIOS | C74: 296886 | D74: 333329 | E74: 277686 | F74: 281256 | G74: 270486 | H74: 328677 | I74: 281886 | J74: 292049 | K74: =+C74+E74+G74+I74 -> 1126944 | L74: =+D74+F74+H74+J74 -> 1235311
A75: 197 | B75: SERVICIOS DE VIGILANCIA | C75: 38400 | D75: 0 | E75: 0 | F75: 0 | G75: 0 | H75: 0 | I75: 0 | J75: 0 | K75: =+C75+E75+G75+I75 -> 38400 | L75: =+D75+F75+H75+J75 -> 0
A76: 199 | B76: OTROS SERVICIOS NO PERSONALES | C76: 50789 | D76: 65496.54 | E76: 52839.2 | F76: 63814.1 | G76: 94489 | H76: 62879.9 | I76: 50789 | J76: 63494.2 | K76: =+C76+E76+G76+I76 -> 248906.2 | L76: =+D76+F76+H76+J76 -> 255684.74
A77: 211 | B77: ALIMENTOS PARA PERSONAS | C77: 47931.75 | D77: 52824.75 | E77: 47931.75 | F77: 57095.75 | G77: 47931.75 | H77: 25463 | I77: 28698.25 | J77: 12343.25 | K77: =+C77+E77+G77+I77 -> 172493.5 | L77: =+D77+F77+H77+J77 -> 147726.75
A78: 232 | B78: ACABADOS TEXTILES | C78: 86640 | D78: 0 | E78: 0 | F78: 20798 | G78: 0 | H78: 0 | I78: 0 | J78: 45825 | K78: =+C78+E78+G78+I78 -> 86640 | L78: =+D78+F78+H78+J78 -> 66623
A79: 261 | B79: ELEMENTOS Y COMPUESTOS QUIMICOS | C79: 0 | D79: 64332.02 | E79: 0 | F79: 0 | G79: 0 | H79: 109281.64 | I79: 0 | J79: 20458.96 | K79: =+C79+E79+G79+I79 -> 0 | L79: =+D79+F79+H79+J79 -> 194072.62
A80: 262 | B80: COMBUSTIBLES Y LUBRICANTES | C80: 0 | D80: 0 | E80: 0 | F80: 0 | G80: 0 | H80: 0 | I80: 0 | J80: 7947.35 | K80: =+C80+E80+G80+I80 -> 0 | L80: =+D80+F80+H80+J80 -> 7947.35
A81: 266 | B81: PRODUCTOS MEDICINALES Y FARMACEUTICOS | C81: 810000 | D81: 4050 | E81: 0 | F81: 816961.68 | G81: 0 | H81: 36650 | I81: 0 | J81: 48691.5 | K81: =+C81+E81+G81+I81 -> 810000 | L81: =+D81+F81+H81+J81 -> 906353.18
... A90: 299 | B90: OTROS MATERIALES Y SUMINISTROS | C90: 19097.08 | D90: 37258.03 | E90: 19097.08 | F90: 11113.48 | G90: 19097.08 | H90: 70056.06 | I90: 19097.08 | J90: 87874.5 | K90: =+C90+E90+G90+I90 -> 76388.32 | L90: =+D90+F90+H90+J90 -> 206302.07
A91: 323 | B91: EQUIPO MEDICO-SANITARIO Y DE LABORATORIO | C91: 2500000 | D91: 0 | F91: 68000 | G91: 0 | H91: 73920 | I91: 0 | J91: 0 | K91: =+C91+E91+G91+I91 -> 2500000 | L91: =+D91+F91+H91+J91 -> 141920
B92: TOTAL GASTOS DE OPERACIÓN | C92: =SUM(C66:C91) -> 4888282.3 | D92: =SUM(D66:D91) -> 1554870.2 | E92: =SUM(E66:E91) -> 17602011 | F92: =SUM(F66:F91) -> 3625974.8 | G92: =SUM(G66:G91) -> 806742.88 | H92: =SUM(H66:H91) -> 5272466.1 | I92: =SUM(I66:I91) -> 571974.38 | J92: =SUM(J66:J91) -> 2562957 | ... L92: =SUM(L66:L91) -> 13016268
B93: TOTAL GENERAL | C93: =+C92+C63 -> 8249430.8 | D93: =+D92+D63 -> 4855337.6 | E93: =+E92+E63 -> 20963159 | F93: =+F92+F63 -> 7006623.1 | G93: =+G92+G63 -> 6877238.3 | H93: =+H92+H63 -> 10969062 | I93: =+I92+I63 -> 3933122.9 | J93: =+J92+J63 -> 6318816.3 | ... L93: =+L92+L63 -> 29149839
A111: Programación y ejecucion mensual por tipo de gasto año 2023, Expresado en Quetzales tercer cuatrimestre 2023
A112: No. | B112: CATEGORIA DE GASTO | C112: SEPTIEMBRE | E112: OCTUBRE | G112: NOVIEMBRE | I112: DICIEMBRE | K112: TOTAL CUATRIMESTRE
C113: PROG. | D113: EJECUTADO | E113: PROG. | F113: EJECUTADO | G113: PROG. | H113: EJECUTADO | I113: PROG. | J113: EJECUTADO | K113: PROG. | L113: EJECUTADO
A114: 011 | B114: RECURSO HUMANO
B115: SUELOS Y SALARIOS | C115: 3361148.5 | D115: =3372846.06-368538.34 -> 3004307.7 | E115: 3361148.5 | F115: =3012401.02-53.4 -> 3012347.6 | K115: =+C115+E115+G115+I115 -> 6722296.9 | L115: =+D115+F115+H115+J115 -> 6016655.3
B116: CUOTA PATRONAL | C116: 0 | D116: 368538.34 | F116: 368809.02 | K116: =+C116+E116+G116+I116 -> 0 | L116: =+D116+F116+H116+J116 -> 737347.36
B117: TOTAL RECURSO HUMANO | C117: =SUM(C115:C116) -> 3361148.5 | D117: =SUM(D115:D116) -> 3372846.1 | E117: =SUM(E115:E116) -> 3361148.5 | F117: =SUM(F115:F116) -> 3381156.6 | G117: =SUM(G115:G116) -> 0 | H117: =SUM(H115:H116) -> 0 | I117: =SUM(I115:I116) -> 0 | J117: =SUM(J115:J116) -> 0 | ... L117: =SUM(L115:L116) -> 6754002.7
B119: GASTOS DE FUNCIONAMIENTO
A120: 111 | B120: ENERGIA ELECTRICA | C120: 88000 | D120: 102900.73 | E120: 146423.58 | F120: 100663.29 | K120: =+C120+E120+G120+I120 -> 234423.58 | L120: =+D120+F120+H120+J120 -> 203564.02
A121: 113 | B121: SERVICIO DE INTERNET Y TELEFONIA | C121: 11585.06 | D121: 11467.41 | E121: 11067.77 | F121: 11449.66 | K121: =+C121+E121+G121+I121 -> 22652.83 | L121: =+D121+F121+H121+J121 -> 22917.07
A122: 122 | B122: IMPRESIÓN, ENCUADERNACION Y REPRODUCCION | C122: 0 | D122: 0 | E122: 0 | F122: 5640 | K122: =+C122+E122+G122+I122 -> 0 | L122: =+D122+F122+H122+J122 -> 5640
A123: 163 | B123: MANT. Y REP. EQUIPO MEDICO SANITARIO Y DE LAB. | C123: =62900+50000 -> 112900 | D123: 54054.44 | E123: 20144.13 | F123: 15450 | K123: =+C123+E123+G123+I123 -> 133044.13 | L123: =+D123+F123+H123+J123 -> 69504.44
A124: 168 | B124: MANTENIMIENTO Y REPARACION DE EQUIPO DE COMPUTO | C124: 0 | D124: 0 | E124: 0 | F124: 0 | K124: =+C124+E124+G124+I124 -> 0 | L124: =+D124+F124+H124+J124 -> 0
A125: 169 | B125: MANT. Y REP. DE OTRAS MAQ. Y EQUIPO | C125: 0 | D125: 0 | E125: 0 | F125: 0 | K125: =+C125+E125+G125+I125 -> 0 | L125: =+D125+F125+H125+J125 -> 0
A126: 171 | B126: MANT. Y REPARACION DE EDIFICIOS | C126: 1320 | D126: 7400 | E126: 1284.17 | F126: 8135 | K126: =+C126+E126+G126+I126 -> 2604.17 | L126: =+D126+F126+H126+J126 -> 15535
A127: 174 | B127: MANT. Y REP. DE INSTALACIONES | C127: 7265.66 | D127: 29615.66 | E127: 7265.66 | F127: 5765.66 | K127: =+C127+E127+G127+I127 -> 14531.32 | L127: =+D127+F127+H127+J127 -> 35381.32
A128: 182 | B128: SERVICIOS MEDICO-SANITARIOS | C128: 198300 | D128: 323108 | E128: 172889 | F128: 275995 | K128: =+C128+E128+G128+I128 -> 371189 | L128: =+D128+F128+H128+J128 -> 599103
A129: 197 | B129: SERVICIOS DE VIGILANCIA | C129: 0 | D129: 0 | E129: 0 | F129: 0 | K129: =+C129+E129+G129+I129 -> 0 | L129: =+D129+F129+H129+J129 -> 0
A130: 199 | B130: OTROS SERVICIOS NO PERSONALES | C130: 50789 | D130: 59720.61 | E130: 38875.8 | F130: 61994.54 | K130: =+C130+E130+G130+I130 -> 89664.8 | L130: =+D130+F130+H130+J130 -> 121715.15
A131: 211 | B131: ALIMENTOS PARA PERSONAS | C131: 0 | D131: 0 | E131: 0 | F131: 84651 | K131: =+C131+E131+G131+I131 -> 0 | L131: =+D131+F131+H131+J131 -> 84651
A132: 232 | B132: ACABADOS TEXTILES | C132: 11533 | D132: 0 | E132: 0 | F132: 2625 | K132: =+C132+E132+G132+I132 -> 11533 | L132: =+D132+F132+H132+J132 -> 2625
A133: 261 | B133: ELEMENTOS Y COMPUESTOS QUIMICOS | C133: 0 | D133: 72046.69 | E133: 0 | F133: 54856.92 | K133: =+C133+E133+G133+I133 -> 0 | L133: =+D133+F133+H133+J133 -> 126903.61
A134: 262 | B134: COMBUSTIBLES Y LUBRICANTES | C134: 0 | D134: 0 | E134: 0 | F134: 0 | K134: =+C134+E134+G134+I134 -> 0 | L134: =+D134+F134+H134+J134 -> 0
A135: 266 | B135: PRODUCTOS MEDICINALES Y FARMACEUTICOS | C135: 0 | D135: 0 | E135: 19956.14 | F135: 84965 | K135: =+C135+E135+G135+I135 -> 19956.14 | L135: =+D135+F135+H135+J135 -> 84965
... A145: 323 | B145: EQUIPO MEDICO-SANITARIO Y DE LABORATORIO | C145: 0 | D145: 21000 | E145: 0 | F145: 0 | K145: =+C145+E145+G145+I145 -> 0 | L145: =+D145+F145+H145+J145 -> 21000
B146: TOTAL GASTOS DE FUNCIONAMIENTO | C146: =SUM(C120:C145) -> 534123.14 | D146: =SUM(D120:D145) -> 3850895.8 | E146: =SUM(E120:E145) -> 629772.57 | F146: =SUM(F120:F145) -> 2347200.1 | G146: =SUM(G120:G145) -> 0 | H146: =SUM(H120:H145) -> 0 | I146: =SUM(I120:I145) -> 0 | J146: =SUM(J120:J145) -> 0 | ... L146: =SUM(L120:L145) -> 6198095.8
B147: TOTAL GENERAL | C147: =+C146+C117 -> 3895271.6 | D147: =+D146+D117 -> 7223741.8 | E147: =+E146+E117 -> 3990921 | F147: =+F146+F117 -> 5728356.7 | G147: =+G146+G117 -> 0 | H147: =+H146+H117 -> 0 | I147: =+I146+I117 -> 0 | J147: =+J146+J117 -> 0 | ... L147: =+L146+L117 -> 12952099
B167: RESUMEN AÑO 2023
A168: No. | B168: CATEGORIA DE GASTO | C168: TOTAL ANUAL
C169: PRESUPUESTO | D169: REAL
A170: 011 | B170: RECURSO HUMANO | C170: =+K20+K63+K117 -> 36320832 | D170: =+L20+L63+L117 -> 36054327
B172: GASTOS DE OPERACIÓN
A173: 111 | B173: ENERGIA ELECTRICA | C173: =+K23+K66+K120 -> 850423.58 | D173: =+L23+L66+L120 -> 799073.05
A174: 113 | B174: TELEFONIA | C174: =+K24+K67+K121 -> 103748.25 | D174: =+L24+L67+L121 -> 100099.94
A175: 122 | B175: IMPRESIÓN, ENCUADERNACION Y REPRODUCCION | C175: =+K25+K68+K122 -> 68124.37 | D175: =+L25+L68+L122 -> 66460.5
A176: 163 | B176: MANT. Y REP. EQUIPO MEDICO SANITARIO Y DE LAB. | C176: =+K26+K69+K123 -> 994294.13 | D176: =+L26+L69+L123 -> 475117.66
A177: 168 | B177: MANTENIMIENTO Y REPARACION DE EQUIPO DE COMPUTO | C177: =+K27+K70+K124 -> 0 | D177: =+L27+L70+L124 -> 0
...

Sheet OCTUBRE ANEXO A F-5 CON 09-2023
B8: ÀREA FINANCIERA | I8: ANEXO DE F-5
A10: UNIDAD DE CIRUGIA CARDIOVASCULAR DE GUATEMALA
A11: 5a. AVENIDA 6-22 ZONA 11
A12: dgunicar@yahoo.es Tel. 24163000
A14: Programación mensual por tipo de gasto año 2018, Expresado en Quetzales primer cuatrimestre 2018
A15: No. | B15: CATEGORIA DE GASTO | C15: ENERO | E15: FEBRERO | G15: MARZO | I15: ABRIL
C16: PRESUPUESTO | D16: REAL | E16: PRESUPUESTO | F16: REAL | G16: PRESUPUESTO | H16: REAL | I16: PRESUPUESTO | J16: REAL
B17: RECURSO HUMANO | C17: 1764858.4 | D17: 1492317.4 | E17: 1764858.4 | F17: 1792563.6 | G17: 1764858.4 | H17: 1578007.9 | I17: 1764858.4 | J17: 1803793.6
B19: GASTOS DE FUNCIONAMIENTO | C19: =+C27+C43 -> 2818474.9 | D19: =+D27+D43 -> 0 | E19: =+E27+E43 -> 2818474.9 | F19: =+F27+F43 -> 67111.02 | G19: =+G27+G43 -> 2818474.9 | H19: =+H27+H43 -> 58543.64 | I19: =+I27+I43 -> 2818474.9 | J19: =+J27+J43 -> 3743927.3
B20: ENERGIA ELECTRICA | C20: 62500 | E20: 62500 | F20: 56112.02 | G20: 62500 | I20: 62500 | J20: 68083.01
B21: TELEFONIA | C21: 7500 | E21: 7500 | F21: 10999 | G21: 7500 | H21: 11011 | I21: 7500 | J21: 10992
B22: IMPRESIÓN, ENCUADERNACION Y REPRODUCCION | C22: 8133.97 | E22: 8133.97 | G22: 8133.97 | I22: 8133.97 | J22: 4358
B23: MANT. Y REP. EQUIPO MEDICO SANITARIO Y DE LAB. | C23: 33333.33 | E23: 33333.33 | G23: 33333.33 | I23: 33333.33 | J23: 45020
B24: SERVICIOS MEDICO-SANITARIOS | C24: 165141.75 | E24: 165141.75 | G24: 165141.75 | H24: 1000 | I24: 165141.75 | J24: 26842.86
B25: SERVICIOS DE VIGILANCIA | C25: 40000 | E25: 40000 | G25: 40000 | I25: 40000 | J25: 76240
B26: OTROS SERVICIOS NO PERSONALES | C26: 26305.03 | E26: 26305.03 | G26: 26305.03 | H26: 46532.64 | I26: 26305.03 | J26: 55063.68
B27: SUMA GASTOS GENERALES | C27: =SUM(C20:C26) -> 342914.08 | D27: =SUM(D20:D26) -> 0 | E27: =SUM(E20:E26) -> 342914.08 | F27: =SUM(F20:F26) -> 67111.02 | G27: =SUM(G20:G26) -> 342914.08 | H27: =SUM(H20:H26) -> 58543.64 | I27: =SUM(I20:I26) -> 342914.08 | J27: =SUM(J20:J26) -> 286599.55
B28: MATERIALES Y SUMINISTROS
B29: ALIMENTOS PARA PERSONAS | C29: 60936.45 | E29: 60936.45 | G29: 60936.45 | I29: 60936.45 | J29: 202940.25
B30: ACABADOS TEXTILES | C30: 600 | E30: 600 | G30: 600 | I30: 600
B31: PRODUCTOS DE PAPEL O CARTON | C31: 945.42 | E31: 945.42 | G31: 945.42 | I31: 945.42
B32: ELEMENTOS Y COMPUESTOS QUIMICOS | C32: 169652.57 | E32: 169652.57 | G32: 169652.57 | I32: 169652.57 | J32: 178282.05
B33: COMBUSTIBLES Y LUBRICANTES | C33: 912 | E33: 912 | G33: 912 | I33: 912
B34: PRODUCTOS MEDICINALES Y FARMACEUTICOS | C34: 427229.65 | E34: 427229.65 | G34: 427229.65 | I34: 427229.65 | J34: 1425199.8
B35: TINTES, PINTURAS Y COLORANTES | C35: 100 | E35: 100 | G35: 100 | I35: 100
B36: PRODUCTOS PLASTICOS, NYLON, VINIL Y PVC | C36: 13579.7 | E36: 13579.7 | G36: 13579.7 | I36: 13579.7 | J36: 75162.24
B37: OTROS PRODUCTOS METALICOS | C37: 310 | E37: 310 | G37: 310 | I37: 310
B38: UTILES DE LIMPIEZA Y PRODUCTOS SANITARIOS | C38: 10809.43 | E38: 10809.43 | G38: 10809.43 | I38: 10809.43 | J38: 14528.6
B39: UTILES MENORES MEDICO QUIRURGICOS Y DE LAB. | C39: 1780006.3 | E39: 1780006.3 | G39: 1780006.3 | I39: 1780006.3 | J39: 1545914.8
B40: UTILES, ACCESORIOS Y MATERIALES ELECTRICOS | C40: 2208.7 | E40: 2208.7 | G40: 2208.7 | I40: 2208.7 | J40: 15300
B41: ACCESORIOS Y REPUESTOS EN GENERAL | C41: 8105.1 | E41: 8105.1 | G41: 8105.1 | I41: 8105.1
B42: OTROS MATERIALES Y SUMINISTROS | C42: 165.5 | E42: 165.5 | G42: 165.5 | I42: 165.5
B43: TOTAL MATERIALES Y SUMINISTROS | C43: =SUM(C29:C42) -> 2475560.8 | D43: =SUM(D29:D42) -> 0 | E43: =SUM(E29:E42) -> 2475560.8 | F43: =SUM(F29:F42) -> 0 | G43: =SUM(G29:G42) -> 2475560.8 | H43: =SUM(H29:H42) -> 0 | I43: =SUM(I29:I42) -> 2475560.8 | J43: =SUM(J29:J42) -> 3457327.8
A46: Programación mensual por tipo de gasto año 2016, Expresado en Quetzales
A47: No. | B47: Categoría de Gasto | C47: Julio | E47: Agosto | G47: Septiembre
B48: Recurso Humano | C48: Pto. | D48: Real | E48: Pto. | F48: Real | G48: Pto. | H48: Real
B51: Gastos de Funcionamiento
B52: detallar cada gasto cargado
A60: TOTALES
A73: Programación mensual por tipo de gasto año 2018, Expresado en Quetzales segundo cuatrimestre 2018
A74: No. | B74: CATEGORIA DE GASTO | C74: MAYO | E74: JUNIO | G74: JULIO | I74: AGOSTO
C75: PRESUPUESTO | D75: REAL | E75: PRESUPUESTO | F75: REAL | G75: PRESUPUESTO | H75: REAL | I75: PRESUPUESTO | J75: REAL
B76: RECURSO HUMANO | C76: 1764858.4 | D76: 2281196.2 | E76: 1764858.4 | F76: 1896496.9
B78: GASTOS DE FUNCIONAMIENTO | C78: =+C86+C102 -> 2818474.9 | D78: =+D86+D102 -> 3820610.3 | E78: =+E86+E102 -> 2818474.9 | F78: =+F86+F102 -> 2361172.2 | G78: =+G86+G102 -> 0 | H78: =+H86+H102 -> 0 | I78: =+I86+I102 -> 0 | J78: =+J86+J102 -> 0
B79: ENERGIA ELECTRICA | C79: 62500 | D79: 138609.61 | E79: 62500
B80: TELEFONIA | C80: 7500 | D80: 9818.25 | E80: 7500 | F80: 9560.36
B81: IMPRESIÓN, ENCUADERNACION Y REPRODUCCION | C81: 8133.97 | E81: 8133.97 | F81: 39787
B82: MANT. Y REP. EQUIPO MEDICO SANITARIO Y DE LAB. | C82: 33333.33 | D82: 19161.8 | E82: 33333.33
B83: SERVICIOS MEDICO-SANITARIOS | C83: 165141.75 | D83: 4057.14 | E83: 165141.75 | F83: 184282.78
B84: SERVICIOS DE VIGILANCIA | C84: 40000 | D84: 38120 | E84: 40000 | F84: 38120
B85: OTROS SERVICIOS NO PERSONALES | C85: 26305.03 | D85: 48548.64 | E85: 26305.03 | F85: 44604
B86: SUMA GASTOS GENERALES | C86: =SUM(C79:C85) -> 342914.08 | D86: =SUM(D79:D85) -> 258315.44 | E86: =SUM(E79:E85) -> 342914.08 | F86: =SUM(F79:F85) -> 316354.14 | G86: =SUM(G79:G85) -> 0 | H86: =SUM(H79:H85) -> 0 | I86: =SUM(I79:I85) -> 0 | J86: =SUM(J79:J85) -> 0
B87: MATERIALES Y SUMINISTROS
B88: ALIMENTOS PARA PERSONAS | C88: 60936.45 | D88: 1023 | E88: 60936.45 | F88: 58023.7
B89: ACABADOS TEXTILES | C89: 600 | E89: 600
B90: PRODUCTOS DE PAPEL O CARTON | C90: 945.42 | E90: 945.42
B91: ELEMENTOS Y COMPUESTOS QUIMICOS | C91: 169652.57 | D91: 181188.84 | E91: 169652.57 | F91: 66957.58
B92: COMBUSTIBLES Y LUBRICANTES | C92: 912 | E92: 912
B93: PRODUCTOS MEDICINALES Y FARMACEUTICOS | C93: 427229.65 | D93: 535053.33 | E93: 427229.65 | F93: 261536.69
B94: TINTES, PINTURAS Y COLORANTES | C94: 100 | E94: 100
B95: PRODUCTOS PLASTICOS, NYLON, VINIL Y PVC | C95: 13579.7 | D95: 6224.76 | E95: 13579.7 | F95: 6630
B96: OTROS PRODUCTOS METALICOS | C96: 310 | D96: 3610 | E96: 310
B97: UTILES DE LIMPIEZA Y PRODUCTOS SANITARIOS | C97: 10809.43 | D97: 39404.76 | E97: 10809.43 | F97: 23463
B98: UTILES MENORES MEDICO QUIRURGICOS Y DE LAB. | C98: 1780006.3 | D98: 2752150.2 | E98: 1780006.3 | F98: 1617110.1
B99: UTILES, ACCESORIOS Y MATERIALES ELECTRICOS | C99: 2208.7 | E99: 2208.7 | F99: 11097
B100: ACCESORIOS Y REPUESTOS EN GENERAL | C100: 8105.1 | D100: 43640 | E100: 8105.1
B101: OTROS MATERIALES Y SUMINISTROS | C101: 165.5 | E101: 165.5
B102: TOTAL MATERIALES Y SUMINISTROS | C102: =SUM(C88:C101) -> 2475560.8 | D102: =SUM(D88:D101) -> 3562294.9 | E102: =SUM(E88:E101) -> 2475560.8 | F102: =SUM(F88:F101) -> 2044818 | G102: =SUM(G88:G101) -> 0 | H102: =SUM(H88:H101) -> 0 | I102: =SUM(I88:I101) -> 0 | J102: =SUM(J88:J101) -> 0
A123: Programación mensual por tipo de gasto año 2017, Expresado en Quetzales tercer cuatrimestre 2018
A124: No. | B124: CATEGORIA DE GASTO | C124: SEPTIEMBRE | E124: OCTUBRE | G124: NOVIEMBRE | I124: DICIEMBRE
C125: PRESUPUESTO | D125: REAL | E125: PRESUPUESTO | F125: REAL | G125: PRESUPUESTO | H125: REAL | I125: PRESUPUESTO | J125: REAL
B126: RECURSO HUMANO
B128: GASTOS DE FUNCIONAMIENTO | C128: =+C136+C152 -> 0 | D128: =+D136+D152 -> 0 | E128: =+E136+E152 -> 0 | F128: =+F136+F152 -> 0 | G128: =+G136+G152 -> 0 | H128: =+H136+H152 -> 0 | I128: =+I136+I152 -> 0 | J128: =+J136+J152 -> 0
B129: ENERGIA ELECTRICA
B130: TELEFONIA
B131: IMPRESIÓN, ENCUADERNACION Y REPRODUCCION
B132: MANT. Y REP. EQUIPO MEDICO SANITARIO Y DE LAB.
B133: SERVICIOS MEDICO-SANITARIOS
B134: SERVICIOS DE VIGILANCIA
B135: OTROS SERVICIOS NO PERSONALES
B136: SUMA GASTOS GENERALES | C136: =SUM(C129:C135) -> 0 | D136: =SUM(D129:D135) -> 0 | E136: =SUM(E129:E135) -> 0 | F136: =SUM(F129:F135) -> 0 | G136: =SUM(G129:G135) -> 0 | H136: =SUM(H129:H135) -> 0 | I136: =SUM(I129:I135) -> 0 | J136: =SUM(J129:J135) -> 0
B137: MATERIALES Y SUMINISTROS
B138: ALIMENTOS PARA PERSONAS
B139: AVABADOS TEXTILES
B140: PRODUCTOS DE PAPEL O CARTON
B141: ELEMENTOS Y COMPUESTOS QUIMICOS
B142: COMBUSTIBLES Y LUBRICANTES
B143: PRODUCTOS MEDICINALES Y FARMACEUTICOS
B144: TINTES, PINTURAS Y COLORANTES
B145: PRODUCTOS PLASTICOS, NYLON, VINIL Y PVC
B146: OTROS PRODUCTOS METALICOS
B147: UTILES DE LIMPIEZA Y PRODUCTOS SANITARIOS
B148: UTILES MENORES MEDICO QUIRURGICOS Y DE LAB.
... B151: OTROS MATERIALES Y SUMINISTROS
B152: TOTAL MATERIALES Y SUMINISTROS | C152: =SUM(C138:C151) -> 0 | D152: =SUM(D138:D151) -> 0 | E152: =SUM(E138:E151) -> 0 | F152: =SUM(F138:F151) -> 0 | G152: =SUM(G138:G151) -> 0 | H152: =SUM(H138:H151) -> 0 | I152: =SUM(I138:I151) -> 0 | J152: =SUM(J138:J151) -> 0
C177: PROGRAMACION POR TIPO DE GASTO AÑO 2023
C178: RESUMEN AL 31 DE OCTUBRE 2023
C179: No. | D179: CATEGORIA DEL GASTO DE FUNCIONAMIENTO | E179: TOTAL ANUAL
E180: PRESUPUESTO | F180: COMPROMETIDO
C181: 011 | D181: RECURSO HUMANO | E181: =+'OCTUBRE F-5 CONV. 09-2023'!C170 -> 36320832 | F181: =+'OCTUBRE F-5 CONV. 09-2023'!D170 -> 36054327
...

Sheet OCTUBRE F-6 CONV. 09-2023
B7: ÀREA FINANCIERA | J7: F-6
A9: UNIDAD DE CIRUGIA CARDIOVASCULAR DE GUATEMALA
A10: 5a. AVENIDA 6-22 ZONA 11
A11: CORREO ELECTRÓNICO Y TELÉFONO
A12: dgunicar@yahoo.es Tel. 24163000
A14: Ejecucion fìnanciera por categoria del gasto primer cuatrimestre 2023
A16: Categoría del gasto de funcionamiento | B16: Enero | D16: Febrero | F16: Marzo | H16: Abril | J16: Totales
B17: Prog. | C17: Ejecutado | D17: Prog. | E17: Ejecutado | F17: Prog. | G17: Ejecutado | H17: Prog. | I17: Ejecutado | J17: Prog. | K17: Ejecutado
A18: Recurso Humano | B18: 3361148.5 | C18: 2939970.1 | D18: 3361148.5 | E18: 2914006.4 | F18: 3361148.5 | G18: 4024889.6 | H18: 3361148.5 | I18: =2929171.29+358716.74 -> 3287888 | J18: =+B18+D18+F18+H18 -> 13444594 | K18: =+C18+E18+G18+I18 -> 13166754
A19: Gastos de operación | B19: 551427.17 | D19: 5633937.6 | E19: 135617.67 | F19: 848726.38 | G19: 1618801.8 | H19: 606473.63 | I19: 1614363.4 | J19: =+B19+D19+F19+H19 -> 7640564.7 | K19: =+C19+E19+G19+I19 -> 3368782.8
A20: Propiedad planta y equipo | J20: =+B20+D20+F20+H20 -> 0 | K20: =+C20+E20+G20+I20 -> 0
A21: TOTAL | B21: =SUM(B18:B20) -> 3912575.6 | C21: =SUM(C18:C20) -> 2939970.1 | D21: =SUM(D18:D20) -> 8995086 | E21: =SUM(E18:E20) -> 3049624.1 | F21: =SUM(F18:F20) -> 4209874.9 | G21: =SUM(G18:G20) -> 5643691.3 | H21: =SUM(H18:H20) -> 3967622.1 | I21: =SUM(I18:I20) -> 4902251.4 | ... K21: =SUM(K18:K20) -> 16535537
A23: Ejecucion fìnanciera por categoria del gasto segundo cuatrimestre 2023
A25: Categoría del gasto de funcionamiento | B25: Mayo | D25: Junio | F25: Julio | H25: Agosto | J25: Totales
B26: Prog. | C26: Ejecutado | D26: Prog. | E26: Ejecutado | F26: Prog. | G26: Ejecutado | H26: Prog. | I26: Ejecutado | J26: Prog. | K26: Ejecutado
A27: Recurso Humano | B27: 3361148.5 | C27: 3300467.4 | D27: 3361148.5 | E27: 3380648.2 | F27: 6070495.5 | G27: 5696595.4 | H27: 3361148.5 | I27: 3755859.3 | J27: =+B27+D27+F27+H27 -> 16153941 | K27: =+C27+E27+G27+I27 -> 16133570
A28: Gastos de operación | B28: 4888282.3 | C28: 1554870.2 | D28: 17602011 | E28: 3625974.8 | F28: 806742.88 | G28: 5272466.1 | H28: 571974.38 | I28: 2562957 | J28: =+B28+D28+F28+H28 -> 23869011 | K28: =+C28+E28+G28+I28 -> 13016268
A29: TOTAL | B29: =SUM(B27:B28) -> 8249430.8 | C29: =SUM(C27:C28) -> 4855337.6 | D29: =SUM(D27:D28) -> 20963159 | E29: =SUM(E27:E28) -> 7006623.1 | F29: =SUM(F27:F28) -> 6877238.3 | G29: =SUM(G27:G28) -> 10969062 | H29: =SUM(H27:H28) -> 3933122.9 | I29: =SUM(I27:I28) -> 6318816.3 | ... K29: =SUM(K27:K28) -> 29149839
A32: Ejecucion fìnanciera por categoria del gasto tercer cuatrimestre 2023
A34: Categoría del gasto de funcionamiento | B34: Septiembre | D34: Octubre | F34: Noviembre | H34: Diciembre | J34: Totales
B35: Prog. | C35: Ejecutado | D35: Prog. | E35: Ejecutado | F35: Prog. | G35: Ejecutado | H35: Prog. | I35: Ejecutado | J35: Prog. | K35: Ejecutado
A36: Recurso Humano | B36: 3361148.5 | C36: 3372846.1 | D36: 3361148.5 | E36: 3381156.6 | J36: =+B36+D36+F36+H36 -> 6722296.9 | K36: =+C36+E36+G36+I36 -> 6754002.7
A37: Gastos de operación | B37: 534123.14 | C37: =3829895.75+21000 -> 3850895.8 | D37: =629772.57 -> 629772.57 | E37: 2347200.1 | J37: =+B37+D37+F37+H37 -> 1163895.7 | K37: =+C37+E37+G37+I37 -> 6198095.8
A38: TOTAL | B38: =SUM(B36:B37) -> 3895271.6 | C38: =SUM(C36:C37) -> 7223741.8 | D38: =SUM(D36:D37) -> 3990921 | E38: =SUM(E36:E37) -> 5728356.7 | F38: =SUM(F36:F37) -> 0 | G38: =SUM(G36:G37) -> 0 | H38: =SUM(H36:H37) -> 0 | I38: =SUM(I36:I37) -> 0 | ... K38: =SUM(K36:K37) -> 12952099
A40: Resumen año 2023
A41: Categoría del gasto | B41: año 2023
B42: Presupuestado | C42: Ejecutado
A43: Recurso Humano | B43: =+J18+J27+J36 -> 36320832 | C43: =+K18+K27+K36 -> 36054327
A44: Gastos de operación | B44: =+J19+J28+J37 -> 32673471 | C44: =+K19+K28+K37 -> 22583147
A45: TOTAL | B45: =SUM(B43:B44) -> 68994303 | C45: =SUM(C43:C44) -> 58637474
A69: Elaborado por: | C69: ___________________________ | F69: Autorizado por: | H69: ___________________________________
C70: Víctor Cresencio Reyes Porres | H70: Lic. Douglas Antonio Díaz Rivera
C71: Jefe de Contabilidad | H71: Representante Legal
A72: Fecha: | C72: 10 de noviembre 2023

Sheet OCTUBRE F-5 CONV-38-2023
B8: ÀREA FINANCIERA | K8: F-5
A10: UNIDAD DE CIRUGIA CARDIOVASCULAR DE GUATEMALA
A11: 5a. AVENIDA 6-22 ZONA 11
A12: dgunicar@yahoo.es Tel. 24163000
A14: Programación y ejecucion mensual por tipo de gasto año 2023, Expresado en Quetzales primer cuatrimestre 2023
A15: No. | B15: CATEGORIA DEL GASTO DE FUNCIONAMIENTO | C15: ENERO | E15: FEBRERO | G15: MARZO | I15: ABRIL | K15: TOTAL CUATRIMESTRE
C16: PROG. | D16: EJECUTADO | E16: PROG. | F16: EJECUTADO | G16: PROG. | H16: EJECUTADO | I16: PROG. | J16: EJECUTADO | K16: PROG. | L16: EJECUTADO
B17: RECURSO HUMANO
A18: 011 | B18: SUELOS Y SALARIOS | K18: =+C18+E18+G18+I18 -> 0 | L18: =+D18+F18+H18+J18 -> 0
B19: CUOTA PATRONAL | H19: 0 | J19: 0 | L19: =+D19+F19+H19+J19 -> 0
B20: TOTAL RECURSO HUMANO | C20: =SUM(C18:C19) -> 0 | D20: =SUM(D18:D19) -> 0 | E20: =SUM(E18:E19) -> 0 | F20: =SUM(F18:F19) -> 0 | G20: =SUM(G18:G19) -> 0 | H20: =SUM(H18:H19) -> 0 | I20: =SUM(I18:I19) -> 0 | J20: =SUM(J18:J19) -> 0 | ... L20: =SUM(L18:L19) -> 0
B22: GASTOS DE OPERACIÓN
A23: 111 | B23: ENERGIA ELECTRICA | C23: 0 | D23: 0 | E23: 0 | F23: 0 | G23: 0 | H23: 0 | I23: 0 | J23: 0 | K23: =+C23+E23+G23+I23 -> 0 | L23: =+D23+F23+H23+J23 -> 0
A24: 113 | B24: SERVICIO DE INTERNET Y TELEFONIA | C24: 0 | D24: 0 | E24: 0 | F24: 0 | G24: 0 | H24: 0 | I24: 0 | J24: 0 | K24: =+C24+E24+G24+I24 -> 0 | L24: =+D24+F24+H24+J24 -> 0
A25: 122 | B25: IMPRESIÓN, ENCUADERNACION Y REPRODUCCION | C25: 0 | D25: 0 | E25: 0 | F25: 0 | G25: 0 | H25: 0 | I25: 0 | J25: 0 | K25: =+C25+E25+G25+I25 -> 0 | L25: =+D25+F25+H25+J25 -> 0
A26: 163 | B26: MANT. Y REP. EQUIPO MEDICO SANITARIO Y DE LAB. | C26: 0 | D26: 0 | E26: 0 | F26: 0 | G26: 0 | H26: 0 | I26: 0 | J26: 0 | K26: =+C26+E26+G26+I26 -> 0 | L26: =+D26+F26+H26+J26 -> 0
A27: 168 | B27: MANTENIMIENTO Y REPARACION DE EQUIPO DE COMPUTO | C27: 0 | D27: 0 | E27: 0 | F27: 0 | G27: 0 | H27: 0 | I27: 0 | J27: 0 | K27: =+C27+E27+G27+I27 -> 0 | L27: =+D27+F27+H27+J27 -> 0
A28: 169 | B28: MANT. Y REP. DE OTRAS MAQ. Y EQUIPO | C28: 0 | D28: 0 | E28: 0 | F28: 0 | G28: 0 | H28: 0 | I28: 0 | J28: 0 | K28: =+C28+E28+G28+I28 -> 0 | L28: =+D28+F28+H28+J28 -> 0
A29: 171 | B29: MANT. Y REPARACION DE EDIFICIOS | C29: 0 | D29: 0 | E29: 0 | F29: 0 | G29: 0 | H29: 0 | I29: 0 | J29: 0 | K29: =+C29+E29+G29+I29 -> 0 | L29: =+D29+F29+H29+J29 -> 0
A30: 174 | B30: MANT. Y REP. DE INSTALACIONES | C30: 0 | D30: 0 | E30: 0 | F30: 0 | G30: 0 | H30: 0 | I30: 0 | J30: 0 | K30: =+C30+E30+G30+I30 -> 0 | L30: =+D30+F30+H30+J30 -> 0
A31: 182 | B31: SERVICIOS MEDICO-SANITARIOS | C31: 0 | D31: 0 | E31: 0 | F31: 0 | G31: 0 | H31: 0 | I31: 0 | J31: 0 | K31: =+C31+E31+G31+I31 -> 0 | L31: =+D31+F31+H31+J31 -> 0
A32: 197 | B32: SERVICIOS DE VIGILANCIA | C32: 0 | D32: 0 | E32: 0 | F32: 0 | G32: 0 | H32: 0 | I32: 0 | J32: 0 | K32: =+C32+E32+G32+I32 -> 0 | L32: =+D32+F32+H32+J32 -> 0
A33: 199 | B33: OTROS SERVICIOS NO PERSONALES | C33: 0 | D33: 0 | E33: 0 | F33: 0 | G33: 0 | H33: 0 | I33: 0 | J33: 0 | K33: =+C33+E33+G33+I33 -> 0 | L33: =+D33+F33+H33+J33 -> 0
A34: 211 | B34: ALIMENTOS PARA PERSONAS | C34: 0 | D34: 0 | E34: 0 | F34: 0 | G34: 0 | H34: 0 | I34: 0 | J34: 0 | K34: =+C34+E34+G34+I34 -> 0 | L34: =+D34+F34+H34+J34 -> 0
... A48: 323 | B48: EQUIPO MEDICO-SANITARIO Y DE LABORATORIO | C48: 0 | D48: 0 | E48: 0 | F48: 0 | G48: 0 | H48: 0 | I48: 0 | J48: 0 | K48: =+C48+E48+G48+I48 -> 0 | L48: =+D48+F48+H48+J48 -> 0
B49: TOTAL GASTOS DE OPERACIÓN | C49: =SUM(C23:C48) -> 0 | D49: =SUM(D23:D48) -> 0 | E49: =SUM(E23:E48) -> 0 | F49: =SUM(F23:F48) -> 0 | G49: =SUM(G23:G48) -> 0 | H49: =SUM(H23:H48) -> 0 | I49: =SUM(I23:I48) -> 0 | J49: =SUM(J23:J48) -> 0 | ... L49: =SUM(L23:L48) -> 0
B50: TOTAL GENERAL | C50: =+C49+C20 -> 0 | D50: =+D49+D20 -> 0 | E50: =+E49+E20 -> 0 | F50: =+F49+F20 -> 0 | G50: =+G49+G20 -> 0 | H50: =+H49+H20 -> 0 | I50: =+I49+I20 -> 0 | J50: =+J49+J20 -> 0 | ... L50: =+L49+L20 -> 0
A56: Programación y ejecucion mensual por tipo de gasto año 2023, Expresado en Quetzales segundo cuatrimestre 2023
A57: No. | B57: =+B15 -> CATEGORIA DEL GASTO DE FUNCIONAMIENTO | C57: MAYO | E57: JUNIO | G57: JULIO | I57: AGOSTO | K57: TOTAL CUATRIMESTRE
C58: PROG. | D58: EJECUTADO | E58: PROG. | F58: EJECUTADO | G58: PROG. | H58: EJECUTADO | I58: PROG. | J58: EJECUTADO | K58: PROG. | L58: EJECUTADO
A59: 011 | B59: RECURSO HUMANO
B60: SUELOS Y SALARIOS | C60: 0 | K60: =+C60+E60+G60+I60 -> 0 | L60: =+D60+F60+H60+J60 -> 0
B61: BONO 14 | L61: =+D61+F61+H61+J61 -> 0
B62: CUOTA PATRONAL | L62: =+D62+F62+H62+J62 -> 0
B63: TOTAL RECURSO HUMANO | C63: =SUM(C60:C62) -> 0 | D63: =SUM(D60:D62) -> 0 | E63: =SUM(E60:E62) -> 0 | F63: =SUM(F60:F62) -> 0 | G63: =SUM(G60:G62) -> 0 | H63: =SUM(H60:H62) -> 0 | I63: =SUM(I60:I62) -> 0 | J63: =SUM(J60:J62) -> 0 | ... L63: =SUM(L60:L62) -> 0
B65: GASTOS DE OPERACIÓN
A66: 111 | B66: ENERGIA ELECTRICA | C66: 0 | D66: 0 | E66: 0 | F66: 0 | G66: 0 | H66: 0 | I66: 0 | J66: 0 | K66: =+C66+E66+G66+I66 -> 0 | L66: =+D66+F66+H66+J66 -> 0
A67: 113 | B67: SERVICIO DE INTERNET Y TELEFONIA | C67: 0 | D67: 0 | E67: 0 | F67: 0 | G67: 0 | H67: 0 | I67: 0 | J67: 0 | K67: =+C67+E67+G67+I67 -> 0 | L67: =+D67+F67+H67+J67 -> 0
A68: 122 | B68: IMPRESIÓN, ENCUADERNACION Y REPRODUCCION | C68: 0 | D68: 0 | E68: 0 | F68: 0 | G68: 0 | H68: 0 | I68: 0 | J68: 0 | K68: =+C68+E68+G68+I68 -> 0 | L68: =+D68+F68+H68+J68 -> 0
A69: 163 | B69: MANT. Y REP. EQUIPO MEDICO SANITARIO Y DE LAB. | C69: 0 | D69: 0 | E69: 0 | F69: 0 | G69: 0 | H69: 0 | I69: 0 | J69: 0 | K69: =+C69+E69+G69+I69 -> 0 | L69: =+D69+F69+H69+J69 -> 0
A70: 168 | B70: MANTENIMIENTO Y REPARACION DE EQUIPO DE COMPUTO | C70: 0 | D70: 0 | E70: 0 | F70: 0 | G70: 0 | H70: 0 | I70: 0 | J70: 0 | K70: =+C70+E70+G70+I70 -> 0 | L70: =+D70+F70+H70+J70 -> 0
A71: 169 | B71: MANT. Y REP. DE OTRAS MAQ. Y EQUIPO | C71: 0 | D71: 0 | E71: 0 | F71: 0 | G71: 0 | H71: 0 | I71: 0 | J71: 0 | K71: =+C71+E71+G71+I71 -> 0 | L71: =+D71+F71+H71+J71 -> 0
A72: 171 | B72: MANT. Y REPARACION DE EDIFICIOS | C72: 0 | D72: 0 | E72: 0 | F72: 0 | G72: 0 | H72: 0 | I72: 0 | J72: 0 | K72: =+C72+E72+G72+I72 -> 0 | L72: =+D72+F72+H72+J72 -> 0
A73: 174 | B73: MANT. Y REP. DE INSTALACIONES | C73: 0 | D73: 0 | E73: 0 | F73: 0 | G73: 0 | H73: 0 | I73: 0 | J73: 0 | K73: =+C73+E73+G73+I73 -> 0 | L73: =+D73+F73+H73+J73 -> 0
A74: 182 | B74: SERVICIOS MEDICO-SANITARIOS | C74: 0 | D74: 0 | E74: 0 | F74: 0 | G74: 0 | H74: 0 | I74: 0 | J74: 0 | K74: =+C74+E74+G74+I74 -> 0 | L74: =+D74+F74+H74+J74 -> 0
A75: 197 | B75: SERVICIOS DE VIGILANCIA | C75: 0 | D75: 0 | E75: 0 | F75: 0 | G75: 0 | H75: 0 | I75: 0 | J75: 0 | K75: =+C75+E75+G75+I75 -> 0 | L75: =+D75+F75+H75+J75 -> 0
A76: 199 | B76: OTROS SERVICIOS NO PERSONALES | C76: 0 | D76: 0 | E76: 0 | F76: 0 | G76: 0 | H76: 0 | I76: 0 | J76: 0 | K76: =+C76+E76+G76+I76 -> 0 | L76: =+D76+F76+H76+J76 -> 0
A77: 211 | B77: ALIMENTOS PARA PERSONAS | C77: 0 | D77: 0 | E77: 0 | F77: 0 | G77: 0 | H77: 0 | I77: 0 | J77: 0 | K77: =+C77+E77+G77+I77 -> 0 | L77: =+D77+F77+H77+J77 -> 0
... A91: 323 | B91: EQUIPO MEDICO-SANITARIO Y DE LABORATORIO | C91: 0 | D91: 0 | E91: 0 | F91: 0 | G91: 0 | H91: 0 | I91: 0 | J91: 0 | K91: =+C91+E91+G91+I91 -> 0 | L91: =+D91+F91+H91+J91 -> 0
B92: TOTAL GASTOS DE OPERACIÓN | C92: =SUM(C66:C91) -> 0 | D92: =SUM(D66:D91) -> 0 | E92: =SUM(E66:E91) -> 0 | F92: =SUM(F66:F91) -> 0 | G92: =SUM(G66:G91) -> 0 | H92: =SUM(H66:H91) -> 0 | I92: =SUM(I66:I91) -> 0 | J92: =SUM(J66:J91) -> 0 | ... L92: =SUM(L66:L91) -> 0
B93: TOTAL GENERAL | C93: =+C92+C63 -> 0 | D93: =+D92+D63 -> 0 | E93: =+E92+E63 -> 0 | F93: =+F92+F63 -> 0 | G93: =+G92+G63 -> 0 | H93: =+H92+H63 -> 0 | I93: =+I92+I63 -> 0 | J93: =+J92+J63 -> 0 | ... L93: =+L92+L63 -> 0
A111: Programación y ejecucion mensual por tipo de gasto año 2023, Expresado en Quetzales tercer cuatrimestre 2023
A112: No. | B112: CATEGORIA DE GASTO | C112: SEPTIEMBRE | E112: OCTUBRE | G112: NOVIEMBRE | I112: DICIEMBRE | K112: TOTAL CUATRIMESTRE
C113: PROG. | D113: EJECUTADO | E113: PROG. | F113: EJECUTADO | G113: PROG. | H113: EJECUTADO | I113: PROG. | J113: EJECUTADO | K113: PROG. | L113: EJECUTADO
A114: 011 | B114: RECURSO HUMANO
B115: SUELOS Y SALARIOS | C115: 0 | D115: 0 | E115: 0 | F115: 0 | K115: =+C115+E115+G115+I115 -> 0 | L115: =+D115+F115+H115+J115 -> 0
B116: CUOTA PATRONAL | C116: 0 | D116: 0 | E116: 0 | F116: 0 | K116: =+C116+E116+G116+I116 -> 0 | L116: =+D116+F116+H116+J116 -> 0
B117: TOTAL RECURSO HUMANO | C117: =SUM(C115:C116) -> 0 | D117: =SUM(D115:D116) -> 0 | E117: =SUM(E115:E116) -> 0 | F117: =SUM(F115:F116) -> 0 | G117: =SUM(G115:G116) -> 0 | H117: =SUM(H115:H116) -> 0 | I117: =SUM(I115:I116) -> 0 | J117: =SUM(J115:J116) -> 0 | ... L117: =SUM(L115:L116) -> 0
B119: GASTOS DE FUNCIONAMIENTO
A120: 111 | B120: ENERGIA ELECTRICA | C120: 0 | D120: 0 | E120: 0 | F120: 0 | G120: 0 | H120: 0 | I120: 0 | J120: 0 | K120: =+C120+E120+G120+I120 -> 0 | L120: =+D120+F120+H120+J120 -> 0
A121: 113 | B121: SERVICIO DE INTERNET Y TELEFONIA | C121: 0 | D121: 0 | E121: 0 | F121: 0 | G121: 0 | H121: 0 | I121: 0 | J121: 0 | K121: =+C121+E121+G121+I121 -> 0 | L121: =+D121+F121+H121+J121 -> 0
A122: 122 | B122: IMPRESIÓN, ENCUADERNACION Y REPRODUCCION | C122: 0 | D122: 0 | E122: 0 | F122: 0 | G122: 0 | H122: 0 | I122: 0 | J122: 0 | K122: =+C122+E122+G122+I122 -> 0 | L122: =+D122+F122+H122+J122 -> 0
A123: 163 | B123: MANT. Y REP. EQUIPO MEDICO SANITARIO Y DE LAB. | C123: 0 | D123: 0 | E123: 0 | F123: 0 | G123: 0 | H123: 0 | I123: 0 | J123: 0 | K123: =+C123+E123+G123+I123 -> 0 | L123: =+D123+F123+H123+J123 -> 0
A124: 168 | B124: MANTENIMIENTO Y REPARACION DE EQUIPO DE COMPUTO | C124: 0 | D124: 0 | E124: 0 | F124: 0 | G124: 0 | H124: 0 | I124: 0 | J124: 0 | K124: =+C124+E124+G124+I124 -> 0 | L124: =+D124+F124+H124+J124 -> 0
A125: 169 | B125: MANT. Y REP. DE OTRAS MAQ. Y EQUIPO | C125: 0 | D125: 0 | E125: 0 | F125: 0 | G125: 0 | H125: 0 | I125: 0 | J125: 0 | K125: =+C125+E125+G125+I125 -> 0 | L125: =+D125+F125+H125+J125 -> 0
A126: 171 | B126: MANT. Y REPARACION DE EDIFICIOS | C126: 0 | D126: 0 | E126: 0 | F126: 0 | G126: 0 | H126: 0 | I126: 0 | J126: 0 | K126: =+C126+E126+G126+I126 -> 0 | L126: =+D126+F126+H126+J126 -> 0
A127: 174 | B127: MANT. Y REP. DE INSTALACIONES | C127: 0 | D127: 0 | E127: 0 | F127: 0 | G127: 0 | H127: 0 | I127: 0 | J127: 0 | K127: =+C127+E127+G127+I127 -> 0 | L127: =+D127+F127+H127+J127 -> 0
A128: 182 | B128: SERVICIOS MEDICO-SANITARIOS | C128: 0 | D128: 0 | E128: 0 | F128: 0 | G128: 0 | H128: 0 | I128: 0 | J128: 0 | K128: =+C128+E128+G128+I128 -> 0 | L128: =+D128+F128+H128+J128 -> 0
A129: 197 | B129: SERVICIOS DE VIGILANCIA | C129: 0 | D129: 0 | E129: 0 | F129: 0 | G129: 0 | H129: 0 | I129: 0 | J129: 0 | K129: =+C129+E129+G129+I129 -> 0 | L129: =+D129+F129+H129+J129 -> 0
A130: 199 | B130: OTROS SERVICIOS NO PERSONALES | C130: 0 | D130: 0 | E130: 0 | F130: 0 | G130: 0 | H130: 0 | I130: 0 | J130: 0 | K130: =+C130+E130+G130+I130 -> 0 | L130: =+D130+F130+H130+J130 -> 0
A131: 211 | B131: ALIMENTOS PARA PERSONAS | C131: 0 | D131: 0 | E131: 0 | F131: 0 | G131: 0 | H131: 0 | I131: 0 | J131: 0 | K131: =+C131+E131+G131+I131 -> 0 | L131: =+D131+F131+H131+J131 -> 0
... A145: 323 | B145: EQUIPO MEDICO-SANITARIO Y DE LABORATORIO | C145: 0 | D145: 0 | E145: 15000000 | F145: 0 | G145: 0 | H145: 0 | I145: 0 | J145: 0 | K145: =+C145+E145+G145+I145 -> 15000000 | L145: =+D145+F145+H145+J145 -> 0
B146: TOTAL GASTOS DE FUNCIONAMIENTO | C146: =SUM(C120:C145) -> 0 | D146: =SUM(D120:D145) -> 0 | E146: =SUM(E120:E145) -> 15000000 | F146: =SUM(F120:F145) -> 0 | G146: =SUM(G120:G145) -> 0 | H146: =SUM(H120:H145) -> 0 | I146: =SUM(I120:I145) -> 0 | J146: =SUM(J120:J145) -> 0 | ... L146: =SUM(L120:L145) -> 0
B147: TOTAL GENERAL | C147: =+C146+C117 -> 0 | D147: =+D146+D117 -> 0 | E147: =+E146+E117 -> 15000000 | F147: =+F146+F117 -> 0 | G147: =+G146+G117 -> 0 | H147: =+H146+H117 -> 0 | I147: =+I146+I117 -> 0 | J147: =+J146+J117 -> 0 | ... L147: =+L146+L117 -> 0
B167: RESUMEN AÑO 2023
A168: No. | B168: CATEGORIA DE GASTO | C168: TOTAL ANUAL
C169: PRESUPUESTO | D169: REAL
A170: 011 | B170: RECURSO HUMANO | C170: =+K20+K63+K117 -> 0 | D170: =+L20+L63+L117 -> 0
B172: GASTOS DE OPERACIÓN
A173: 111 | B173: ENERGIA ELECTRICA | C173: =+K23+K66+K120 -> 0 | D173: =+L23+L66+L120 -> 0
A174: 113 | B174: TELEFONIA | C174: =+K24+K67+K121 -> 0 | D174: =+L24+L67+L121 -> 0
A175: 122 | B175: IMPRESIÓN, ENCUADERNACION Y REPRODUCCION | C175: =+K25+K68+K122 -> 0 | D175: =+L25+L68+L122 -> 0
A176: 163 | B176: MANT. Y REP. EQUIPO MEDICO SANITARIO Y DE LAB. | C176: =+K26+K69+K123 -> 0 | D176: =+L26+L69+L123 -> 0
A177: 168 | B177: MANTENIMIENTO Y REPARACION DE EQUIPO DE COMPUTO | C177: =+K27+K70+K124 -> 0 | D177: =+L27+L70+L124 -> 0
A178: 169 | B178: MANT. Y REP. DE OTRAS MAQ. Y EQUIPO | C178: =+K28+K71+K125 -> 0 | D178: =+L28+L71+L125 -> 0
A179: 171 | B179: MANT. Y REPARACION DE EDIFICIOS | C179: =+K29+K72+K126 -> 0 | D179: =+L29+L72+L126 -> 0
A180: 174 | B180: MANT. Y REP. DE INSTALACIONES | C180: =+K30+K73+K127 -> 0 | D180: =+L30+L73+L127 -> 0
A181: 182 | B181: SERVICIOS MEDICO-SANITARIOS | C181: =+K31+K74+K128 -> 0 | D181: =+L31+L74+L128 -> 0
A182: 197 | B182: SERVICIOS DE VIGILANCIA | C182: =+K32+K75+K129 -> 0 | D182: =+L32+L75+L129 -> 0
A183: 199 | B183: OTROS SERVICIOS NO PERSONALES | C183: =+K33+K76+K130 -> 0 | D183: =+L33+L76+L130 -> 0
A184: 211 | B184: ALIMENTOS PARA PERSONAS | C184: =+K34+K77+K131 -> 0 | D184: =+L34+L77+L131 -> 0
... A198: 323 | B198: EQUIPO MEDICO SANITARIO Y DE LABORATORIO | C198: =+K48+K91+K145 -> 15000000 | D198: =+L48+L91+L145 -> 0
B199: TOTAL GASTOS DE FUNCIONAMIENTO | C199: =SUM(C173:C198) -> 15000000 | D199: =SUM(D173:D198) -> 0
B200: TOTAL GENERAL | C200: =+C199+C170 -> 15000000 | D200: =D199+D170 -> 0
B213: Elaborado por: | D213: ______________________________ | G213: Autorizado por: | I213: ___________________________________
D214: P.C. Víctor Cresencio Reyes Porres | I214: Lic. Douglas Antonio Díaz Rivera
D215: Jefe de Contabilidad | I215: Representante Legal
B217: Fecha: | D217: 10 de noviembre 2023

Sheet OCTUBRE ANEXO F-5 CONV. 38-2023
B8: ÀREA FINANCIERA | I8: ANEXO DE F-5
A10: UNIDAD DE CIRUGIA CARDIOVASCULAR DE GUATEMALA
A11: 5a. AVENIDA 6-22 ZONA 11
A12: dgunicar@yahoo.es Tel. 24163000
A14: Programación mensual por tipo de gasto año 2018, Expresado en Quetzales primer cuatrimestre 2018
A15: No. | B15: CATEGORIA DE GASTO | C15: ENERO | E15: FEBRERO | G15: MARZO | I15: ABRIL
C16: PRESUPUESTO | D16: REAL | E16: PRESUPUESTO | F16: REAL | G16: PRESUPUESTO | H16: REAL | I16: PRESUPUESTO | J16: REAL
B17: RECURSO HUMANO | C17: 1764858.4 | D17: 1492317.4 | E17: 1764858.4 | F17: 1792563.6 | G17: 1764858.4 | H17: 1578007.9 | I17: 1764858.4 | J17: 1803793.6
B19: GASTOS DE FUNCIONAMIENTO | C19: =+C27+C43 -> 2818474.9 | D19: =+D27+D43 -> 0 | E19: =+E27+E43 -> 2818474.9 | F19: =+F27+F43 -> 67111.02 | G19: =+G27+G43 -> 2818474.9 | H19: =+H27+H43 -> 58543.64 | I19: =+I27+I43 -> 2818474.9 | J19: =+J27+J43 -> 3743927.3
B20: ENERGIA ELECTRICA | C20: 62500 | E20: 62500 | F20: 56112.02 | G20: 62500 | I20: 62500 | J20: 68083.01
B21: TELEFONIA | C21: 7500 | E21: 7500 | F21: 10999 | G21: 7500 | H21: 11011 | I21: 7500 | J21: 10992
B22: IMPRESIÓN, ENCUADERNACION Y REPRODUCCION | C22: 8133.97 | E22: 8133.97 | G22: 8133.97 | I22: 8133.97 | J22: 4358
B23: MANT. Y REP. EQUIPO MEDICO SANITARIO Y DE LAB. | C23: 33333.33 | E23: 33333.33 | G23: 33333.33 | I23: 33333.33 | J23: 45020
B24: SERVICIOS MEDICO-SANITARIOS | C24: 165141.75 | E24: 165141.75 | G24: 165141.75 | H24: 1000 | I24: 165141.75 | J24: 26842.86
B25: SERVICIOS DE VIGILANCIA | C25: 40000 | E25: 40000 | G25: 40000 | I25: 40000 | J25: 76240
B26: OTROS SERVICIOS NO PERSONALES | C26: 26305.03 | E26: 26305.03 | G26: 26305.03 | H26: 46532.64 | I26: 26305.03 | J26: 55063.68
B27: SUMA GASTOS GENERALES | C27: =SUM(C20:C26) -> 342914.08 | D27: =SUM(D20:D26) -> 0 | E27: =SUM(E20:E26) -> 342914.08 | F27: =SUM(F20:F26) -> 67111.02 | G27: =SUM(G20:G26) -> 342914.08 | H27: =SUM(H20:H26) -> 58543.64 | I27: =SUM(I20:I26) -> 342914.08 | J27: =SUM(J20:J26) -> 286599.55
B28: MATERIALES Y SUMINISTROS
B29: ALIMENTOS PARA PERSONAS | C29: 60936.45 | E29: 60936.45 | G29: 60936.45 | I29: 60936.45 | J29: 202940.25
B30: ACABADOS TEXTILES | C30: 600 | E30: 600 | G30: 600 | I30: 600
B31: PRODUCTOS DE PAPEL O CARTON | C31: 945.42 | E31: 945.42 | G31: 945.42 | I31: 945.42
B32: ELEMENTOS Y COMPUESTOS QUIMICOS | C32: 169652.57 | E32: 169652.57 | G32: 169652.57 | I32: 169652.57 | J32: 178282.05
B33: COMBUSTIBLES Y LUBRICANTES | C33: 912 | E33: 912 | G33: 912 | I33: 912
B34: PRODUCTOS MEDICINALES Y FARMACEUTICOS | C34: 427229.65 | E34: 427229.65 | G34: 427229.65 | I34: 427229.65 | J34: 1425199.8
B35: TINTES, PINTURAS Y COLORANTES | C35: 100 | E35: 100 | G35: 100 | I35: 100
B36: PRODUCTOS PLASTICOS, NYLON, VINIL Y PVC | C36: 13579.7 | E36: 13579.7 | G36: 13579.7 | I36: 13579.7 | J36: 75162.24
B37: OTROS PRODUCTOS METALICOS | C37: 310 | E37: 310 | G37: 310 | I37: 310
B38: UTILES DE LIMPIEZA Y PRODUCTOS SANITARIOS | C38: 10809.43 | E38: 10809.43 | G38: 10809.43 | I38: 10809.43 | J38: 14528.6
B39: UTILES MENORES MEDICO QUIRURGICOS Y DE LAB. | C39: 1780006.3 | E39: 1780006.3 | G39: 1780006.3 | I39: 1780006.3 | J39: 1545914.8
B40: UTILES, ACCESORIOS Y MATERIALES ELECTRICOS | C40: 2208.7 | E40: 2208.7 | G40: 2208.7 | I40: 2208.7 | J40: 15300
B41: ACCESORIOS Y REPUESTOS EN GENERAL | C41: 8105.1 | E41: 8105.1 | G41: 8105.1 | I41: 8105.1
B42: OTROS MATERIALES Y SUMINISTROS | C42: 165.5 | E42: 165.5 | G42: 165.5 | I42: 165.5
B43: TOTAL MATERIALES Y SUMINISTROS | C43: =SUM(C29:C42) -> 2475560.8 | D43: =SUM(D29:D42) -> 0 | E43: =SUM(E29:E42) -> 2475560.8 | F43: =SUM(F29:F42) -> 0 | G43: =SUM(G29:G42) -> 2475560.8 | H43: =SUM(H29:H42) -> 0 | I43: =SUM(I29:I42) -> 2475560.8 | J43: =SUM(J29:J42) -> 3457327.8
A46: Programación mensual por tipo de gasto año 2016, Expresado en Quetzales
A47: No. | B47: Categoría de Gasto | C47: Julio | E47: Agosto | G47: Septiembre
B48: Recurso Humano | C48: Pto. | D48: Real | E48: Pto. | F48: Real | G48: Pto. | H48: Real
B51: Gastos de Funcionamiento
B52: detallar cada gasto cargado
A60: TOTALES
A73: Programación mensual por tipo de gasto año 2018, Expresado en Quetzales segundo cuatrimestre 2018
A74: No. | B74: CATEGORIA DE GASTO | C74: MAYO | E74: JUNIO | G74: JULIO | I74: AGOSTO
C75: PRESUPUESTO | D75: REAL | E75: PRESUPUESTO | F75: REAL | G75: PRESUPUESTO | H75: REAL | I75: PRESUPUESTO | J75: REAL
B76: RECURSO HUMANO | C76: 1764858.4 | D76: 2281196.2 | E76: 1764858.4 | F76: 1896496.9
B78: GASTOS DE FUNCIONAMIENTO | C78: =+C86+C102 -> 2818474.9 | D78: =+D86+D102 -> 3820610.3 | E78: =+E86+E102 -> 2818474.9 | F78: =+F86+F102 -> 2361172.2 | G78: =+G86+G102 -> 0 | H78: =+H86+H102 -> 0 | I78: =+I86+I102 -> 0 | J78: =+J86+J102 -> 0
B79: ENERGIA ELECTRICA | C79: 62500 | D79: 138609.61 | E79: 62500
B80: TELEFONIA | C80: 7500 | D80: 9818.25 | E80: 7500 | F80: 9560.36
B81: IMPRESIÓN, ENCUADERNACION Y REPRODUCCION | C81: 8133.97 | E81: 8133.97 | F81: 39787
B82: MANT. Y REP. EQUIPO MEDICO SANITARIO Y DE LAB. | C82: 33333.33 | D82: 19161.8 | E82: 33333.33
B83: SERVICIOS MEDICO-SANITARIOS | C83: 165141.75 | D83: 4057.14 | E83: 165141.75 | F83: 184282.78
B84: SERVICIOS DE VIGILANCIA | C84: 40000 | D84: 38120 | E84: 40000 | F84: 38120
B85: OTROS SERVICIOS NO PERSONALES | C85: 26305.03 | D85: 48548.64 | E85: 26305.03 | F85: 44604
B86: SUMA GASTOS GENERALES | C86: =SUM(C79:C85) -> 342914.08 | D86: =SUM(D79:D85) -> 258315.44 | E86: =SUM(E79:E85) -> 342914.08 | F86: =SUM(F79:F85) -> 316354.14 | G86: =SUM(G79:G85) -> 0 | H86: =SUM(H79:H85) -> 0 | I86: =SUM(I79:I85) -> 0 | J86: =SUM(J79:J85) -> 0
B87: MATERIALES Y SUMINISTROS
B88: ALIMENTOS PARA PERSONAS | C88: 60936.45 | D88: 1023 | E88: 60936.45 | F88: 58023.7
B89: ACABADOS TEXTILES | C89: 600 | E89: 600
B90: PRODUCTOS DE PAPEL O CARTON | C90: 945.42 | E90: 945.42
B91: ELEMENTOS Y COMPUESTOS QUIMICOS | C91: 169652.57 | D91: 181188.84 | E91: 169652.57 | F91: 66957.58
B92: COMBUSTIBLES Y LUBRICANTES | C92: 912 | E92: 912
B93: PRODUCTOS MEDICINALES Y FARMACEUTICOS | C93: 427229.65 | D93: 535053.33 | E93: 427229.65 | F93: 261536.69
B94: TINTES, PINTURAS Y COLORANTES | C94: 100 | E94: 100
B95: PRODUCTOS PLASTICOS, NYLON, VINIL Y PVC | C95: 13579.7 | D95: 6224.76 | E95: 13579.7 | F95: 6630
B96: OTROS PRODUCTOS METALICOS | C96: 310 | D96: 3610 | E96: 310
B97: UTILES DE LIMPIEZA Y PRODUCTOS SANITARIOS | C97: 10809.43 | D97: 39404.76 | E97: 10809.43 | F97: 23463
B98: UTILES MENORES MEDICO QUIRURGICOS Y DE LAB. | C98: 1780006.3 | D98: 2752150.2 | E98: 1780006.3 | F98: 1617110.1
B99: UTILES, ACCESORIOS Y MATERIALES ELECTRICOS | C99: 2208.7 | E99: 2208.7 | F99: 11097
B100: ACCESORIOS Y REPUESTOS EN GENERAL | C100: 8105.1 | D100: 43640 | E100: 8105.1
B101: OTROS MATERIALES Y SUMINISTROS | C101: 165.5 | E101: 165.5
B102: TOTAL MATERIALES Y SUMINISTROS | C102: =SUM(C88:C101) -> 2475560.8 | D102: =SUM(D88:D101) -> 3562294.9 | E102: =SUM(E88:E101) -> 2475560.8 | F102: =SUM(F88:F101) -> 2044818 | G102: =SUM(G88:G101) -> 0 | H102: =SUM(H88:H101) -> 0 | I102: =SUM(I88:I101) -> 0 | J102: =SUM(J88:J101) -> 0
A123: Programación mensual por tipo de gasto año 2017, Expresado en Quetzales tercer cuatrimestre 2018
A124: No. | B124: CATEGORIA DE GASTO | C124: SEPTIEMBRE | E124: OCTUBRE | G124: NOVIEMBRE | I124: DICIEMBRE
C125: PRESUPUESTO | D125: REAL | E125: PRESUPUESTO | F125: REAL | G125: PRESUPUESTO | H125: REAL | I125: PRESUPUESTO | J125: REAL
B126: RECURSO HUMANO
B128: GASTOS DE FUNCIONAMIENTO | C128: =+C136+C152 -> 0 | D128: =+D136+D152 -> 0 | E128: =+E136+E152 -> 0 | F128: =+F136+F152 -> 0 | G128: =+G136+G152 -> 0 | H128: =+H136+H152 -> 0 | I128: =+I136+I152 -> 0 | J128: =+J136+J152 -> 0
B129: ENERGIA ELECTRICA
B130: TELEFONIA
B131: IMPRESIÓN, ENCUADERNACION Y REPRODUCCION
B132: MANT. Y REP. EQUIPO MEDICO SANITARIO Y DE LAB.
B133: SERVICIOS MEDICO-SANITARIOS
B134: SERVICIOS DE VIGILANCIA
B135: OTROS SERVICIOS NO PERSONALES
B136: SUMA GASTOS GENERALES | C136: =SUM(C129:C135) -> 0 | D136: =SUM(D129:D135) -> 0 | E136: =SUM(E129:E135) -> 0 | F136: =SUM(F129:F135) -> 0 | G136: =SUM(G129:G135) -> 0 | H136: =SUM(H129:H135) -> 0 | I136: =SUM(I129:I135) -> 0 | J136: =SUM(J129:J135) -> 0
B137: MATERIALES Y SUMINISTROS
B138: ALIMENTOS PARA PERSONAS
B139: AVABADOS TEXTILES
B140: PRODUCTOS DE PAPEL O CARTON
B141: ELEMENTOS Y COMPUESTOS QUIMICOS
B142: COMBUSTIBLES Y LUBRICANTES
B143: PRODUCTOS MEDICINALES Y FARMACEUTICOS
B144: TINTES, PINTURAS Y COLORANTES
B145: PRODUCTOS PLASTICOS, NYLON, VINIL Y PVC
B146: OTROS PRODUCTOS METALICOS
B147: UTILES DE LIMPIEZA Y PRODUCTOS SANITARIOS
B148: UTILES MENORES MEDICO QUIRURGICOS Y DE LAB.
... B151: OTROS MATERIALES Y SUMINISTROS
B152: TOTAL MATERIALES Y SUMINISTROS | C152: =SUM(C138:C151) -> 0 | D152: =SUM(D138:D151) -> 0 | E152: =SUM(E138:E151) -> 0 | F152: =SUM(F138:F151) -> 0 | G152: =SUM(G138:G151) -> 0 | H152: =SUM(H138:H151) -> 0 | I152: =SUM(I138:I151) -> 0 | J152: =SUM(J138:J151) -> 0
C177: PROGRAMACION POR TIPO DE GASTO AÑO 2023
C178: RESUMEN AL 31 DE OCTUBRE 2023
C179: No. | D179: CATEGORIA DEL GASTO DE FUNCIONAMIENTO | E179: TOTAL ANUAL
E180: PRESUPUESTO | F180: COMPROMETIDO
C181: 011 | D181: RECURSO HUMANO | E181: =+'OCTUBRE F-5 CONV-38-2023'!C170 -> 0 | F181: =+'OCTUBRE F-5 CONV-38-2023'!D170 -> 0
...

Sheet OCTUBRE F-6 CONV. 38-2023
B7: ÀREA FINANCIERA | J7: F-6
A9: UNIDAD DE CIRUGIA CARDIOVASCULAR DE GUATEMALA
A10: 5a. AVENIDA 6-22 ZONA 11
A11: CORREO ELECTRÓNICO Y TELÉFONO
A12: dgunicar@yahoo.es Tel. 24163000
A14: Ejecucion fìnanciera por categoria del gasto primer cuatrimestre 2023
A16: Categoría del gasto de funcionamiento | B16: Enero | D16: Febrero | F16: Marzo | H16: Abril | J16: Totales
B17: Prog. | C17: Ejecutado | D17: Prog. | E17: Ejecutado | F17: Prog. | G17: Ejecutado | H17: Prog. | I17: Ejecutado | J17: Prog. | K17: Ejecutado
A18: Recurso Humano | B18: 0 | C18: 0 | D18: 0 | E18: 0 | F18: 0 | G18: 0 | H18: 0 | I18: 0 | J18: =+B18+D18+F18+H18 -> 0 | K18: =+C18+E18+G18+I18 -> 0
A19: Gastos de operación | B19: 0 | C19: 0 | D19: 0 | E19: 0 | F19: 0 | G19: 0 | H19: 0 | I19: 0 | J19: =+B19+D19+F19+H19 -> 0 | K19: =+C19+E19+G19+I19 -> 0
A20: Propiedad planta y equipo | J20: =+B20+D20+F20+H20 -> 0 | K20: =+C20+E20+G20+I20 -> 0
A21: TOTAL | B21: =SUM(B18:B20) -> 0 | C21: =SUM(C18:C20) -> 0 | D21: =SUM(D18:D20) -> 0 | E21: =SUM(E18:E20) -> 0 | F21: =SUM(F18:F20) -> 0 | G21: =SUM(G18:G20) -> 0 | H21: =SUM(H18:H20) -> 0 | I21: =SUM(I18:I20) -> 0 | ... K21: =SUM(K18:K20) -> 0
A23: Ejecucion fìnanciera por categoria del gasto segundo cuatrimestre 2023
A25: Categoría del gasto de funcionamiento | B25: Mayo | D25: Junio | F25: Julio | H25: Agosto | J25: Totales
B26: Prog. | C26: Ejecutado | D26: Prog. | E26: Ejecutado | F26: Prog. | G26: Ejecutado | H26: Prog. | I26: Ejecutado | J26: Prog. | K26: Ejecutado
A27: Recurso Humano | B27: 0 | C27: 0 | D27: 0 | E27: 0 | F27: 0 | G27: 0 | H27: 0 | I27: 0 | J27: =+B27+D27+F27+H27 -> 0 | K27: =+C27+E27+G27+I27 -> 0
A28: Gastos de operación | B28: 0 | C28: 0 | D28: 0 | E28: 0 | F28: 0 | G28: 0 | H28: 0 | I28: 0 | J28: =+B28+D28+F28+H28 -> 0 | K28: =+C28+E28+G28+I28 -> 0
A29: TOTAL | B29: =SUM(B27:B28) -> 0 | C29: =SUM(C27:C28) -> 0 | D29: =SUM(D27:D28) -> 0 | E29: =SUM(E27:E28) -> 0 | F29: =SUM(F27:F28) -> 0 | G29: =SUM(G27:G28) -> 0 | H29: =SUM(H27:H28) -> 0 | I29: =SUM(I27:I28) -> 0 | ... K29: =SUM(K27:K28) -> 0
A32: Ejecucion fìnanciera por categoria del gasto tercer cuatrimestre 2023
A34: Categoría del gasto de funcionamiento | B34: Septiembre | D34: Octubre | F34: Noviembre | H34: Diciembre | J34: Totales
B35: Prog. | C35: Ejecutado | D35: Prog. | E35: Ejecutado | F35: Prog. | G35: Ejecutado | H35: Prog. | I35: Ejecutado | J35: Prog. | K35: Ejecutado
A36: Recurso Humano | B36: 0 | C36: 0 | D36: 0 | E36: 0 | J36: =+B36+D36+F36+H36 -> 0 | K36: =+C36+E36+G36+I36 -> 0
A37: Gastos de operación | B37: 0 | C37: 0 | D37: 15000000 | E37: 0 | J37: =+B37+D37+F37+H37 -> 15000000 | K37: =+C37+E37+G37+I37 -> 0
A38: TOTAL | B38: =SUM(B36:B37) -> 0 | C38: =SUM(C36:C37) -> 0 | D38: =SUM(D36:D37) -> 15000000 | E38: =SUM(E36:E37) -> 0 | F38: =SUM(F36:F37) -> 0 | G38: =SUM(G36:G37) -> 0 | H38: =SUM(H36:H37) -> 0 | I38: =SUM(I36:I37) -> 0 | ... K38: =SUM(K36:K37) -> 0
A40: Resumen año 2023
A41: Categoría del gasto | B41: año 2023
B42: Presupuestado | C42: Ejecutado
A43: Recurso Humano | B43: =+J18+J27+J36 -> 0 | C43: =+K18+K27+K36 -> 0
A44: Gastos de operación | B44: =+J19+J28+J37 -> 15000000 | C44: =+K19+K28+K37 -> 0
A45: TOTAL | B45: =SUM(B43:B44) -> 15000000 | C45: =SUM(C43:C44) -> 0
A69: Elaborado por: | C69: ___________________________ | F69: Autorizado por: | H69: ___________________________________
C70: Víctor Cresencio Reyes Porres | H70: Lic. Douglas Antonio Díaz Rivera
C71: Jefe de Contabilidad | H71: Representante Legal
A72: Fecha: | C72: 10 de noviembre 2023

Sheet NOVIEMBRE F-5 CONV. 09-2023
B8: ÀREA FINANCIERA | K8: F-5
A10: UNIDAD DE CIRUGIA CARDIOVASCULAR DE GUATEMALA
A11: 5a. AVENIDA 6-22 ZONA 11
A12: dgunicar@yahoo.es Tel. 24163000
A14: Programación y ejecucion mensual por tipo de gasto año 2023, Expresado en Quetzales primer cuatrimestre 2023
A15: No. | B15: CATEGORIA DEL GASTO DE FUNCIONAMIENTO | C15: ENERO | E15: FEBRERO | G15: MARZO | I15: ABRIL | K15: TOTAL CUATRIMESTRE
C16: PROG. | D16: EJECUTADO | E16: PROG. | F16: EJECUTADO | G16: PROG. | H16: EJECUTADO | I16: PROG. | J16: EJECUTADO | K16: PROG. | L16: EJECUTADO
B17: RECURSO HUMANO
A18: 011 | B18: SUELOS Y SALARIOS | C18: 3361148.5 | D18: 2939970.1 | E18: 3361148.5 | F18: 2914006.4 | G18: 3361148.5 | H18: 2948436.8 | I18: 3361148.5 | J18: 2929171.3 | K18: =+C18+E18+G18+I18 -> 13444594 | L18: =+D18+F18+H18+J18 -> 11731585
B19: CUOTA PATRONAL | H19: 1076452.8 | J19: 358716.74 | L19: =+D19+F19+H19+J19 -> 1435169.6
B20: TOTAL RECURSO HUMANO | C20: =SUM(C18:C19) -> 3361148.5 | D20: =SUM(D18:D19) -> 2939970.1 | E20: =SUM(E18:E19) -> 3361148.5 | F20: =SUM(F18:F19) -> 2914006.4 | G20: =SUM(G18:G19) -> 3361148.5 | H20: =SUM(H18:H19) -> 4024889.6 | I20: =SUM(I18:I19) -> 3361148.5 | J20: =SUM(J18:J19) -> 3287888 | ... L20: =SUM(L18:L19) -> 13166754
B22: GASTOS DE OPERACIÓN
A23: 111 | B23: ENERGIA ELECTRICA | C23: 0 | D23: 0 | E23: 88000 | F23: 0 | G23: 88000 | H23: 87425.59 | I23: 88000 | J23: 100265.42 | K23: =+C23+E23+G23+I23 -> 264000 | L23: =+D23+F23+H23+J23 -> 187691.01
A24: 113 | B24: SERVICIO DE INTERNET Y TELEFONIA | C24: 0 | D24: 0 | E24: 11585.06 | F24: 8525.7 | G24: 11585.06 | H24: 11440.41 | I24: 11585.06 | J24: 11412.67 | K24: =+C24+E24+G24+I24 -> 34755.18 | L24: =+D24+F24+H24+J24 -> 31378.78
A25: 122 | B25: IMPRESIÓN, ENCUADERNACION Y REPRODUCCION | C25: 0 | D25: 0 | E25: 68124.37 | F25: 0 | G25: 0 | H25: 440 | I25: 0 | J25: 42472.5 | K25: =+C25+E25+G25+I25 -> 68124.37 | L25: =+D25+F25+H25+J25 -> 42912.5
A26: 163 | B26: MANT. Y REP. EQUIPO MEDICO SANITARIO Y DE LAB. | C26: 50000 | D26: 0 | E26: =16335+50000 -> 66335 | F26: 0 | G26: =214550+50000 -> 264550 | H26: 6400.89 | I26: 50000 | J26: 133312.11 | K26: =+C26+E26+G26+I26 -> 430885 | L26: =+D26+F26+H26+J26 -> 139713
A27: 168 | B27: MANTENIMIENTO Y REPARACION DE EQUIPO DE COMPUTO | C27: 0 | D27: 0 | E27: 0 | F27: 0 | G27: 0 | H27: 0 | I27: 0 | J27: 0 | K27: =+C27+E27+G27+I27 -> 0 | L27: =+D27+F27+H27+J27 -> 0
A28: 169 | B28: MANT. Y REP. DE OTRAS MAQ. Y EQUIPO | C28: 10000 | D28: 0 | E28: 0 | F28: 0 | G28: 0 | H28: 0 | I28: 0 | J28: 0 | K28: =+C28+E28+G28+I28 -> 10000 | L28: =+D28+F28+H28+J28 -> 0
A29: 171 | B29: MANT. Y REPARACION DE EDIFICIOS | C29: 10000 | D29: 0 | E29: 0 | F29: 0 | G29: 8140 | H29: 0 | I29: 1320 | J29: 7400 | K29: =+C29+E29+G29+I29 -> 19460 | L29: =+D29+F29+H29+J29 -> 7400
A30: 174 | B30: MANT. Y REP. DE INSTALACIONES | C30: 15765.66 | D30: 0 | E30: 5765.66 | F30: 5765.66 | G30: 7265.66 | H30: 5765.66 | I30: 7265.66 | J30: 5765.66 | K30: =+C30+E30+G30+I30 -> 36062.64 | L30: =+D30+F30+H30+J30 -> 17296.98
A31: 182 | B31: SERVICIOS MEDICO-SANITARIOS | C31: 278286 | D31: 0 | E31: 274686 | F31: 50615 | G31: 277086 | H31: 257315 | I31: 266886 | J31: 288696 | K31: =+C31+E31+G31+I31 -> 1096944 | L31: =+D31+F31+H31+J31 -> 596626
A32: 197 | B32: SERVICIOS DE VIGILANCIA | C32: 0 | D32: 0 | E32: 43200 | F32: 0 | G32: 43200 | H32: 42000 | I32: 43200 | J32: 42000 | K32: =+C32+E32+G32+I32 -> 129600 | L32: =+D32+F32+H32+J32 -> 84000
A33: 199 | B33: OTROS SERVICIOS NO PERSONALES | C33: 60838.7 | D33: 0 | E33: 147087.5 | F33: 8200.8 | G33: 48537.5 | H33: 69332.8 | I33: 48537.5 | J33: 58547.1 | K33: =+C33+E33+G33+I33 -> 305001.2 | L33: =+D33+F33+H33+J33 -> 136080.7
A34: 211 | B34: ALIMENTOS PARA PERSONAS | C34: 37249 | D34: 0 | E34: 47931.75 | F34: 0 | G34: 47931.75 | H34: 59267.75 | I34: 37249 | J34: 51050.5 | K34: =+C34+E34+G34+I34 -> 170361.5 | L34: =+D34+F34+H34+J34 -> 110318.25
A35: 232 | B35: ACABADOS TEXTILES | C35: 0 | D35: 0 | E35: 86640 | F35: 0 | G35: 0 | H35: 0 | I35: 0 | J35: 0 | K35: =+C35+E35+G35+I35 -> 86640 | L35: =+D35+F35+H35+J35 -> 0
A36: 261 | B36: ELEMENTOS Y COMPUESTOS QUIMICOS | C36: 0 | D36: 0 | E36: 826396.92 | F36: 62510.51 | G36: 0 | H36: 64391.24 | I36: 0 | J36: 162057.62 | K36: =+C36+E36+G36+I36 -> 826396.92 | L36: =+D36+F36+H36+J36 -> 288959.37
A37: 262 | B37: COMBUSTIBLES Y LUBRICANTES | C37: 7947.35 | D37: 0 | E37: 0 | F37: 0 | G37: 0 | H37: 0 | I37: 0 | J37: 0 | K37: =+C37+E37+G37+I37 -> 7947.35 | L37: =+D37+F37+H37+J37 -> 0
A38: 266 | B38: PRODUCTOS MEDICINALES Y FARMACEUTICOS | C38: 0 | D38: 0 | E38: 619212.26 | F38: 0 | G38: 0 | H38: 186614 | I38: 0 | J38: 131300 | K38: =+C38+E38+G38+I38 -> 619212.26 | L38: =+D38+F38+H38+J38 -> 317914
... A45: 297 | B45: UTILES, ACCESORIOS Y MATERIALES ELECTRICOS | C45: 10000 | D45: 0 | E45: 8945.44 | F45: 0 | G45: 0 | H45: 0 | I45: 0 | J45: 16586.2 | K45: =+C45+E45+G45+I45 -> 18945.44 | L45: =+D45+F45+H45+J45 -> 16586.2
A46: 298 | B46: ACCESORIOS Y REPUESTOS EN GENERAL | C46: 33333.33 | D46: 0 | E46: =33333.33+9801.67 -> 43135 | F46: 0 | G46: 33333.33 | H46: 12500 | I46: 33333.33 | J46: 73419.55 | K46: =+C46+E46+G46+I46 -> 143134.99 | L46: =+D46+F46+H46+J46 -> 85919.55
A47: 299 | B47: OTROS MATERIALES Y SUMINISTROS | C47: 19097.08 | D47: 0 | E47: 19097.08 | F47: 0 | G47: 19097.08 | H47: 0 | I47: 19097.08 | J47: 11561.43 | K47: =+C47+E47+G47+I47 -> 76388.32 | L47: =+D47+F47+H47+J47 -> 11561.43
A48: 323 | B48: EQUIPO MEDICO-SANITARIO Y DE LABORATORIO | C48: 0 | D48: 0 | E48: 0 | F48: 0 | G48: 0 | H48: 0 | I48: 0 | J48: 0 | K48: =+C48+E48+G48+I48 -> 0 | L48: =+D48+F48+H48+J48 -> 0
B49: TOTAL GASTOS DE OPERACIÓN | C49: =SUM(C23:C48) -> 551427.17 | D49: =SUM(D23:D48) -> 0 | E49: =SUM(E23:E48) -> 5633937.6 | F49: =SUM(F23:F48) -> 135617.67 | G49: =SUM(G23:G48) -> 848726.38 | H49: =SUM(H23:H48) -> 1618801.8 | I49: =SUM(I23:I48) -> 606473.63 | J49: =SUM(J23:J48) -> 1614363.4 | ... L49: =SUM(L23:L48) -> 3368782.8
B50: TOTAL GENERAL | C50: =+C49+C20 -> 3912575.6 | D50: =+D49+D20 -> 2939970.1 | E50: =+E49+E20 -> 8995086 | F50: =+F49+F20 -> 3049624.1 | G50: =+G49+G20 -> 4209874.8 | H50: =+H49+H20 -> 5643691.3 | I50: =+I49+I20 -> 3967622.1 | J50: =+J49+J20 -> 4902251.4 | ... L50: =+L49+L20 -> 16535537
A56: Programación y ejecucion mensual por tipo de gasto año 2023, Expresado en Quetzales segundo cuatrimestre 2023
A57: No. | B57: =+B15 -> CATEGORIA DEL GASTO DE FUNCIONAMIENTO | C57: MAYO | E57: JUNIO | G57: JULIO | I57: AGOSTO | K57: TOTAL CUATRIMESTRE
C58: PROG. | D58: EJECUTADO | E58: PROG. | F58: EJECUTADO | G58: PROG. | H58: EJECUTADO | I58: PROG. | J58: EJECUTADO | K58: PROG. | L58: EJECUTADO
A59: 011 | B59: RECURSO HUMANO
B60: SUELOS Y SALARIOS | C60: 3361148.5 | D60: 2940365.1 | E60: 3361148.5 | F60: 3011624.1 | G60: 6070495.5 | H60: 3028479 | I60: 3361148.5 | J60: 3015901.4 | K60: =+C60+E60+G60+I60 -> 16153941 | L60: =+D60+F60+H60+J60 -> 11996370
B61: BONO 14 | H61: 2668116.4 | J61: 0 | L61: =+D61+F61+H61+J61 -> 2668116.4
B62: CUOTA PATRONAL | D62: 360102.28 | F62: 369024.16 | H62: 0 | J62: 739957.97 | L62: =+D62+F62+H62+J62 -> 1469084.4
B63: TOTAL RECURSO HUMANO | C63: =SUM(C60:C62) -> 3361148.5 | D63: =SUM(D60:D62) -> 3300467.4 | E63: =SUM(E60:E62) -> 3361148.5 | F63: =SUM(F60:F62) -> 3380648.2 | G63: =SUM(G60:G62) -> 6070495.5 | H63: =SUM(H60:H62) -> 5696595.4 | I63: =SUM(I60:I62) -> 3361148.5 | J63: =SUM(J60:J62) -> 3755859.3 | ... L63: =SUM(L60:L62) -> 16133570
B65: GASTOS DE OPERACIÓN
A66: 111 | B66: ENERGIA ELECTRICA | C66: 88000 | D66: 97538.98 | E66: 88000 | F66: 107910.41 | G66: 88000 | H66: 101929.93 | I66: 88000 | J66: 100438.7 | K66: =+C66+E66+G66+I66 -> 352000 | L66: =+D66+F66+H66+J66 -> 407818.02
A67: 113 | B67: SERVICIO DE INTERNET Y TELEFONIA | C67: 11585.06 | D67: 11401.8 | E67: 11585.06 | F67: 11464.57 | G67: 11585.06 | H67: 11458.71 | I67: 11585.06 | J67: 11479.01 | K67: =+C67+E67+G67+I67 -> 46340.24 | L67: =+D67+F67+H67+J67 -> 45804.09
A68: 122 | B68: IMPRESIÓN, ENCUADERNACION Y REPRODUCCION | C68: 0 | D68: 11495 | E68: 0 | F68: 4070 | G68: 0 | H68: 2343 | I68: 0 | J68: 0 | K68: =+C68+E68+G68+I68 -> 0 | L68: =+D68+F68+H68+J68 -> 17908
A69: 163 | B69: MANT. Y REP. EQUIPO MEDICO SANITARIO Y DE LAB. | C69: =35375+50000 -> 85375 | D69: 68707 | E69: =18575+50000 -> 68575 | F69: 53647.66 | G69: =176415+50000 -> 226415 | H69: 53986 | I69: 50000 | J69: 89559.56 | K69: =+C69+E69+G69+I69 -> 430365 | L69: =+D69+F69+H69+J69 -> 265900.22
A70: 168 | B70: MANTENIMIENTO Y REPARACION DE EQUIPO DE COMPUTO | C70: 0 | D70: 0 | E70: 0 | F70: 0 | G70: 0 | H70: 0 | I70: 0 | J70: 0 | K70: =+C70+E70+G70+I70 -> 0 | L70: =+D70+F70+H70+J70 -> 0
A71: 169 | B71: MANT. Y REP. DE OTRAS MAQ. Y EQUIPO | C71: 14550 | D71: 0 | E71: 0 | F71: 0 | G71: 0 | H71: 13150 | I71: 0 | J71: 0 | K71: =+C71+E71+G71+I71 -> 14550 | L71: =+D71+F71+H71+J71 -> 13150
A72: 171 | B72: MANT. Y REPARACION DE EDIFICIOS | C72: 1320 | D72: 6852.5 | E72: 1320 | F72: 1200 | G72: 8140 | H72: 1200 | I72: 1320 | J72: 1200 | K72: =+C72+E72+G72+I72 -> 12100 | L72: =+D72+F72+H72+J72 -> 10452.5
A73: 174 | B73: MANT. Y REP. DE INSTALACIONES | C73: 29765.66 | D73: 7115.66 | E73: 7265.66 | F73: 7115.66 | G73: 7265.66 | H73: 8465.66 | I73: 7265.66 | J73: 7115.66 | K73: =+C73+E73+G73+I73 -> 51562.64 | L73: =+D73+F73+H73+J73 -> 29812.64
A74: 182 | B74: SERVICIOS MEDICO-SANITARIOS | C74: 296886 | D74: 333329 | E74: 277686 | F74: 281256 | G74: 270486 | H74: 328677 | I74: 281886 | J74: 292049 | K74: =+C74+E74+G74+I74 -> 1126944 | L74: =+D74+F74+H74+J74 -> 1235311
A75: 197 | B75: SERVICIOS DE VIGILANCIA | C75: 38400 | D75: 0 | E75: 0 | F75: 0 | G75: 0 | H75: 0 | I75: 0 | J75: 0 | K75: =+C75+E75+G75+I75 -> 38400 | L75: =+D75+F75+H75+J75 -> 0
A76: 199 | B76: OTROS SERVICIOS NO PERSONALES | C76: 50789 | D76: 65496.54 | E76: 52839.2 | F76: 63814.1 | G76: 94489 | H76: 62879.9 | I76: 50789 | J76: 63494.2 | K76: =+C76+E76+G76+I76 -> 248906.2 | L76: =+D76+F76+H76+J76 -> 255684.74
A77: 211 | B77: ALIMENTOS PARA PERSONAS | C77: 47931.75 | D77: 52824.75 | E77: 47931.75 | F77: 57095.75 | G77: 47931.75 | H77: 25463 | I77: 28698.25 | J77: 12343.25 | K77: =+C77+E77+G77+I77 -> 172493.5 | L77: =+D77+F77+H77+J77 -> 147726.75
A78: 232 | B78: ACABADOS TEXTILES | C78: 86640 | D78: 0 | E78: 0 | F78: 20798 | G78: 0 | H78: 0 | I78: 0 | J78: 45825 | K78: =+C78+E78+G78+I78 -> 86640 | L78: =+D78+F78+H78+J78 -> 66623
A79: 261 | B79: ELEMENTOS Y COMPUESTOS QUIMICOS | C79: 0 | D79: 64332.02 | E79: 0 | F79: 0 | G79: 0 | H79: 109281.64 | I79: 0 | J79: 20458.96 | K79: =+C79+E79+G79+I79 -> 0 | L79: =+D79+F79+H79+J79 -> 194072.62
A80: 262 | B80: COMBUSTIBLES Y LUBRICANTES | C80: 0 | D80: 0 | E80: 0 | F80: 0 | G80: 0 | H80: 0 | I80: 0 | J80: 7947.35 | K80: =+C80+E80+G80+I80 -> 0 | L80: =+D80+F80+H80+J80 -> 7947.35
A81: 266 | B81: PRODUCTOS MEDICINALES Y FARMACEUTICOS | C81: 810000 | D81: 4050 | E81: 0 | F81: 816961.68 | G81: 0 | H81: 36650 | I81: 0 | J81: 48691.5 | K81: =+C81+E81+G81+I81 -> 810000 | L81: =+D81+F81+H81+J81 -> 906353.18
... A90: 299 | B90: OTROS MATERIALES Y SUMINISTROS | C90: 19097.08 | D90: 37258.03 | E90: 19097.08 | F90: 11113.48 | G90: 19097.08 | H90: 70056.06 | I90: 19097.08 | J90: 87874.5 | K90: =+C90+E90+G90+I90 -> 76388.32 | L90: =+D90+F90+H90+J90 -> 206302.07
A91: 323 | B91: EQUIPO MEDICO-SANITARIO Y DE LABORATORIO | C91: 2500000 | D91: 0 | F91: 68000 | G91: 0 | H91: 73920 | I91: 0 | J91: 0 | K91: =+C91+E91+G91+I91 -> 2500000 | L91: =+D91+F91+H91+J91 -> 141920
B92: TOTAL GASTOS DE OPERACIÓN | C92: =SUM(C66:C91) -> 4888282.3 | D92: =SUM(D66:D91) -> 1554870.2 | E92: =SUM(E66:E91) -> 17602011 | F92: =SUM(F66:F91) -> 3625974.8 | G92: =SUM(G66:G91) -> 806742.88 | H92: =SUM(H66:H91) -> 5272466.1 | I92: =SUM(I66:I91) -> 571974.38 | J92: =SUM(J66:J91) -> 2562957 | ... L92: =SUM(L66:L91) -> 13016268
B93: TOTAL GENERAL | C93: =+C92+C63 -> 8249430.8 | D93: =+D92+D63 -> 4855337.6 | E93: =+E92+E63 -> 20963159 | F93: =+F92+F63 -> 7006623.1 | G93: =+G92+G63 -> 6877238.3 | H93: =+H92+H63 -> 10969062 | I93: =+I92+I63 -> 3933122.9 | J93: =+J92+J63 -> 6318816.3 | ... L93: =+L92+L63 -> 29149839
A111: Programación y ejecucion mensual por tipo de gasto año 2023, Expresado en Quetzales tercer cuatrimestre 2023
A112: No. | B112: CATEGORIA DE GASTO | C112: SEPTIEMBRE | E112: OCTUBRE | G112: NOVIEMBRE | I112: DICIEMBRE | K112: TOTAL CUATRIMESTRE
C113: PROG. | D113: EJECUTADO | E113: PROG. | F113: EJECUTADO | G113: PROG. | H113: EJECUTADO | I113: PROG. | J113: EJECUTADO | K113: PROG. | L113: EJECUTADO
A114: 011 | B114: RECURSO HUMANO
B115: SUELOS Y SALARIOS | C115: 3361148.5 | D115: =3372846.06-368538.34 -> 3004307.7 | E115: 3361148.5 | F115: =3012401.02-53.4 -> 3012347.6 | G115: 3361148.5 | H115: 3104951.9 | K115: =+C115+E115+G115+I115 -> 10083445 | L115: =+D115+F115+H115+J115 -> 9121607.3
B116: CUOTA PATRONAL | C116: 0 | D116: 368538.34 | F116: 368809.02 | H116: 379986.33 | K116: =+C116+E116+G116+I116 -> 0 | L116: =+D116+F116+H116+J116 -> 1117333.7
B117: TOTAL RECURSO HUMANO | C117: =SUM(C115:C116) -> 3361148.5 | D117: =SUM(D115:D116) -> 3372846.1 | E117: =SUM(E115:E116) -> 3361148.5 | F117: =SUM(F115:F116) -> 3381156.6 | G117: =SUM(G115:G116) -> 3361148.5 | H117: =SUM(H115:H116) -> 3484938.3 | I117: =SUM(I115:I116) -> 0 | J117: =SUM(J115:J116) -> 0 | ... L117: =SUM(L115:L116) -> 10238941
B119: GASTOS DE FUNCIONAMIENTO
A120: 111 | B120: ENERGIA ELECTRICA | C120: 88000 | D120: 102900.73 | E120: 146423.58 | F120: 100663.29 | G120: =88000+58423.58 -> 146423.58 | H120: 98909.34 | K120: =+C120+E120+G120+I120 -> 380847.16 | L120: =+D120+F120+H120+J120 -> 302473.36
A121: 113 | B121: SERVICIO DE INTERNET Y TELEFONIA | C121: 11585.06 | D121: 11467.41 | E121: 11067.77 | F121: 11449.66 | G121: =11585.06-517.29 -> 11067.77 | H121: 11442.71 | K121: =+C121+E121+G121+I121 -> 33720.6 | L121: =+D121+F121+H121+J121 -> 34359.78
A122: 122 | B122: IMPRESIÓN, ENCUADERNACION Y REPRODUCCION | C122: 0 | D122: 0 | E122: 0 | F122: 5640 | G122: 0 | H122: 1510 | K122: =+C122+E122+G122+I122 -> 0 | L122: =+D122+F122+H122+J122 -> 7150
A123: 163 | B123: MANT. Y REP. EQUIPO MEDICO SANITARIO Y DE LAB. | C123: =62900+50000 -> 112900 | D123: 54054.44 | E123: 20144.13 | F123: 15450 | G123: =50000+165790-45065.87 -> 170724.13 | H123: 21573.66 | K123: =+C123+E123+G123+I123 -> 303768.26 | L123: =+D123+F123+H123+J123 -> 91078.1
A124: 168 | B124: MANTENIMIENTO Y REPARACION DE EQUIPO DE COMPUTO | C124: 0 | D124: 0 | E124: 0 | F124: 0 | G124: 0 | H124: 0 | K124: =+C124+E124+G124+I124 -> 0 | L124: =+D124+F124+H124+J124 -> 0
A125: 169 | B125: MANT. Y REP. DE OTRAS MAQ. Y EQUIPO | C125: 0 | D125: 0 | E125: 0 | F125: 0 | G125: 18600 | H125: 0 | K125: =+C125+E125+G125+I125 -> 18600 | L125: =+D125+F125+H125+J125 -> 0
A126: 171 | B126: MANT. Y REPARACION DE EDIFICIOS | C126: 1320 | D126: 7400 | E126: 1284.17 | F126: 8135 | G126: =8140-35.83 -> 8104.17 | H126: 1200 | K126: =+C126+E126+G126+I126 -> 10708.34 | L126: =+D126+F126+H126+J126 -> 16735
A127: 174 | B127: MANT. Y REP. DE INSTALACIONES | C127: 7265.66 | D127: 29615.66 | E127: 7265.66 | F127: 5765.66 | G127: 7265.66 | H127: 5765.66 | K127: =+C127+E127+G127+I127 -> 21796.98 | L127: =+D127+F127+H127+J127 -> 41146.98
A128: 182 | B128: SERVICIOS MEDICO-SANITARIOS | C128: 198300 | D128: 323108 | E128: 172889 | F128: 275995 | G128: =211300-35611 -> 175689 | H128: 197815 | K128: =+C128+E128+G128+I128 -> 546878 | L128: =+D128+F128+H128+J128 -> 796918
A129: 197 | B129: SERVICIOS DE VIGILANCIA | C129: 0 | D129: 0 | E129: 0 | F129: 0 | G129: 0 | H129: 0 | K129: =+C129+E129+G129+I129 -> 0 | L129: =+D129+F129+H129+J129 -> 0
A130: 199 | B130: OTROS SERVICIOS NO PERSONALES | C130: 50789 | D130: 59720.61 | E130: 38875.8 | F130: 61994.54 | G130: =50789-22164.2 -> 28624.8 | H130: 52812.2 | K130: =+C130+E130+G130+I130 -> 118289.6 | L130: =+D130+F130+H130+J130 -> 174527.35
A131: 211 | B131: ALIMENTOS PARA PERSONAS | C131: 0 | D131: 0 | E131: 0 | F131: 84651 | G131: =47931.75-47931.75 -> 0 | H131: 0 | K131: =+C131+E131+G131+I131 -> 0 | L131: =+D131+F131+H131+J131 -> 84651
A132: 232 | B132: ACABADOS TEXTILES | C132: 11533 | D132: 0 | E132: 0 | F132: 2625 | G132: 0 | H132: 77315 | K132: =+C132+E132+G132+I132 -> 11533 | L132: =+D132+F132+H132+J132 -> 79940
A133: 261 | B133: ELEMENTOS Y COMPUESTOS QUIMICOS | C133: 0 | D133: 72046.69 | E133: 0 | F133: 54856.92 | G133: 0 | H133: 47764.73 | K133: =+C133+E133+G133+I133 -> 0 | L133: =+D133+F133+H133+J133 -> 174668.34
A134: 262 | B134: COMBUSTIBLES Y LUBRICANTES | C134: 0 | D134: 0 | E134: 0 | F134: 0 | G134: 0 | H134: 0 | K134: =+C134+E134+G134+I134 -> 0 | L134: =+D134+F134+H134+J134 -> 0
A135: 266 | B135: PRODUCTOS MEDICINALES Y FARMACEUTICOS | C135: 0 | D135: 0 | E135: 19956.14 | F135: 84965 | G135: =19956.14 -> 19956.14 | H135: 114037.1 | K135: =+C135+E135+G135+I135 -> 39912.28 | L135: =+D135+F135+H135+J135 -> 199002.1
A136: 267 | B136: TINTES, PINTURAS Y COLORANTES | C136: 0 | D136: 0 | E136: 0 | F136: 0 | G136: 0 | H136: 0 | K136: =+C136+E136+G136+I136 -> 0 | L136: =+D136+F136+H136+J136 -> 0
A137: 268 | B137: PRODUCTOS PLASTICOS, NYLON, VINIL Y PVC | C137: 0 | D137: 0 | E137: 2261.5 | F137: 0 | G137: 2261.5 | H137: 0 | K137: =+C137+E137+G137+I137 -> 4523 | L137: =+D137+F137+H137+J137 -> 0
A138: 269 | B138: OTROS PRODUCTOS QUIMICOS Y CONEXOS | C138: 0 | D138: 9916.05 | E138: 0 | F138: 0 | G138: 0 | H138: 0 | K138: =+C138+E138+G138+I138 -> 0 | L138: =+D138+F138+H138+J138 -> 9916.05
A139: 289 | B139: OTROS PRODUCTOS METALICOS | C139: 0 | D139: 0 | E139: 0 | F139: 0 | G139: 0 | H139: 0 | K139: =+C139+E139+G139+I139 -> 0 | L139: =+D139+F139+H139+J139 -> 0
A140: 292 | B140: UTILES DE LIMPIEZA Y PRODUCTOS SANITARIOS | C140: 0 | D140: 0 | E140: 872.45 | F140: 0 | G140: 872.45 | H140: 0 | K140: =+C140+E140+G140+I140 -> 1744.9 | L140: =+D140+F140+H140+J140 -> 0
A141: 295 | B141: UTILES MENORES MEDICO QUIRURGICOS Y DE LAB. | C141: 0 | D141: 3044286.9 | E141: 124167.25 | F141: 1598184.5 | G141: 124167.25 | H141: 2748946.6 | K141: =+C141+E141+G141+I141 -> 248334.5 | L141: =+D141+F141+H141+J141 -> 7391418.1
A142: 297 | B142: UTILES, ACCESORIOS Y MATERIALES ELECTRICOS | C142: 0 | D142: 0 | E142: 4267.7 | F142: 0 | G142: 4267.7 | H142: 0 | K142: =+C142+E142+G142+I142 -> 8535.4 | L142: =+D142+F142+H142+J142 -> 0
A143: 298 | B143: ACCESORIOS Y REPUESTOS EN GENERAL | C143: 33333.33 | D143: 104338.68 | E143: 61206.83 | F143: 36570 | G143: =33333.33+27873.5 -> 61206.83 | H143: 7610 | K143: =+C143+E143+G143+I143 -> 155746.99 | L143: =+D143+F143+H143+J143 -> 148518.68
A144: 299 | B144: OTROS MATERIALES Y SUMINISTROS | C144: 19097.09 | D144: 11040.54 | E144: 19090.59 | F144: 254.46 | G144: 19097.09 | H144: 0 | K144: =+C144+E144+G144+I144 -> 57284.77 | L144: =+D144+F144+H144+J144 -> 11295
A145: 323 | B145: EQUIPO MEDICO-SANITARIO Y DE LABORATORIO | C145: 0 | D145: 21000 | E145: 0 | F145: 0 | G145: 0 | H145: 0 | K145: =+C145+E145+G145+I145 -> 0 | L145: =+D145+F145+H145+J145 -> 21000
B146: TOTAL GASTOS DE FUNCIONAMIENTO | C146: =SUM(C120:C145) -> 534123.14 | D146: =SUM(D120:D145) -> 3850895.8 | E146: =SUM(E120:E145) -> 629772.57 | F146: =SUM(F120:F145) -> 2347200.1 | G146: =SUM(G120:G145) -> 798328.07 | H146: =SUM(H120:H145) -> 3386702 | I146: =SUM(I120:I145) -> 0 | J146: =SUM(J120:J145) -> 0 | ... L146: =SUM(L120:L145) -> 9584797.8
B147: TOTAL GENERAL | C147: =+C146+C117 -> 3895271.6 | D147: =+D146+D117 -> 7223741.8 | E147: =+E146+E117 -> 3990921 | F147: =+F146+F117 -> 5728356.7 | G147: =+G146+G117 -> 4159476.5 | H147: =+H146+H117 -> 6871640.3 | I147: =+I146+I117 -> 0 | J147: =+J146+J117 -> 0 | ... L147: =+L146+L117 -> 19823739
B167: RESUMEN AÑO 2023
...

Sheet NOVIEMBRE ANEXO A F-5 C.09-2023
B8: ÀREA FINANCIERA | I8: ANEXO DE F-5
A10: UNIDAD DE CIRUGIA CARDIOVASCULAR DE GUATEMALA
A11: 5a. AVENIDA 6-22 ZONA 11
A12: dgunicar@yahoo.es Tel. 24163000
A14: Programación mensual por tipo de gasto año 2018, Expresado en Quetzales primer cuatrimestre 2018
A15: No. | B15: CATEGORIA DE GASTO | C15: ENERO | E15: FEBRERO | G15: MARZO | I15: ABRIL
C16: PRESUPUESTO | D16: REAL | E16: PRESUPUESTO | F16: REAL | G16: PRESUPUESTO | H16: REAL | I16: PRESUPUESTO | J16: REAL
B17: RECURSO HUMANO | C17: 1764858.4 | D17: 1492317.4 | E17: 1764858.4 | F17: 1792563.6 | G17: 1764858.4 | H17: 1578007.9 | I17: 1764858.4 | J17: 1803793.6
B19: GASTOS DE FUNCIONAMIENTO | C19: =+C27+C43 -> 2818474.9 | D19: =+D27+D43 -> 0 | E19: =+E27+E43 -> 2818474.9 | F19: =+F27+F43 -> 67111.02 | G19: =+G27+G43 -> 2818474.9 | H19: =+H27+H43 -> 58543.64 | I19: =+I27+I43 -> 2818474.9 | J19: =+J27+J43 -> 3743927.3
B20: ENERGIA ELECTRICA | C20: 62500 | E20: 62500 | F20: 56112.02 | G20: 62500 | I20: 62500 | J20: 68083.01
B21: TELEFONIA | C21: 7500 | E21: 7500 | F21: 10999 | G21: 7500 | H21: 11011 | I21: 7500 | J21: 10992
B22: IMPRESIÓN, ENCUADERNACION Y REPRODUCCION | C22: 8133.97 | E22: 8133.97 | G22: 8133.97 | I22: 8133.97 | J22: 4358
B23: MANT. Y REP. EQUIPO MEDICO SANITARIO Y DE LAB. | C23: 33333.33 | E23: 33333.33 | G23: 33333.33 | I23: 33333.33 | J23: 45020
B24: SERVICIOS MEDICO-SANITARIOS | C24: 165141.75 | E24: 165141.75 | G24: 165141.75 | H24: 1000 | I24: 165141.75 | J24: 26842.86
B25: SERVICIOS DE VIGILANCIA | C25: 40000 | E25: 40000 | G25: 40000 | I25: 40000 | J25: 76240
B26: OTROS SERVICIOS NO PERSONALES | C26: 26305.03 | E26: 26305.03 | G26: 26305.03 | H26: 46532.64 | I26: 26305.03 | J26: 55063.68
B27: SUMA GASTOS GENERALES | C27: =SUM(C20:C26) -> 342914.08 | D27: =SUM(D20:D26) -> 0 | E27: =SUM(E20:E26) -> 342914.08 | F27: =SUM(F20:F26) -> 67111.02 | G27: =SUM(G20:G26) -> 342914.08 | H27: =SUM(H20:H26) -> 58543.64 | I27: =SUM(I20:I26) -> 342914.08 | J27: =SUM(J20:J26) -> 286599.55
B28: MATERIALES Y SUMINISTROS
B29: ALIMENTOS PARA PERSONAS | C29: 60936.45 | E29: 60936.45 | G29: 60936.45 | I29: 60936.45 | J29: 202940.25
B30: ACABADOS TEXTILES | C30: 600 | E30: 600 | G30: 600 | I30: 600
B31: PRODUCTOS DE PAPEL O CARTON | C31: 945.42 | E31: 945.42 | G31: 945.42 | I31: 945.42
B32: ELEMENTOS Y COMPUESTOS QUIMICOS | C32: 169652.57 | E32: 169652.57 | G32: 169652.57 | I32: 169652.57 | J32: 178282.05
B33: COMBUSTIBLES Y LUBRICANTES | C33: 912 | E33: 912 | G33: 912 | I33: 912
B34: PRODUCTOS MEDICINALES Y FARMACEUTICOS | C34: 427229.65 | E34: 427229.65 | G34: 427229.65 | I34: 427229.65 | J34: 1425199.8
B35: TINTES, PINTURAS Y COLORANTES | C35: 100 | E35: 100 | G35: 100 | I35: 100
B36: PRODUCTOS PLASTICOS, NYLON, VINIL Y PVC | C36: 13579.7 | E36: 13579.7 | G36: 13579.7 | I36: 13579.7 | J36: 75162.24
B37: OTROS PRODUCTOS METALICOS | C37: 310 | E37: 310 | G37: 310 | I37: 310
B38: UTILES DE LIMPIEZA Y PRODUCTOS SANITARIOS | C38: 10809.43 | E38: 10809.43 | G38: 10809.43 | I38: 10809.43 | J38: 14528.6
B39: UTILES MENORES MEDICO QUIRURGICOS Y DE LAB. | C39: 1780006.3 | E39: 1780006.3 | G39: 1780006.3 | I39: 1780006.3 | J39: 1545914.8
B40: UTILES, ACCESORIOS Y MATERIALES ELECTRICOS | C40: 2208.7 | E40: 2208.7 | G40: 2208.7 | I40: 2208.7 | J40: 15300
B41: ACCESORIOS Y REPUESTOS EN GENERAL | C41: 8105.1 | E41: 8105.1 | G41: 8105.1 | I41: 8105.1
B42: OTROS MATERIALES Y SUMINISTROS | C42: 165.5 | E42: 165.5 | G42: 165.5 | I42: 165.5
B43: TOTAL MATERIALES Y SUMINISTROS | C43: =SUM(C29:C42) -> 2475560.8 | D43: =SUM(D29:D42) -> 0 | E43: =SUM(E29:E42) -> 2475560.8 | F43: =SUM(F29:F42) -> 0 | G43: =SUM(G29:G42) -> 2475560.8 | H43: =SUM(H29:H42) -> 0 | I43: =SUM(I29:I42) -> 2475560.8 | J43: =SUM(J29:J42) -> 3457327.8
A46: Programación mensual por tipo de gasto año 2016, Expresado en Quetzales
A47: No. | B47: Categoría de Gasto | C47: Julio | E47: Agosto | G47: Septiembre
B48: Recurso Humano | C48: Pto. | D48: Real | E48: Pto. | F48: Real | G48: Pto. | H48: Real
B51: Gastos de Funcionamiento
B52: detallar cada gasto cargado
A60: TOTALES
A73: Programación mensual por tipo de gasto año 2018, Expresado en Quetzales segundo cuatrimestre 2018
A74: No. | B74: CATEGORIA DE GASTO | C74: MAYO | E74: JUNIO | G74: JULIO | I74: AGOSTO
C75: PRESUPUESTO | D75: REAL | E75: PRESUPUESTO | F75: REAL | G75: PRESUPUESTO | H75: REAL | I75: PRESUPUESTO | J75: REAL
B76: RECURSO HUMANO | C76: 1764858.4 | D76: 2281196.2 | E76: 1764858.4 | F76: 1896496.9
B78: GASTOS DE FUNCIONAMIENTO | C78: =+C86+C102 -> 2818474.9 | D78: =+D86+D102 -> 3820610.3 | E78: =+E86+E102 -> 2818474.9 | F78: =+F86+F102 -> 2361172.2 | G78: =+G86+G102 -> 0 | H78: =+H86+H102 -> 0 | I78: =+I86+I102 -> 0 | J78: =+J86+J102 -> 0
B79: ENERGIA ELECTRICA | C79: 62500 | D79: 138609.61 | E79: 62500
B80: TELEFONIA | C80: 7500 | D80: 9818.25 | E80: 7500 | F80: 9560.36
B81: IMPRESIÓN, ENCUADERNACION Y REPRODUCCION | C81: 8133.97 | E81: 8133.97 | F81: 39787
B82: MANT. Y REP. EQUIPO MEDICO SANITARIO Y DE LAB. | C82: 33333.33 | D82: 19161.8 | E82: 33333.33
B83: SERVICIOS MEDICO-SANITARIOS | C83: 165141.75 | D83: 4057.14 | E83: 165141.75 | F83: 184282.78
B84: SERVICIOS DE VIGILANCIA | C84: 40000 | D84: 38120 | E84: 40000 | F84: 38120
B85: OTROS SERVICIOS NO PERSONALES | C85: 26305.03 | D85: 48548.64 | E85: 26305.03 | F85: 44604
B86: SUMA GASTOS GENERALES | C86: =SUM(C79:C85) -> 342914.08 | D86: =SUM(D79:D85) -> 258315.44 | E86: =SUM(E79:E85) -> 342914.08 | F86: =SUM(F79:F85) -> 316354.14 | G86: =SUM(G79:G85) -> 0 | H86: =SUM(H79:H85) -> 0 | I86: =SUM(I79:I85) -> 0 | J86: =SUM(J79:J85) -> 0
B87: MATERIALES Y SUMINISTROS
B88: ALIMENTOS PARA PERSONAS | C88: 60936.45 | D88: 1023 | E88: 60936.45 | F88: 58023.7
B89: ACABADOS TEXTILES | C89: 600 | E89: 600
B90: PRODUCTOS DE PAPEL O CARTON | C90: 945.42 | E90: 945.42
B91: ELEMENTOS Y COMPUESTOS QUIMICOS | C91: 169652.57 | D91: 181188.84 | E91: 169652.57 | F91: 66957.58
B92: COMBUSTIBLES Y LUBRICANTES | C92: 912 | E92: 912
B93: PRODUCTOS MEDICINALES Y FARMACEUTICOS | C93: 427229.65 | D93: 535053.33 | E93: 427229.65 | F93: 261536.69
B94: TINTES, PINTURAS Y COLORANTES | C94: 100 | E94: 100
B95: PRODUCTOS PLASTICOS, NYLON, VINIL Y PVC | C95: 13579.7 | D95: 6224.76 | E95: 13579.7 | F95: 6630
B96: OTROS PRODUCTOS METALICOS | C96: 310 | D96: 3610 | E96: 310
B97: UTILES DE LIMPIEZA Y PRODUCTOS SANITARIOS | C97: 10809.43 | D97: 39404.76 | E97: 10809.43 | F97: 23463
B98: UTILES MENORES MEDICO QUIRURGICOS Y DE LAB. | C98: 1780006.3 | D98: 2752150.2 | E98: 1780006.3 | F98: 1617110.1
B99: UTILES, ACCESORIOS Y MATERIALES ELECTRICOS | C99: 2208.7 | E99: 2208.7 | F99: 11097
B100: ACCESORIOS Y REPUESTOS EN GENERAL | C100: 8105.1 | D100: 43640 | E100: 8105.1
B101: OTROS MATERIALES Y SUMINISTROS | C101: 165.5 | E101: 165.5
B102: TOTAL MATERIALES Y SUMINISTROS | C102: =SUM(C88:C101) -> 2475560.8 | D102: =SUM(D88:D101) -> 3562294.9 | E102: =SUM(E88:E101) -> 2475560.8 | F102: =SUM(F88:F101) -> 2044818 | G102: =SUM(G88:G101) -> 0 | H102: =SUM(H88:H101) -> 0 | I102: =SUM(I88:I101) -> 0 | J102: =SUM(J88:J101) -> 0
A123: Programación mensual por tipo de gasto año 2017, Expresado en Quetzales tercer cuatrimestre 2018
A124: No. | B124: CATEGORIA DE GASTO | C124: SEPTIEMBRE | E124: OCTUBRE | G124: NOVIEMBRE | I124: DICIEMBRE
C125: PRESUPUESTO | D125: REAL | E125: PRESUPUESTO | F125: REAL | G125: PRESUPUESTO | H125: REAL | I125: PRESUPUESTO | J125: REAL
B126: RECURSO HUMANO
B128: GASTOS DE FUNCIONAMIENTO | C128: =+C136+C152 -> 0 | D128: =+D136+D152 -> 0 | E128: =+E136+E152 -> 0 | F128: =+F136+F152 -> 0 | G128: =+G136+G152 -> 0 | H128: =+H136+H152 -> 0 | I128: =+I136+I152 -> 0 | J128: =+J136+J152 -> 0
B129: ENERGIA ELECTRICA
B130: TELEFONIA
B131: IMPRESIÓN, ENCUADERNACION Y REPRODUCCION
B132: MANT. Y REP. EQUIPO MEDICO SANITARIO Y DE LAB.
B133: SERVICIOS MEDICO-SANITARIOS
B134: SERVICIOS DE VIGILANCIA
B135: OTROS SERVICIOS NO PERSONALES
B136: SUMA GASTOS GENERALES | C136: =SUM(C129:C135) -> 0 | D136: =SUM(D129:D135) -> 0 | E136: =SUM(E129:E135) -> 0 | F136: =SUM(F129:F135) -> 0 | G136: =SUM(G129:G135) -> 0 | H136: =SUM(H129:H135) -> 0 | I136: =SUM(I129:I135) -> 0 | J136: =SUM(J129:J135) -> 0
B137: MATERIALES Y SUMINISTROS
B138: ALIMENTOS PARA PERSONAS
B139: AVABADOS TEXTILES
B140: PRODUCTOS DE PAPEL O CARTON
B141: ELEMENTOS Y COMPUESTOS QUIMICOS
B142: COMBUSTIBLES Y LUBRICANTES
B143: PRODUCTOS MEDICINALES Y FARMACEUTICOS
B144: TINTES, PINTURAS Y COLORANTES
B145: PRODUCTOS PLASTICOS, NYLON, VINIL Y PVC
B146: OTROS PRODUCTOS METALICOS
B147: UTILES DE LIMPIEZA Y PRODUCTOS SANITARIOS
B148: UTILES MENORES MEDICO QUIRURGICOS Y DE LAB.
... B151: OTROS MATERIALES Y SUMINISTROS
B152: TOTAL MATERIALES Y SUMINISTROS | C152: =SUM(C138:C151) -> 0 | D152: =SUM(D138:D151) -> 0 | E152: =SUM(E138:E151) -> 0 | F152: =SUM(F138:F151) -> 0 | G152: =SUM(G138:G151) -> 0 | H152: =SUM(H138:H151) -> 0 | I152: =SUM(I138:I151) -> 0 | J152: =SUM(J138:J151) -> 0
C177: PROGRAMACION POR TIPO DE GASTO AÑO 2023
C178: RESUMEN AL 30 DE NOVIEMBRE 2023
C179: No. | D179: CATEGORIA DEL GASTO DE FUNCIONAMIENTO | E179: TOTAL ANUAL
E180: PRESUPUESTO | F180: COMPROMETIDO
C181: 011 | D181: RECURSO HUMANO | E181: =+'NOVIEMBRE F-5 CONV. 09-2023'!C170 -> 39681980 | F181: =+'NOVIEMBRE F-5 CONV. 09-2023'!D170 -> 39539265
...

Sheet NOVIEMBRE F-6 CONV. 09-2023
B7: ÀREA FINANCIERA | J7: F-6
A9: UNIDAD DE CIRUGIA CARDIOVASCULAR DE GUATEMALA
A10: 5a. AVENIDA 6-22 ZONA 11
A11: CORREO ELECTRÓNICO Y TELÉFONO
A12: dgunicar@yahoo.es Tel. 24163000
A14: Ejecucion fìnanciera por categoria del gasto primer cuatrimestre 2023
A16: Categoría del gasto de funcionamiento | B16: Enero | D16: Febrero | F16: Marzo | H16: Abril | J16: Totales
B17: Prog. | C17: Ejecutado | D17: Prog. | E17: Ejecutado | F17: Prog. | G17: Ejecutado | H17: Prog. | I17: Ejecutado | J17: Prog. | K17: Ejecutado
A18: Recurso Humano | B18: 3361148.5 | C18: 2939970.1 | D18: 3361148.5 | E18: 2914006.4 | F18: 3361148.5 | G18: 4024889.6 | H18: 3361148.5 | I18: =2929171.29+358716.74 -> 3287888 | J18: =+B18+D18+F18+H18 -> 13444594 | K18: =+C18+E18+G18+I18 -> 13166754
A19: Gastos de operación | B19: 551427.17 | D19: 5633937.6 | E19: 135617.67 | F19: 848726.38 | G19: 1618801.8 | H19: 606473.63 | I19: 1614363.4 | J19: =+B19+D19+F19+H19 -> 7640564.7 | K19: =+C19+E19+G19+I19 -> 3368782.8
A20: Propiedad planta y equipo | J20: =+B20+D20+F20+H20 -> 0 | K20: =+C20+E20+G20+I20 -> 0
A21: TOTAL | B21: =SUM(B18:B20) -> 3912575.6 | C21: =SUM(C18:C20) -> 2939970.1 | D21: =SUM(D18:D20) -> 8995086 | E21: =SUM(E18:E20) -> 3049624.1 | F21: =SUM(F18:F20) -> 4209874.9 | G21: =SUM(G18:G20) -> 5643691.3 | H21: =SUM(H18:H20) -> 3967622.1 | I21: =SUM(I18:I20) -> 4902251.4 | ... K21: =SUM(K18:K20) -> 16535537
A23: Ejecucion fìnanciera por categoria del gasto segundo cuatrimestre 2023
A25: Categoría del gasto de funcionamiento | B25: Mayo | D25: Junio | F25: Julio | H25: Agosto | J25: Totales
B26: Prog. | C26: Ejecutado | D26: Prog. | E26: Ejecutado | F26: Prog. | G26: Ejecutado | H26: Prog. | I26: Ejecutado | J26: Prog. | K26: Ejecutado
A27: Recurso Humano | B27: 3361148.5 | C27: 3300467.4 | D27: 3361148.5 | E27: 3380648.2 | F27: 6070495.5 | G27: 5696595.4 | H27: 3361148.5 | I27: 3755859.3 | J27: =+B27+D27+F27+H27 -> 16153941 | K27: =+C27+E27+G27+I27 -> 16133570
A28: Gastos de operación | B28: 4888282.3 | C28: 1554870.2 | D28: 17602011 | E28: 3625974.8 | F28: 806742.88 | G28: 5272466.1 | H28: 571974.38 | I28: 2562957 | J28: =+B28+D28+F28+H28 -> 23869011 | K28: =+C28+E28+G28+I28 -> 13016268
A29: TOTAL | B29: =SUM(B27:B28) -> 8249430.8 | C29: =SUM(C27:C28) -> 4855337.6 | D29: =SUM(D27:D28) -> 20963159 | E29: =SUM(E27:E28) -> 7006623.1 | F29: =SUM(F27:F28) -> 6877238.3 | G29: =SUM(G27:G28) -> 10969062 | H29: =SUM(H27:H28) -> 3933122.9 | I29: =SUM(I27:I28) -> 6318816.3 | ... K29: =SUM(K27:K28) -> 29149839
A32: Ejecucion fìnanciera por categoria del gasto tercer cuatrimestre 2023
A34: Categoría del gasto de funcionamiento | B34: Septiembre | D34: Octubre | F34: Noviembre | H34: Diciembre | J34: Totales
B35: Prog. | C35: Ejecutado | D35: Prog. | E35: Ejecutado | F35: Prog. | G35: Ejecutado | H35: Prog. | I35: Ejecutado | J35: Prog. | K35: Ejecutado
A36: Recurso Humano | B36: 3361148.5 | C36: 3372846.1 | D36: 3361148.5 | E36: 3381156.6 | F36: 3361148.5 | G36: 3484938.3 | J36: =+B36+D36+F36+H36 -> 10083445 | K36: =+C36+E36+G36+I36 -> 10238941
A37: Gastos de operación | B37: 534123.14 | C37: =3829895.75+21000 -> 3850895.8 | D37: =629772.57 -> 629772.57 | E37: 2347200.1 | F37: 798328.07 | G37: 3386702 | J37: =+B37+D37+F37+H37 -> 1962223.8 | K37: =+C37+E37+G37+I37 -> 9584797.8
A38: TOTAL | B38: =SUM(B36:B37) -> 3895271.6 | C38: =SUM(C36:C37) -> 7223741.8 | D38: =SUM(D36:D37) -> 3990921 | E38: =SUM(E36:E37) -> 5728356.7 | F38: =SUM(F36:F37) -> 4159476.5 | G38: =SUM(G36:G37) -> 6871640.3 | H38: =SUM(H36:H37) -> 0 | I38: =SUM(I36:I37) -> 0 | ... K38: =SUM(K36:K37) -> 19823739
A40: Resumen año 2023
A41: Categoría del gasto | B41: año 2023
B42: Presupuestado | C42: Ejecutado
A43: Recurso Humano | B43: =+J18+J27+J36 -> 39681980 | C43: =+K18+K27+K36 -> 39539265
A44: Gastos de operación | B44: =+J19+J28+J37 -> 33471799 | C44: =+K19+K28+K37 -> 25969849
A45: TOTAL | B45: =SUM(B43:B44) -> 73153779 | C45: =SUM(C43:C44) -> 65509114
A69: Elaborado por: | C69: ___________________________ | F69: Autorizado por: | H69: ___________________________________
C70: Víctor Cresencio Reyes Porres | H70: Lic. Douglas Antonio Díaz Rivera
C71: Jefe de Contabilidad | H71: Representante Legal
A72: Fecha: | C72: 8 de diciembre 2023

Sheet NOVIEMBRE F-5 CONV. 38-2023
B8: ÀREA FINANCIERA | K8: F-5
A10: UNIDAD DE CIRUGIA CARDIOVASCULAR DE GUATEMALA
A11: 5a. AVENIDA 6-22 ZONA 11
A12: dgunicar@yahoo.es Tel. 24163000
A14: Programación y ejecucion mensual por tipo de gasto año 2023, Expresado en Quetzales primer cuatrimestre 2023
A15: No. | B15: CATEGORIA DEL GASTO DE FUNCIONAMIENTO | C15: ENERO | E15: FEBRERO | G15: MARZO | I15: ABRIL | K15: TOTAL CUATRIMESTRE
C16: PROG. | D16: EJECUTADO | E16: PROG. | F16: EJECUTADO | G16: PROG. | H16: EJECUTADO | I16: PROG. | J16: EJECUTADO | K16: PROG. | L16: EJECUTADO
B17: RECURSO HUMANO
A18: 011 | B18: SUELOS Y SALARIOS | K18: =+C18+E18+G18+I18 -> 0 | L18: =+D18+F18+H18+J18 -> 0
B19: CUOTA PATRONAL | H19: 0 | J19: 0 | L19: =+D19+F19+H19+J19 -> 0
B20: TOTAL RECURSO HUMANO | C20: =SUM(C18:C19) -> 0 | D20: =SUM(D18:D19) -> 0 | E20: =SUM(E18:E19) -> 0 | F20: =SUM(F18:F19) -> 0 | G20: =SUM(G18:G19) -> 0 | H20: =SUM(H18:H19) -> 0 | I20: =SUM(I18:I19) -> 0 | J20: =SUM(J18:J19) -> 0 | ... L20: =SUM(L18:L19) -> 0
B22: GASTOS DE OPERACIÓN
A23: 111 | B23: ENERGIA ELECTRICA | C23: 0 | D23: 0 | E23: 0 | F23: 0 | G23: 0 | H23: 0 | I23: 0 | J23: 0 | K23: =+C23+E23+G23+I23 -> 0 | L23: =+D23+F23+H23+J23 -> 0
A24: 113 | B24: SERVICIO DE INTERNET Y TELEFONIA | C24: 0 | D24: 0 | E24: 0 | F24: 0 | G24: 0 | H24: 0 | I24: 0 | J24: 0 | K24: =+C24+E24+G24+I24 -> 0 | L24: =+D24+F24+H24+J24 -> 0
A25: 122 | B25: IMPRESIÓN, ENCUADERNACION Y REPRODUCCION | C25: 0 | D25: 0 | E25: 0 | F25: 0 | G25: 0 | H25: 0 | I25: 0 | J25: 0 | K25: =+C25+E25+G25+I25 -> 0 | L25: =+D25+F25+H25+J25 -> 0
A26: 163 | B26: MANT. Y REP. EQUIPO MEDICO SANITARIO Y DE LAB. | C26: 0 | D26: 0 | E26: 0 | F26: 0 | G26: 0 | H26: 0 | I26: 0 | J26: 0 | K26: =+C26+E26+G26+I26 -> 0 | L26: =+D26+F26+H26+J26 -> 0
A27: 168 | B27: MANTENIMIENTO Y REPARACION DE EQUIPO DE COMPUTO | C27: 0 | D27: 0 | E27: 0 | F27: 0 | G27: 0 | H27: 0 | I27: 0 | J27: 0 | K27: =+C27+E27+G27+I27 -> 0 | L27: =+D27+F27+H27+J27 -> 0
A28: 169 | B28: MANT. Y REP. DE OTRAS MAQ. Y EQUIPO | C28: 0 | D28: 0 | E28: 0 | F28: 0 | G28: 0 | H28: 0 | I28: 0 | J28: 0 | K28: =+C28+E28+G28+I28 -> 0 | L28: =+D28+F28+H28+J28 -> 0
A29: 171 | B29: MANT. Y REPARACION DE EDIFICIOS | C29: 0 | D29: 0 | E29: 0 | F29: 0 | G29: 0 | H29: 0 | I29: 0 | J29: 0 | K29: =+C29+E29+G29+I29 -> 0 | L29: =+D29+F29+H29+J29 -> 0
A30: 174 | B30: MANT. Y REP. DE INSTALACIONES | C30: 0 | D30: 0 | E30: 0 | F30: 0 | G30: 0 | H30: 0 | I30: 0 | J30: 0 | K30: =+C30+E30+G30+I30 -> 0 | L30: =+D30+F30+H30+J30 -> 0
A31: 182 | B31: SERVICIOS MEDICO-SANITARIOS | C31: 0 | D31: 0 | E31: 0 | F31: 0 | G31: 0 | H31: 0 | I31: 0 | J31: 0 | K31: =+C31+E31+G31+I31 -> 0 | L31: =+D31+F31+H31+J31 -> 0
A32: 197 | B32: SERVICIOS DE VIGILANCIA | C32: 0 | D32: 0 | E32: 0 | F32: 0 | G32: 0 | H32: 0 | I32: 0 | J32: 0 | K32: =+C32+E32+G32+I32 -> 0 | L32: =+D32+F32+H32+J32 -> 0
A33: 199 | B33: OTROS SERVICIOS NO PERSONALES | C33: 0 | D33: 0 | E33: 0 | F33: 0 | G33: 0 | H33: 0 | I33: 0 | J33: 0 | K33: =+C33+E33+G33+I33 -> 0 | L33: =+D33+F33+H33+J33 -> 0
A34: 211 | B34: ALIMENTOS PARA PERSONAS | C34: 0 | D34: 0 | E34: 0 | F34: 0 | G34: 0 | H34: 0 | I34: 0 | J34: 0 | K34: =+C34+E34+G34+I34 -> 0 | L34: =+D34+F34+H34+J34 -> 0
... A48: 323 | B48: EQUIPO MEDICO-SANITARIO Y DE LABORATORIO | C48: 0 | D48: 0 | E48: 0 | F48: 0 | G48: 0 | H48: 0 | I48: 0 | J48: 0 | K48: =+C48+E48+G48+I48 -> 0 | L48: =+D48+F48+H48+J48 -> 0
B49: TOTAL GASTOS DE OPERACIÓN | C49: =SUM(C23:C48) -> 0 | D49: =SUM(D23:D48) -> 0 | E49: =SUM(E23:E48) -> 0 | F49: =SUM(F23:F48) -> 0 | G49: =SUM(G23:G48) -> 0 | H49: =SUM(H23:H48) -> 0 | I49: =SUM(I23:I48) -> 0 | J49: =SUM(J23:J48) -> 0 | ... L49: =SUM(L23:L48) -> 0
B50: TOTAL GENERAL | C50: =+C49+C20 -> 0 | D50: =+D49+D20 -> 0 | E50: =+E49+E20 -> 0 | F50: =+F49+F20 -> 0 | G50: =+G49+G20 -> 0 | H50: =+H49+H20 -> 0 | I50: =+I49+I20 -> 0 | J50: =+J49+J20 -> 0 | ... L50: =+L49+L20 -> 0
A56: Programación y ejecucion mensual por tipo de gasto año 2023, Expresado en Quetzales segundo cuatrimestre 2023
A57: No. | B57: =+B15 -> CATEGORIA DEL GASTO DE FUNCIONAMIENTO | C57: MAYO | E57: JUNIO | G57: JULIO | I57: AGOSTO | K57: TOTAL CUATRIMESTRE
C58: PROG. | D58: EJECUTADO | E58: PROG. | F58: EJECUTADO | G58: PROG. | H58: EJECUTADO | I58: PROG. | J58: EJECUTADO | K58: PROG. | L58: EJECUTADO
A59: 011 | B59: RECURSO HUMANO
B60: SUELOS Y SALARIOS | C60: 0 | K60: =+C60+E60+G60+I60 -> 0 | L60: =+D60+F60+H60+J60 -> 0
B61: BONO 14 | L61: =+D61+F61+H61+J61 -> 0
B62: CUOTA PATRONAL | L62: =+D62+F62+H62+J62 -> 0
B63: TOTAL RECURSO HUMANO | C63: =SUM(C60:C62) -> 0 | D63: =SUM(D60:D62) -> 0 | E63: =SUM(E60:E62) -> 0 | F63: =SUM(F60:F62) -> 0 | G63: =SUM(G60:G62) -> 0 | H63: =SUM(H60:H62) -> 0 | I63: =SUM(I60:I62) -> 0 | J63: =SUM(J60:J62) -> 0 | ... L63: =SUM(L60:L62) -> 0
B65: GASTOS DE OPERACIÓN
A66: 111 | B66: ENERGIA ELECTRICA | C66: 0 | D66: 0 | E66: 0 | F66: 0 | G66: 0 | H66: 0 | I66: 0 | J66: 0 | K66: =+C66+E66+G66+I66 -> 0 | L66: =+D66+F66+H66+J66 -> 0
A67: 113 | B67: SERVICIO DE INTERNET Y TELEFONIA | C67: 0 | D67: 0 | E67: 0 | F67: 0 | G67: 0 | H67: 0 | I67: 0 | J67: 0 | K67: =+C67+E67+G67+I67 -> 0 | L67: =+D67+F67+H67+J67 -> 0
A68: 122 | B68: IMPRESIÓN, ENCUADERNACION Y REPRODUCCION | C68: 0 | D68: 0 | E68: 0 | F68: 0 | G68: 0 | H68: 0 | I68: 0 | J68: 0 | K68: =+C68+E68+G68+I68 -> 0 | L68: =+D68+F68+H68+J68 -> 0
A69: 163 | B69: MANT. Y REP. EQUIPO MEDICO SANITARIO Y DE LAB. | C69: 0 | D69: 0 | E69: 0 | F69: 0 | G69: 0 | H69: 0 | I69: 0 | J69: 0 | K69: =+C69+E69+G69+I69 -> 0 | L69: =+D69+F69+H69+J69 -> 0
A70: 168 | B70: MANTENIMIENTO Y REPARACION DE EQUIPO DE COMPUTO | C70: 0 | D70: 0 | E70: 0 | F70: 0 | G70: 0 | H70: 0 | I70: 0 | J70: 0 | K70: =+C70+E70+G70+I70 -> 0 | L70: =+D70+F70+H70+J70 -> 0
A71: 169 | B71: MANT. Y REP. DE OTRAS MAQ. Y EQUIPO | C71: 0 | D71: 0 | E71: 0 | F71: 0 | G71: 0 | H71: 0 | I71: 0 | J71: 0 | K71: =+C71+E71+G71+I71 -> 0 | L71: =+D71+F71+H71+J71 -> 0
A72: 171 | B72: MANT. Y REPARACION DE EDIFICIOS | C72: 0 | D72: 0 | E72: 0 | F72: 0 | G72: 0 | H72: 0 | I72: 0 | J72: 0 | K72: =+C72+E72+G72+I72 -> 0 | L72: =+D72+F72+H72+J72 -> 0
A73: 174 | B73: MANT. Y REP. DE INSTALACIONES | C73: 0 | D73: 0 | E73: 0 | F73: 0 | G73: 0 | H73: 0 | I73: 0 | J73: 0 | K73: =+C73+E73+G73+I73 -> 0 | L73: =+D73+F73+H73+J73 -> 0
A74: 182 | B74: SERVICIOS MEDICO-SANITARIOS | C74: 0 | D74: 0 | E74: 0 | F74: 0 | G74: 0 | H74: 0 | I74: 0 | J74: 0 | K74: =+C74+E74+G74+I74 -> 0 | L74: =+D74+F74+H74+J74 -> 0
A75: 197 | B75: SERVICIOS DE VIGILANCIA | C75: 0 | D75: 0 | E75: 0 | F75: 0 | G75: 0 | H75: 0 | I75: 0 | J75: 0 | K75: =+C75+E75+G75+I75 -> 0 | L75: =+D75+F75+H75+J75 -> 0
A76: 199 | B76: OTROS SERVICIOS NO PERSONALES | C76: 0 | D76: 0 | E76: 0 | F76: 0 | G76: 0 | H76: 0 | I76: 0 | J76: 0 | K76: =+C76+E76+G76+I76 -> 0 | L76: =+D76+F76+H76+J76 -> 0
A77: 211 | B77: ALIMENTOS PARA PERSONAS | C77: 0 | D77: 0 | E77: 0 | F77: 0 | G77: 0 | H77: 0 | I77: 0 | J77: 0 | K77: =+C77+E77+G77+I77 -> 0 | L77: =+D77+F77+H77+J77 -> 0
... A91: 323 | B91: EQUIPO MEDICO-SANITARIO Y DE LABORATORIO | C91: 0 | D91: 0 | E91: 0 | F91: 0 | G91: 0 | H91: 0 | I91: 0 | J91: 0 | K91: =+C91+E91+G91+I91 -> 0 | L91: =+D91+F91+H91+J91 -> 0
B92: TOTAL GASTOS DE OPERACIÓN | C92: =SUM(C66:C91) -> 0 | D92: =SUM(D66:D91) -> 0 | E92: =SUM(E66:E91) -> 0 | F92: =SUM(F66:F91) -> 0 | G92: =SUM(G66:G91) -> 0 | H92: =SUM(H66:H91) -> 0 | I92: =SUM(I66:I91) -> 0 | J92: =SUM(J66:J91) -> 0 | ... L92: =SUM(L66:L91) -> 0
B93: TOTAL GENERAL | C93: =+C92+C63 -> 0 | D93: =+D92+D63 -> 0 | E93: =+E92+E63 -> 0 | F93: =+F92+F63 -> 0 | G93: =+G92+G63 -> 0 | H93: =+H92+H63 -> 0 | I93: =+I92+I63 -> 0 | J93: =+J92+J63 -> 0 | ... L93: =+L92+L63 -> 0
A111: Programación y ejecucion mensual por tipo de gasto año 2023, Expresado en Quetzales tercer cuatrimestre 2023
A112: No. | B112: CATEGORIA DE GASTO | C112: SEPTIEMBRE | E112: OCTUBRE | G112: NOVIEMBRE | I112: DICIEMBRE | K112: TOTAL CUATRIMESTRE
C113: PROG. | D113: EJECUTADO | E113: PROG. | F113: EJECUTADO | G113: PROG. | H113: EJECUTADO | I113: PROG. | J113: EJECUTADO | K113: PROG. | L113: EJECUTADO
A114: 011 | B114: RECURSO HUMANO
B115: SUELOS Y SALARIOS | C115: 0 | D115: 0 | E115: 0 | F115: 0 | K115: =+C115+E115+G115+I115 -> 0 | L115: =+D115+F115+H115+J115 -> 0
B116: CUOTA PATRONAL | C116: 0 | D116: 0 | E116: 0 | F116: 0 | K116: =+C116+E116+G116+I116 -> 0 | L116: =+D116+F116+H116+J116 -> 0
B117: TOTAL RECURSO HUMANO | C117: =SUM(C115:C116) -> 0 | D117: =SUM(D115:D116) -> 0 | E117: =SUM(E115:E116) -> 0 | F117: =SUM(F115:F116) -> 0 | G117: =SUM(G115:G116) -> 0 | H117: =SUM(H115:H116) -> 0 | I117: =SUM(I115:I116) -> 0 | J117: =SUM(J115:J116) -> 0 | ... L117: =SUM(L115:L116) -> 0
B119: GASTOS DE FUNCIONAMIENTO
A120: 111 | B120: ENERGIA ELECTRICA | C120: 0 | D120: 0 | E120: 0 | F120: 0 | G120: 0 | H120: 0 | I120: 0 | J120: 0 | K120: =+C120+E120+G120+I120 -> 0 | L120: =+D120+F120+H120+J120 -> 0
A121: 113 | B121: SERVICIO DE INTERNET Y TELEFONIA | C121: 0 | D121: 0 | E121: 0 | F121: 0 | G121: 0 | H121: 0 | I121: 0 | J121: 0 | K121: =+C121+E121+G121+I121 -> 0 | L121: =+D121+F121+H121+J121 -> 0
A122: 122 | B122: IMPRESIÓN, ENCUADERNACION Y REPRODUCCION | C122: 0 | D122: 0 | E122: 0 | F122: 0 | G122: 0 | H122: 0 | I122: 0 | J122: 0 | K122: =+C122+E122+G122+I122 -> 0 | L122: =+D122+F122+H122+J122 -> 0
A123: 163 | B123: MANT. Y REP. EQUIPO MEDICO SANITARIO Y DE LAB. | C123: 0 | D123: 0 | E123: 0 | F123: 0 | G123: 0 | H123: 0 | I123: 0 | J123: 0 | K123: =+C123+E123+G123+I123 -> 0 | L123: =+D123+F123+H123+J123 -> 0
A124: 168 | B124: MANTENIMIENTO Y REPARACION DE EQUIPO DE COMPUTO | C124: 0 | D124: 0 | E124: 0 | F124: 0 | G124: 0 | H124: 0 | I124: 0 | J124: 0 | K124: =+C124+E124+G124+I124 -> 0 | L124: =+D124+F124+H124+J124 -> 0
A125: 169 | B125: MANT. Y REP. DE OTRAS MAQ. Y EQUIPO | C125: 0 | D125: 0 | E125: 0 | F125: 0 | G125: 0 | H125: 0 | I125: 0 | J125: 0 | K125: =+C125+E125+G125+I125 -> 0 | L125: =+D125+F125+H125+J125 -> 0
A126: 171 | B126: MANT. Y REPARACION DE EDIFICIOS | C126: 0 | D126: 0 | E126: 0 | F126: 0 | G126: 0 | H126: 0 | I126: 0 | J126: 0 | K126: =+C126+E126+G126+I126 -> 0 | L126: =+D126+F126+H126+J126 -> 0
A127: 174 | B127: MANT. Y REP. DE INSTALACIONES | C127: 0 | D127: 0 | E127: 0 | F127: 0 | G127: 0 | H127: 0 | I127: 0 | J127: 0 | K127: =+C127+E127+G127+I127 -> 0 | L127: =+D127+F127+H127+J127 -> 0
A128: 182 | B128: SERVICIOS MEDICO-SANITARIOS | C128: 0 | D128: 0 | E128: 0 | F128: 0 | G128: 0 | H128: 0 | I128: 0 | J128: 0 | K128: =+C128+E128+G128+I128 -> 0 | L128: =+D128+F128+H128+J128 -> 0
A129: 197 | B129: SERVICIOS DE VIGILANCIA | C129: 0 | D129: 0 | E129: 0 | F129: 0 | G129: 0 | H129: 0 | I129: 0 | J129: 0 | K129: =+C129+E129+G129+I129 -> 0 | L129: =+D129+F129+H129+J129 -> 0
A130: 199 | B130: OTROS SERVICIOS NO PERSONALES | C130: 0 | D130: 0 | E130: 0 | F130: 0 | G130: 0 | H130: 0 | I130: 0 | J130: 0 | K130: =+C130+E130+G130+I130 -> 0 | L130: =+D130+F130+H130+J130 -> 0
A131: 211 | B131: ALIMENTOS PARA PERSONAS | C131: 0 | D131: 0 | E131: 0 | F131: 0 | G131: 0 | H131: 0 | I131: 0 | J131: 0 | K131: =+C131+E131+G131+I131 -> 0 | L131: =+D131+F131+H131+J131 -> 0
... A145: 323 | B145: EQUIPO MEDICO-SANITARIO Y DE LABORATORIO | C145: 0 | D145: 0 | E145: 15000000 | F145: 0 | G145: 0 | H145: 0 | I145: 0 | J145: 0 | K145: =+C145+E145+G145+I145 -> 15000000 | L145: =+D145+F145+H145+J145 -> 0
B146: TOTAL GASTOS DE FUNCIONAMIENTO | C146: =SUM(C120:C145) -> 0 | D146: =SUM(D120:D145) -> 0 | E146: =SUM(E120:E145) -> 15000000 | F146: =SUM(F120:F145) -> 0 | G146: =SUM(G120:G145) -> 0 | H146: =SUM(H120:H145) -> 0 | I146: =SUM(I120:I145) -> 0 | J146: =SUM(J120:J145) -> 0 | ... L146: =SUM(L120:L145) -> 0
B147: TOTAL GENERAL | C147: =+C146+C117 -> 0 | D147: =+D146+D117 -> 0 | E147: =+E146+E117 -> 15000000 | F147: =+F146+F117 -> 0 | G147: =+G146+G117 -> 0 | H147: =+H146+H117 -> 0 | I147: =+I146+I117 -> 0 | J147: =+J146+J117 -> 0 | ... L147: =+L146+L117 -> 0
B167: RESUMEN AÑO 2023
A168: No. | B168: CATEGORIA DE GASTO | C168: TOTAL ANUAL
C169: PRESUPUESTO | D169: REAL
A170: 011 | B170: RECURSO HUMANO | C170: =+K20+K63+K117 -> 0 | D170: =+L20+L63+L117 -> 0
B172: GASTOS DE OPERACIÓN
A173: 111 | B173: ENERGIA ELECTRICA | C173: =+K23+K66+K120 -> 0 | D173: =+L23+L66+L120 -> 0
A174: 113 | B174: TELEFONIA | C174: =+K24+K67+K121 -> 0 | D174: =+L24+L67+L121 -> 0
A175: 122 | B175: IMPRESIÓN, ENCUADERNACION Y REPRODUCCION | C175: =+K25+K68+K122 -> 0 | D175: =+L25+L68+L122 -> 0
A176: 163 | B176: MANT. Y REP. EQUIPO MEDICO SANITARIO Y DE LAB. | C176: =+K26+K69+K123 -> 0 | D176: =+L26+L69+L123 -> 0
A177: 168 | B177: MANTENIMIENTO Y REPARACION DE EQUIPO DE COMPUTO | C177: =+K27+K70+K124 -> 0 | D177: =+L27+L70+L124 -> 0
A178: 169 | B178: MANT. Y REP. DE OTRAS MAQ. Y EQUIPO | C178: =+K28+K71+K125 -> 0 | D178: =+L28+L71+L125 -> 0
A179: 171 | B179: MANT. Y REPARACION DE EDIFICIOS | C179: =+K29+K72+K126 -> 0 | D179: =+L29+L72+L126 -> 0
A180: 174 | B180: MANT. Y REP. DE INSTALACIONES | C180: =+K30+K73+K127 -> 0 | D180: =+L30+L73+L127 -> 0
A181: 182 | B181: SERVICIOS MEDICO-SANITARIOS | C181: =+K31+K74+K128 -> 0 | D181: =+L31+L74+L128 -> 0
A182: 197 | B182: SERVICIOS DE VIGILANCIA | C182: =+K32+K75+K129 -> 0 | D182: =+L32+L75+L129 -> 0
A183: 199 | B183: OTROS SERVICIOS NO PERSONALES | C183: =+K33+K76+K130 -> 0 | D183: =+L33+L76+L130 -> 0
A184: 211 | B184: ALIMENTOS PARA PERSONAS | C184: =+K34+K77+K131 -> 0 | D184: =+L34+L77+L131 -> 0
... A198: 323 | B198: EQUIPO MEDICO SANITARIO Y DE LABORATORIO | C198: =+K48+K91+K145 -> 15000000 | D198: =+L48+L91+L145 -> 0
B199: TOTAL GASTOS DE FUNCIONAMIENTO | C199: =SUM(C173:C198) -> 15000000 | D199: =SUM(D173:D198) -> 0
B200: TOTAL GENERAL | C200: =+C199+C170 -> 15000000 | D200: =D199+D170 -> 0
B213: Elaborado por: | D213: ______________________________ | G213: Autorizado por: | I213: ___________________________________
D214: P.C. Víctor Cresencio Reyes Porres | I214: Lic. Douglas Antonio Díaz Rivera
D215: Jefe de Contabilidad | I215: Representante Legal
B217: Fecha: | D217: 8 de diciembre 2023

Sheet NOVIEMBRE ANEXO A F-5 C.38-2023
B8: ÀREA FINANCIERA | I8: ANEXO DE F-5
A10: UNIDAD DE CIRUGIA CARDIOVASCULAR DE GUATEMALA
A11: 5a. AVENIDA 6-22 ZONA 11
A12: dgunicar@yahoo.es Tel. 24163000
A14: Programación mensual por tipo de gasto año 2018, Expresado en Quetzales primer cuatrimestre 2018
A15: No. | B15: CATEGORIA DE GASTO | C15: ENERO | E15: FEBRERO | G15: MARZO | I15: ABRIL
C16: PRESUPUESTO | D16: REAL | E16: PRESUPUESTO | F16: REAL | G16: PRESUPUESTO | H16: REAL | I16: PRESUPUESTO | J16: REAL
B17: RECURSO HUMANO | C17: 1764858.4 | D17: 1492317.4 | E17: 1764858.4 | F17: 1792563.6 | G17: 1764858.4 | H17: 1578007.9 | I17: 1764858.4 | J17: 1803793.6
B19: GASTOS DE FUNCIONAMIENTO | C19: =+C27+C43 -> 2818474.9 | D19: =+D27+D43 -> 0 | E19: =+E27+E43 -> 2818474.9 | F19: =+F27+F43 -> 67111.02 | G19: =+G27+G43 -> 2818474.9 | H19: =+H27+H43 -> 58543.64 | I19: =+I27+I43 -> 2818474.9 | J19: =+J27+J43 -> 3743927.3
B20: ENERGIA ELECTRICA | C20: 62500 | E20: 62500 | F20: 56112.02 | G20: 62500 | I20: 62500 | J20: 68083.01
B21: TELEFONIA | C21: 7500 | E21: 7500 | F21: 10999 | G21: 7500 | H21: 11011 | I21: 7500 | J21: 10992
B22: IMPRESIÓN, ENCUADERNACION Y REPRODUCCION | C22: 8133.97 | E22: 8133.97 | G22: 8133.97 | I22: 8133.97 | J22: 4358
B23: MANT. Y REP. EQUIPO MEDICO SANITARIO Y DE LAB. | C23: 33333.33 | E23: 33333.33 | G23: 33333.33 | I23: 33333.33 | J23: 45020
B24: SERVICIOS MEDICO-SANITARIOS | C24: 165141.75 | E24: 165141.75 | G24: 165141.75 | H24: 1000 | I24: 165141.75 | J24: 26842.86
B25: SERVICIOS DE VIGILANCIA | C25: 40000 | E25: 40000 | G25: 40000 | I25: 40000 | J25: 76240
B26: OTROS SERVICIOS NO PERSONALES | C26: 26305.03 | E26: 26305.03 | G26: 26305.03 | H26: 46532.64 | I26: 26305.03 | J26: 55063.68
B27: SUMA GASTOS GENERALES | C27: =SUM(C20:C26) -> 342914.08 | D27: =SUM(D20:D26) -> 0 | E27: =SUM(E20:E26) -> 342914.08 | F27: =SUM(F20:F26) -> 67111.02 | G27: =SUM(G20:G26) -> 342914.08 | H27: =SUM(H20:H26) -> 58543.64 | I27: =SUM(I20:I26) -> 342914.08 | J27: =SUM(J20:J26) -> 286599.55
B28: MATERIALES Y SUMINISTROS
B29: ALIMENTOS PARA PERSONAS | C29: 60936.45 | E29: 60936.45 | G29: 60936.45 | I29: 60936.45 | J29: 202940.25
B30: ACABADOS TEXTILES | C30: 600 | E30: 600 | G30: 600 | I30: 600
B31: PRODUCTOS DE PAPEL O CARTON | C31: 945.42 | E31: 945.42 | G31: 945.42 | I31: 945.42
B32: ELEMENTOS Y COMPUESTOS QUIMICOS | C32: 169652.57 | E32: 169652.57 | G32: 169652.57 | I32: 169652.57 | J32: 178282.05
B33: COMBUSTIBLES Y LUBRICANTES | C33: 912 | E33: 912 | G33: 912 | I33: 912
B34: PRODUCTOS MEDICINALES Y FARMACEUTICOS | C34: 427229.65 | E34: 427229.65 | G34: 427229.65 | I34: 427229.65 | J34: 1425199.8
B35: TINTES, PINTURAS Y COLORANTES | C35: 100 | E35: 100 | G35: 100 | I35: 100
B36: PRODUCTOS PLASTICOS, NYLON, VINIL Y PVC | C36: 13579.7 | E36: 13579.7 | G36: 13579.7 | I36: 13579.7 | J36: 75162.24
B37: OTROS PRODUCTOS METALICOS | C37: 310 | E37: 310 | G37: 310 | I37: 310
B38: UTILES DE LIMPIEZA Y PRODUCTOS SANITARIOS | C38: 10809.43 | E38: 10809.43 | G38: 10809.43 | I38: 10809.43 | J38: 14528.6
B39: UTILES MENORES MEDICO QUIRURGICOS Y DE LAB. | C39: 1780006.3 | E39: 1780006.3 | G39: 1780006.3 | I39: 1780006.3 | J39: 1545914.8
B40: UTILES, ACCESORIOS Y MATERIALES ELECTRICOS | C40: 2208.7 | E40: 2208.7 | G40: 2208.7 | I40: 2208.7 | J40: 15300
B41: ACCESORIOS Y REPUESTOS EN GENERAL | C41: 8105.1 | E41: 8105.1 | G41: 8105.1 | I41: 8105.1
B42: OTROS MATERIALES Y SUMINISTROS | C42: 165.5 | E42: 165.5 | G42: 165.5 | I42: 165.5
B43: TOTAL MATERIALES Y SUMINISTROS | C43: =SUM(C29:C42) -> 2475560.8 | D43: =SUM(D29:D42) -> 0 | E43: =SUM(E29:E42) -> 2475560.8 | F43: =SUM(F29:F42) -> 0 | G43: =SUM(G29:G42) -> 2475560.8 | H43: =SUM(H29:H42) -> 0 | I43: =SUM(I29:I42) -> 2475560.8 | J43: =SUM(J29:J42) -> 3457327.8
A46: Programación mensual por tipo de gasto año 2016, Expresado en Quetzales
A47: No. | B47: Categoría de Gasto | C47: Julio | E47: Agosto | G47: Septiembre
B48: Recurso Humano | C48: Pto. | D48: Real | E48: Pto. | F48: Real | G48: Pto. | H48: Real
B51: Gastos de Funcionamiento
B52: detallar cada gasto cargado
A60: TOTALES
A73: Programación mensual por tipo de gasto año 2018, Expresado en Quetzales segundo cuatrimestre 2018
A74: No. | B74: CATEGORIA DE GASTO | C74: MAYO | E74: JUNIO | G74: JULIO | I74: AGOSTO
C75: PRESUPUESTO | D75: REAL | E75: PRESUPUESTO | F75: REAL | G75: PRESUPUESTO | H75: REAL | I75: PRESUPUESTO | J75: REAL
B76: RECURSO HUMANO | C76: 1764858.4 | D76: 2281196.2 | E76: 1764858.4 | F76: 1896496.9
B78: GASTOS DE FUNCIONAMIENTO | C78: =+C86+C102 -> 2818474.9 | D78: =+D86+D102 -> 3820610.3 | E78: =+E86+E102 -> 2818474.9 | F78: =+F86+F102 -> 2361172.2 | G78: =+G86+G102 -> 0 | H78: =+H86+H102 -> 0 | I78: =+I86+I102 -> 0 | J78: =+J86+J102 -> 0
B79: ENERGIA ELECTRICA | C79: 62500 | D79: 138609.61 | E79: 62500
B80: TELEFONIA | C80: 7500 | D80: 9818.25 | E80: 7500 | F80: 9560.36
B81: IMPRESIÓN, ENCUADERNACION Y REPRODUCCION | C81: 8133.97 | E81: 8133.97 | F81: 39787
B82: MANT. Y REP. EQUIPO MEDICO SANITARIO Y DE LAB. | C82: 33333.33 | D82: 19161.8 | E82: 33333.33
B83: SERVICIOS MEDICO-SANITARIOS | C83: 165141.75 | D83: 4057.14 | E83: 165141.75 | F83: 184282.78
B84: SERVICIOS DE VIGILANCIA | C84: 40000 | D84: 38120 | E84: 40000 | F84: 38120
B85: OTROS SERVICIOS NO PERSONALES | C85: 26305.03 | D85: 48548.64 | E85: 26305.03 | F85: 44604
B86: SUMA GASTOS GENERALES | C86: =SUM(C79:C85) -> 342914.08 | D86: =SUM(D79:D85) -> 258315.44 | E86: =SUM(E79:E85) -> 342914.08 | F86: =SUM(F79:F85) -> 316354.14 | G86: =SUM(G79:G85) -> 0 | H86: =SUM(H79:H85) -> 0 | I86: =SUM(I79:I85) -> 0 | J86: =SUM(J79:J85) -> 0
B87: MATERIALES Y SUMINISTROS
B88: ALIMENTOS PARA PERSONAS | C88: 60936.45 | D88: 1023 | E88: 60936.45 | F88: 58023.7
B89: ACABADOS TEXTILES | C89: 600 | E89: 600
B90: PRODUCTOS DE PAPEL O CARTON | C90: 945.42 | E90: 945.42
B91: ELEMENTOS Y COMPUESTOS QUIMICOS | C91: 169652.57 | D91: 181188.84 | E91: 169652.57 | F91: 66957.58
B92: COMBUSTIBLES Y LUBRICANTES | C92: 912 | E92: 912
B93: PRODUCTOS MEDICINALES Y FARMACEUTICOS | C93: 427229.65 | D93: 535053.33 | E93: 427229.65 | F93: 261536.69
B94: TINTES, PINTURAS Y COLORANTES | C94: 100 | E94: 100
B95: PRODUCTOS PLASTICOS, NYLON, VINIL Y PVC | C95: 13579.7 | D95: 6224.76 | E95: 13579.7 | F95: 6630
B96: OTROS PRODUCTOS METALICOS | C96: 310 | D96: 3610 | E96: 310
B97: UTILES DE LIMPIEZA Y PRODUCTOS SANITARIOS | C97: 10809.43 | D97: 39404.76 | E97: 10809.43 | F97: 23463
B98: UTILES MENORES MEDICO QUIRURGICOS Y DE LAB. | C98: 1780006.3 | D98: 2752150.2 | E98: 1780006.3 | F98: 1617110.1
B99: UTILES, ACCESORIOS Y MATERIALES ELECTRICOS | C99: 2208.7 | E99: 2208.7 | F99: 11097
B100: ACCESORIOS Y REPUESTOS EN GENERAL | C100: 8105.1 | D100: 43640 | E100: 8105.1
B101: OTROS MATERIALES Y SUMINISTROS | C101: 165.5 | E101: 165.5
B102: TOTAL MATERIALES Y SUMINISTROS | C102: =SUM(C88:C101) -> 2475560.8 | D102: =SUM(D88:D101) -> 3562294.9 | E102: =SUM(E88:E101) -> 2475560.8 | F102: =SUM(F88:F101) -> 2044818 | G102: =SUM(G88:G101) -> 0 | H102: =SUM(H88:H101) -> 0 | I102: =SUM(I88:I101) -> 0 | J102: =SUM(J88:J101) -> 0
A123: Programación mensual por tipo de gasto año 2017, Expresado en Quetzales tercer cuatrimestre 2018
A124: No. | B124: CATEGORIA DE GASTO | C124: SEPTIEMBRE | E124: OCTUBRE | G124: NOVIEMBRE | I124: DICIEMBRE
C125: PRESUPUESTO | D125: REAL | E125: PRESUPUESTO | F125: REAL | G125: PRESUPUESTO | H125: REAL | I125: PRESUPUESTO | J125: REAL
B126: RECURSO HUMANO
B128: GASTOS DE FUNCIONAMIENTO | C128: =+C136+C152 -> 0 | D128: =+D136+D152 -> 0 | E128: =+E136+E152 -> 0 | F128: =+F136+F152 -> 0 | G128: =+G136+G152 -> 0 | H128: =+H136+H152 -> 0 | I128: =+I136+I152 -> 0 | J128: =+J136+J152 -> 0
B129: ENERGIA ELECTRICA
B130: TELEFONIA
B131: IMPRESIÓN, ENCUADERNACION Y REPRODUCCION
B132: MANT. Y REP. EQUIPO MEDICO SANITARIO Y DE LAB.
B133: SERVICIOS MEDICO-SANITARIOS
B134: SERVICIOS DE VIGILANCIA
B135: OTROS SERVICIOS NO PERSONALES
B136: SUMA GASTOS GENERALES | C136: =SUM(C129:C135) -> 0 | D136: =SUM(D129:D135) -> 0 | E136: =SUM(E129:E135) -> 0 | F136: =SUM(F129:F135) -> 0 | G136: =SUM(G129:G135) -> 0 | H136: =SUM(H129:H135) -> 0 | I136: =SUM(I129:I135) -> 0 | J136: =SUM(J129:J135) -> 0
B137: MATERIALES Y SUMINISTROS
B138: ALIMENTOS PARA PERSONAS
B139: AVABADOS TEXTILES
B140: PRODUCTOS DE PAPEL O CARTON
B141: ELEMENTOS Y COMPUESTOS QUIMICOS
B142: COMBUSTIBLES Y LUBRICANTES
B143: PRODUCTOS MEDICINALES Y FARMACEUTICOS
B144: TINTES, PINTURAS Y COLORANTES
B145: PRODUCTOS PLASTICOS, NYLON, VINIL Y PVC
B146: OTROS PRODUCTOS METALICOS
B147: UTILES DE LIMPIEZA Y PRODUCTOS SANITARIOS
B148: UTILES MENORES MEDICO QUIRURGICOS Y DE LAB.
... B151: OTROS MATERIALES Y SUMINISTROS
B152: TOTAL MATERIALES Y SUMINISTROS | C152: =SUM(C138:C151) -> 0 | D152: =SUM(D138:D151) -> 0 | E152: =SUM(E138:E151) -> 0 | F152: =SUM(F138:F151) -> 0 | G152: =SUM(G138:G151) -> 0 | H152: =SUM(H138:H151) -> 0 | I152: =SUM(I138:I151) -> 0 | J152: =SUM(J138:J151) -> 0
C177: PROGRAMACION POR TIPO DE GASTO AÑO 2023
C178: RESUMEN AL 30 DE NOVIEMBRE 2023
C179: No. | D179: CATEGORIA DEL GASTO DE FUNCIONAMIENTO | E179: TOTAL ANUAL
E180: PRESUPUESTO | F180: COMPROMETIDO
C181: 011 | D181: RECURSO HUMANO | E181: =+'NOVIEMBRE F-5 CONV. 38-2023'!C170 -> 0 | F181: =+'NOVIEMBRE F-5 CONV. 38-2023'!D170 -> 0
...

Sheet NOVIEMBRE F-6 CONV. 38-2023
B7: ÀREA FINANCIERA | J7: F-6
A9: UNIDAD DE CIRUGIA CARDIOVASCULAR DE GUATEMALA
A10: 5a. AVENIDA 6-22 ZONA 11
A11: CORREO ELECTRÓNICO Y TELÉFONO
A12: dgunicar@yahoo.es Tel. 24163000
A14: Ejecucion fìnanciera por categoria del gasto primer cuatrimestre 2023
A16: Categoría del gasto de funcionamiento | B16: Enero | D16: Febrero | F16: Marzo | H16: Abril | J16: Totales
B17: Prog. | C17: Ejecutado | D17: Prog. | E17: Ejecutado | F17: Prog. | G17: Ejecutado | H17: Prog. | I17: Ejecutado | J17: Prog. | K17: Ejecutado
A18: Recurso Humano | B18: 0 | C18: 0 | D18: 0 | E18: 0 | F18: 0 | G18: 0 | H18: 0 | I18: 0 | J18: =+B18+D18+F18+H18 -> 0 | K18: =+C18+E18+G18+I18 -> 0
A19: Gastos de operación | B19: 0 | C19: 0 | D19: 0 | E19: 0 | F19: 0 | G19: 0 | H19: 0 | I19: 0 | J19: =+B19+D19+F19+H19 -> 0 | K19: =+C19+E19+G19+I19 -> 0
A20: Propiedad planta y equipo | J20: =+B20+D20+F20+H20 -> 0 | K20: =+C20+E20+G20+I20 -> 0
A21: TOTAL | B21: =SUM(B18:B20) -> 0 | C21: =SUM(C18:C20) -> 0 | D21: =SUM(D18:D20) -> 0 | E21: =SUM(E18:E20) -> 0 | F21: =SUM(F18:F20) -> 0 | G21: =SUM(G18:G20) -> 0 | H21: =SUM(H18:H20) -> 0 | I21: =SUM(I18:I20) -> 0 | ... K21: =SUM(K18:K20) -> 0
A23: Ejecucion fìnanciera por categoria del gasto segundo cuatrimestre 2023
A25: Categoría del gasto de funcionamiento | B25: Mayo | D25: Junio | F25: Julio | H25: Agosto | J25: Totales
B26: Prog. | C26: Ejecutado | D26: Prog. | E26: Ejecutado | F26: Prog. | G26: Ejecutado | H26: Prog. | I26: Ejecutado | J26: Prog. | K26: Ejecutado
A27: Recurso Humano | B27: 0 | C27: 0 | D27: 0 | E27: 0 | F27: 0 | G27: 0 | H27: 0 | I27: 0 | J27: =+B27+D27+F27+H27 -> 0 | K27: =+C27+E27+G27+I27 -> 0
A28: Gastos de operación | B28: 0 | C28: 0 | D28: 0 | E28: 0 | F28: 0 | G28: 0 | H28: 0 | I28: 0 | J28: =+B28+D28+F28+H28 -> 0 | K28: =+C28+E28+G28+I28 -> 0
A29: TOTAL | B29: =SUM(B27:B28) -> 0 | C29: =SUM(C27:C28) -> 0 | D29: =SUM(D27:D28) -> 0 | E29: =SUM(E27:E28) -> 0 | F29: =SUM(F27:F28) -> 0 | G29: =SUM(G27:G28) -> 0 | H29: =SUM(H27:H28) -> 0 | I29: =SUM(I27:I28) -> 0 | ... K29: =SUM(K27:K28) -> 0
A32: Ejecucion fìnanciera por categoria del gasto tercer cuatrimestre 2023
A34: Categoría del gasto de funcionamiento | B34: Septiembre | D34: Octubre | F34: Noviembre | H34: Diciembre | J34: Totales
B35: Prog. | C35: Ejecutado | D35: Prog. | E35: Ejecutado | F35: Prog. | G35: Ejecutado | H35: Prog. | I35: Ejecutado | J35: Prog. | K35: Ejecutado
A36: Recurso Humano | B36: 0 | C36: 0 | D36: 0 | E36: 0 | F36: 0 | G36: 0 | J36: =+B36+D36+F36+H36 -> 0 | K36: =+C36+E36+G36+I36 -> 0
A37: Gastos de operación | B37: 0 | C37: 0 | D37: 15000000 | E37: 0 | F37: 0 | G37: 0 | J37: =+B37+D37+F37+H37 -> 15000000 | K37: =+C37+E37+G37+I37 -> 0
A38: TOTAL | B38: =SUM(B36:B37) -> 0 | C38: =SUM(C36:C37) -> 0 | D38: =SUM(D36:D37) -> 15000000 | E38: =SUM(E36:E37) -> 0 | F38: =SUM(F36:F37) -> 0 | G38: =SUM(G36:G37) -> 0 | H38: =SUM(H36:H37) -> 0 | I38: =SUM(I36:I37) -> 0 | ... K38: =SUM(K36:K37) -> 0
A40: Resumen año 2023
A41: Categoría del gasto | B41: año 2023
B42: Presupuestado | C42: Ejecutado
A43: Recurso Humano | B43: =+J18+J27+J36 -> 0 | C43: =+K18+K27+K36 -> 0
A44: Gastos de operación | B44: =+J19+J28+J37 -> 15000000 | C44: =+K19+K28+K37 -> 0
A45: TOTAL | B45: =SUM(B43:B44) -> 15000000 | C45: =SUM(C43:C44) -> 0
A69: Elaborado por: | C69: ___________________________ | F69: Autorizado por: | H69: ___________________________________
C70: Víctor Cresencio Reyes Porres | H70: Lic. Douglas Antonio Díaz Rivera
C71: Jefe de Contabilidad | H71: Representante Legal
A72: Fecha: | C72: 8 de diciembre 2023

Sheet DICIEMBRE F-5 CONV. 09-2023
B8: ÀREA FINANCIERA | K8: F-5
A10: UNIDAD DE CIRUGIA CARDIOVASCULAR DE GUATEMALA
A11: 5a. AVENIDA 6-22 ZONA 11
A12: dgunicar@yahoo.es Tel. 24163000
A14: Programación y ejecucion mensual por tipo de gasto año 2023, Expresado en Quetzales primer cuatrimestre 2023
A15: No. | B15: CATEGORIA DEL GASTO DE FUNCIONAMIENTO | C15: ENERO | E15: FEBRERO | G15: MARZO | I15: ABRIL | K15: TOTAL CUATRIMESTRE
C16: PROG. | D16: EJECUTADO | E16: PROG. | F16: EJECUTADO | G16: PROG. | H16: EJECUTADO | I16: PROG. | J16: EJECUTADO | K16: PROG. | L16: EJECUTADO
B17: RECURSO HUMANO
A18: 011 | B18: SUELOS Y SALARIOS | C18: 3361148.5 | D18: 2939970.1 | E18: 3361148.5 | F18: 2914006.4 | G18: 3361148.5 | H18: 2948436.8 | I18: 3361148.5 | J18: 2929171.3 | K18: =+C18+E18+G18+I18 -> 13444594 | L18: =+D18+F18+H18+J18 -> 11731585
B19: CUOTA PATRONAL | H19: 1076452.8 | J19: 358716.74 | L19: =+D19+F19+H19+J19 -> 1435169.6
B20: TOTAL RECURSO HUMANO | C20: =SUM(C18:C19) -> 3361148.5 | D20: =SUM(D18:D19) -> 2939970.1 | E20: =SUM(E18:E19) -> 3361148.5 | F20: =SUM(F18:F19) -> 2914006.4 | G20: =SUM(G18:G19) -> 3361148.5 | H20: =SUM(H18:H19) -> 4024889.6 | I20: =SUM(I18:I19) -> 3361148.5 | J20: =SUM(J18:J19) -> 3287888 | ... L20: =SUM(L18:L19) -> 13166754
B22: GASTOS DE OPERACIÓN
A23: 111 | B23: ENERGIA ELECTRICA | C23: 0 | D23: 0 | E23: 88000 | F23: 0 | G23: 88000 | H23: 87425.59 | I23: 88000 | J23: 100265.42 | K23: =+C23+E23+G23+I23 -> 264000 | L23: =+D23+F23+H23+J23 -> 187691.01
A24: 113 | B24: SERVICIO DE INTERNET Y TELEFONIA | C24: 0 | D24: 0 | E24: 11585.06 | F24: 8525.7 | G24: 11585.06 | H24: 11440.41 | I24: 11585.06 | J24: 11412.67 | K24: =+C24+E24+G24+I24 -> 34755.18 | L24: =+D24+F24+H24+J24 -> 31378.78
A25: 122 | B25: IMPRESIÓN, ENCUADERNACION Y REPRODUCCION | C25: 0 | D25: 0 | E25: 68124.37 | F25: 0 | G25: 0 | H25: 440 | I25: 0 | J25: 42472.5 | K25: =+C25+E25+G25+I25 -> 68124.37 | L25: =+D25+F25+H25+J25 -> 42912.5
A26: 163 | B26: MANT. Y REP. EQUIPO MEDICO SANITARIO Y DE LAB. | C26: 50000 | D26: 0 | E26: =16335+50000 -> 66335 | F26: 0 | G26: =214550+50000 -> 264550 | H26: 6400.89 | I26: 50000 | J26: 133312.11 | K26: =+C26+E26+G26+I26 -> 430885 | L26: =+D26+F26+H26+J26 -> 139713
A27: 168 | B27: MANTENIMIENTO Y REPARACION DE EQUIPO DE COMPUTO | C27: 0 | D27: 0 | E27: 0 | F27: 0 | G27: 0 | H27: 0 | I27: 0 | J27: 0 | K27: =+C27+E27+G27+I27 -> 0 | L27: =+D27+F27+H27+J27 -> 0
A28: 169 | B28: MANT. Y REP. DE OTRAS MAQ. Y EQUIPO | C28: 10000 | D28: 0 | E28: 0 | F28: 0 | G28: 0 | H28: 0 | I28: 0 | J28: 0 | K28: =+C28+E28+G28+I28 -> 10000 | L28: =+D28+F28+H28+J28 -> 0
A29: 171 | B29: MANT. Y REPARACION DE EDIFICIOS | C29: 10000 | D29: 0 | E29: 0 | F29: 0 | G29: 8140 | H29: 0 | I29: 1320 | J29: 7400 | K29: =+C29+E29+G29+I29 -> 19460 | L29: =+D29+F29+H29+J29 -> 7400
A30: 174 | B30: MANT. Y REP. DE INSTALACIONES | C30: 15765.66 | D30: 0 | E30: 5765.66 | F30: 5765.66 | G30: 7265.66 | H30: 5765.66 | I30: 7265.66 | J30: 5765.66 | K30: =+C30+E30+G30+I30 -> 36062.64 | L30: =+D30+F30+H30+J30 -> 17296.98
A31: 182 | B31: SERVICIOS MEDICO-SANITARIOS | C31: 278286 | D31: 0 | E31: 274686 | F31: 50615 | G31: 277086 | H31: 257315 | I31: 266886 | J31: 288696 | K31: =+C31+E31+G31+I31 -> 1096944 | L31: =+D31+F31+H31+J31 -> 596626
A32: 197 | B32: SERVICIOS DE VIGILANCIA | C32: 0 | D32: 0 | E32: 43200 | F32: 0 | G32: 43200 | H32: 42000 | I32: 43200 | J32: 42000 | K32: =+C32+E32+G32+I32 -> 129600 | L32: =+D32+F32+H32+J32 -> 84000
A33: 199 | B33: OTROS SERVICIOS NO PERSONALES | C33: 60838.7 | D33: 0 | E33: 147087.5 | F33: 8200.8 | G33: 48537.5 | H33: 69332.8 | I33: 48537.5 | J33: 58547.1 | K33: =+C33+E33+G33+I33 -> 305001.2 | L33: =+D33+F33+H33+J33 -> 136080.7
A34: 211 | B34: ALIMENTOS PARA PERSONAS | C34: 37249 | D34: 0 | E34: 47931.75 | F34: 0 | G34: 47931.75 | H34: 59267.75 | I34: 37249 | J34: 51050.5 | K34: =+C34+E34+G34+I34 -> 170361.5 | L34: =+D34+F34+H34+J34 -> 110318.25
A35: 232 | B35: ACABADOS TEXTILES | C35: 0 | D35: 0 | E35: 86640 | F35: 0 | G35: 0 | H35: 0 | I35: 0 | J35: 0 | K35: =+C35+E35+G35+I35 -> 86640 | L35: =+D35+F35+H35+J35 -> 0
A36: 261 | B36: ELEMENTOS Y COMPUESTOS QUIMICOS | C36: 0 | D36: 0 | E36: 826396.92 | F36: 62510.51 | G36: 0 | H36: 64391.24 | I36: 0 | J36: 162057.62 | K36: =+C36+E36+G36+I36 -> 826396.92 | L36: =+D36+F36+H36+J36 -> 288959.37
A37: 262 | B37: COMBUSTIBLES Y LUBRICANTES | C37: 7947.35 | D37: 0 | E37: 0 | F37: 0 | G37: 0 | H37: 0 | I37: 0 | J37: 0 | K37: =+C37+E37+G37+I37 -> 7947.35 | L37: =+D37+F37+H37+J37 -> 0
A38: 266 | B38: PRODUCTOS MEDICINALES Y FARMACEUTICOS | C38: 0 | D38: 0 | E38: 619212.26 | F38: 0 | G38: 0 | H38: 186614 | I38: 0 | J38: 131300 | K38: =+C38+E38+G38+I38 -> 619212.26 | L38: =+D38+F38+H38+J38 -> 317914
... A45: 297 | B45: UTILES, ACCESORIOS Y MATERIALES ELECTRICOS | C45: 10000 | D45: 0 | E45: 8945.44 | F45: 0 | G45: 0 | H45: 0 | I45: 0 | J45: 16586.2 | K45: =+C45+E45+G45+I45 -> 18945.44 | L45: =+D45+F45+H45+J45 -> 16586.2
A46: 298 | B46: ACCESORIOS Y REPUESTOS EN GENERAL | C46: 33333.33 | D46: 0 | E46: =33333.33+9801.67 -> 43135 | F46: 0 | G46: 33333.33 | H46: 12500 | I46: 33333.33 | J46: 73419.55 | K46: =+C46+E46+G46+I46 -> 143134.99 | L46: =+D46+F46+H46+J46 -> 85919.55
A47: 299 | B47: OTROS MATERIALES Y SUMINISTROS | C47: 19097.08 | D47: 0 | E47: 19097.08 | F47: 0 | G47: 19097.08 | H47: 0 | I47: 19097.08 | J47: 11561.43 | K47: =+C47+E47+G47+I47 -> 76388.32 | L47: =+D47+F47+H47+J47 -> 11561.43
A48: 323 | B48: EQUIPO MEDICO-SANITARIO Y DE LABORATORIO | C48: 0 | D48: 0 | E48: 0 | F48: 0 | G48: 0 | H48: 0 | I48: 0 | J48: 0 | K48: =+C48+E48+G48+I48 -> 0 | L48: =+D48+F48+H48+J48 -> 0
B49: TOTAL GASTOS DE OPERACIÓN | C49: =SUM(C23:C48) -> 551427.17 | D49: =SUM(D23:D48) -> 0 | E49: =SUM(E23:E48) -> 5633937.6 | F49: =SUM(F23:F48) -> 135617.67 | G49: =SUM(G23:G48) -> 848726.38 | H49: =SUM(H23:H48) -> 1618801.8 | I49: =SUM(I23:I48) -> 606473.63 | J49: =SUM(J23:J48) -> 1614363.4 | ... L49: =SUM(L23:L48) -> 3368782.8
B50: TOTAL GENERAL | C50: =+C49+C20 -> 3912575.6 | D50: =+D49+D20 -> 2939970.1 | E50: =+E49+E20 -> 8995086 | F50: =+F49+F20 -> 3049624.1 | G50: =+G49+G20 -> 4209874.8 | H50: =+H49+H20 -> 5643691.3 | I50: =+I49+I20 -> 3967622.1 | J50: =+J49+J20 -> 4902251.4 | ... L50: =+L49+L20 -> 16535537
A56: Programación y ejecucion mensual por tipo de gasto año 2023, Expresado en Quetzales segundo cuatrimestre 2023
A57: No. | B57: =+B15 -> CATEGORIA DEL GASTO DE FUNCIONAMIENTO | C57: MAYO | E57: JUNIO | G57: JULIO | I57: AGOSTO | K57: TOTAL CUATRIMESTRE
C58: PROG. | D58: EJECUTADO | E58: PROG. | F58: EJECUTADO | G58: PROG. | H58: EJECUTADO | I58: PROG. | J58: EJECUTADO | K58: PROG. | L58: EJECUTADO
A59: 011 | B59: RECURSO HUMANO
B60: SUELOS Y SALARIOS | C60: 3361148.5 | D60: 2940365.1 | E60: 3361148.5 | F60: 3011624.1 | G60: 6070495.5 | H60: 3028479 | I60: 3361148.5 | J60: 3015901.4 | K60: =+C60+E60+G60+I60 -> 16153941 | L60: =+D60+F60+H60+J60 -> 11996370
B61: BONO 14 | H61: 2668116.4 | J61: 0 | L61: =+D61+F61+H61+J61 -> 2668116.4
B62: CUOTA PATRONAL | D62: 360102.28 | F62: 369024.16 | H62: 0 | J62: 739957.97 | L62: =+D62+F62+H62+J62 -> 1469084.4
B63: TOTAL RECURSO HUMANO | C63: =SUM(C60:C62) -> 3361148.5 | D63: =SUM(D60:D62) -> 3300467.4 | E63: =SUM(E60:E62) -> 3361148.5 | F63: =SUM(F60:F62) -> 3380648.2 | G63: =SUM(G60:G62) -> 6070495.5 | H63: =SUM(H60:H62) -> 5696595.4 | I63: =SUM(I60:I62) -> 3361148.5 | J63: =SUM(J60:J62) -> 3755859.3 | ... L63: =SUM(L60:L62) -> 16133570
B65: GASTOS DE OPERACIÓN
A66: 111 | B66: ENERGIA ELECTRICA | C66: 88000 | D66: 97538.98 | E66: 88000 | F66: 107910.41 | G66: 88000 | H66: 101929.93 | I66: 88000 | J66: 100438.7 | K66: =+C66+E66+G66+I66 -> 352000 | L66: =+D66+F66+H66+J66 -> 407818.02
A67: 113 | B67: SERVICIO DE INTERNET Y TELEFONIA | C67: 11585.06 | D67: 11401.8 | E67: 11585.06 | F67: 11464.57 | G67: 11585.06 | H67: 11458.71 | I67: 11585.06 | J67: 11479.01 | K67: =+C67+E67+G67+I67 -> 46340.24 | L67: =+D67+F67+H67+J67 -> 45804.09
A68: 122 | B68: IMPRESIÓN, ENCUADERNACION Y REPRODUCCION | C68: 0 | D68: 11495 | E68: 0 | F68: 4070 | G68: 0 | H68: 2343 | I68: 0 | J68: 0 | K68: =+C68+E68+G68+I68 -> 0 | L68: =+D68+F68+H68+J68 -> 17908
A69: 163 | B69: MANT. Y REP. EQUIPO MEDICO SANITARIO Y DE LAB. | C69: =35375+50000 -> 85375 | D69: 68707 | E69: =18575+50000 -> 68575 | F69: 53647.66 | G69: =176415+50000 -> 226415 | H69: 53986 | I69: 50000 | J69: 89559.56 | K69: =+C69+E69+G69+I69 -> 430365 | L69: =+D69+F69+H69+J69 -> 265900.22
A70: 168 | B70: MANTENIMIENTO Y REPARACION DE EQUIPO DE COMPUTO | C70: 0 | D70: 0 | E70: 0 | F70: 0 | G70: 0 | H70: 0 | I70: 0 | J70: 0 | K70: =+C70+E70+G70+I70 -> 0 | L70: =+D70+F70+H70+J70 -> 0
A71: 169 | B71: MANT. Y REP. DE OTRAS MAQ. Y EQUIPO | C71: 14550 | D71: 0 | E71: 0 | F71: 0 | G71: 0 | H71: 13150 | I71: 0 | J71: 0 | K71: =+C71+E71+G71+I71 -> 14550 | L71: =+D71+F71+H71+J71 -> 13150
A72: 171 | B72: MANT. Y REPARACION DE EDIFICIOS | C72: 1320 | D72: 6852.5 | E72: 1320 | F72: 1200 | G72: 8140 | H72: 1200 | I72: 1320 | J72: 1200 | K72: =+C72+E72+G72+I72 -> 12100 | L72: =+D72+F72+H72+J72 -> 10452.5
A73: 174 | B73: MANT. Y REP. DE INSTALACIONES | C73: 29765.66 | D73: 7115.66 | E73: 7265.66 | F73: 7115.66 | G73: 7265.66 | H73: 8465.66 | I73: 7265.66 | J73: 7115.66 | K73: =+C73+E73+G73+I73 -> 51562.64 | L73: =+D73+F73+H73+J73 -> 29812.64
A74: 182 | B74: SERVICIOS MEDICO-SANITARIOS | C74: 296886 | D74: 333329 | E74: 277686 | F74: 281256 | G74: 270486 | H74: 328677 | I74: 281886 | J74: 292049 | K74: =+C74+E74+G74+I74 -> 1126944 | L74: =+D74+F74+H74+J74 -> 1235311
A75: 197 | B75: SERVICIOS DE VIGILANCIA | C75: 38400 | D75: 0 | E75: 0 | F75: 0 | G75: 0 | H75: 0 | I75: 0 | J75: 0 | K75: =+C75+E75+G75+I75 -> 38400 | L75: =+D75+F75+H75+J75 -> 0
A76: 199 | B76: OTROS SERVICIOS NO PERSONALES | C76: 50789 | D76: 65496.54 | E76: 52839.2 | F76: 63814.1 | G76: 94489 | H76: 62879.9 | I76: 50789 | J76: 63494.2 | K76: =+C76+E76+G76+I76 -> 248906.2 | L76: =+D76+F76+H76+J76 -> 255684.74
A77: 211 | B77: ALIMENTOS PARA PERSONAS | C77: 47931.75 | D77: 52824.75 | E77: 47931.75 | F77: 57095.75 | G77: 47931.75 | H77: 25463 | I77: 28698.25 | J77: 12343.25 | K77: =+C77+E77+G77+I77 -> 172493.5 | L77: =+D77+F77+H77+J77 -> 147726.75
A78: 232 | B78: ACABADOS TEXTILES | C78: 86640 | D78: 0 | E78: 0 | F78: 20798 | G78: 0 | H78: 0 | I78: 0 | J78: 45825 | K78: =+C78+E78+G78+I78 -> 86640 | L78: =+D78+F78+H78+J78 -> 66623
A79: 261 | B79: ELEMENTOS Y COMPUESTOS QUIMICOS | C79: 0 | D79: 64332.02 | E79: 0 | F79: 0 | G79: 0 | H79: 109281.64 | I79: 0 | J79: 20458.96 | K79: =+C79+E79+G79+I79 -> 0 | L79: =+D79+F79+H79+J79 -> 194072.62
A80: 262 | B80: COMBUSTIBLES Y LUBRICANTES | C80: 0 | D80: 0 | E80: 0 | F80: 0 | G80: 0 | H80: 0 | I80: 0 | J80: 7947.35 | K80: =+C80+E80+G80+I80 -> 0 | L80: =+D80+F80+H80+J80 -> 7947.35
A81: 266 | B81: PRODUCTOS MEDICINALES Y FARMACEUTICOS | C81: 810000 | D81: 4050 | E81: 0 | F81: 816961.68 | G81: 0 | H81: 36650 | I81: 0 | J81: 48691.5 | K81: =+C81+E81+G81+I81 -> 810000 | L81: =+D81+F81+H81+J81 -> 906353.18
... A90: 299 | B90: OTROS MATERIALES Y SUMINISTROS | C90: 19097.08 | D90: 37258.03 | E90: 19097.08 | F90: 11113.48 | G90: 19097.08 | H90: 70056.06 | I90: 19097.08 | J90: 87874.5 | K90: =+C90+E90+G90+I90 -> 76388.32 | L90: =+D90+F90+H90+J90 -> 206302.07
A91: 323 | B91: EQUIPO MEDICO-SANITARIO Y DE LABORATORIO | C91: 2500000 | D91: 0 | F91: 68000 | G91: 0 | H91: 73920 | I91: 0 | J91: 0 | K91: =+C91+E91+G91+I91 -> 2500000 | L91: =+D91+F91+H91+J91 -> 141920
B92: TOTAL GASTOS DE OPERACIÓN | C92: =SUM(C66:C91) -> 4888282.3 | D92: =SUM(D66:D91) -> 1554870.2 | E92: =SUM(E66:E91) -> 17602011 | F92: =SUM(F66:F91) -> 3625974.8 | G92: =SUM(G66:G91) -> 806742.88 | H92: =SUM(H66:H91) -> 5272466.1 | I92: =SUM(I66:I91) -> 571974.38 | J92: =SUM(J66:J91) -> 2562957 | ... L92: =SUM(L66:L91) -> 13016268
B93: TOTAL GENERAL | C93: =+C92+C63 -> 8249430.8 | D93: =+D92+D63 -> 4855337.6 | E93: =+E92+E63 -> 20963159 | F93: =+F92+F63 -> 7006623.1 | G93: =+G92+G63 -> 6877238.3 | H93: =+H92+H63 -> 10969062 | I93: =+I92+I63 -> 3933122.9 | J93: =+J92+J63 -> 6318816.3 | ... L93: =+L92+L63 -> 29149839
A111: Programación y ejecucion mensual por tipo de gasto año 2023, Expresado en Quetzales tercer cuatrimestre 2023
A112: No. | B112: CATEGORIA DE GASTO | C112: SEPTIEMBRE | E112: OCTUBRE | G112: NOVIEMBRE | I112: DICIEMBRE | K112: TOTAL CUATRIMESTRE
C113: PROG. | D113: EJECUTADO | E113: PROG. | F113: EJECUTADO | G113: PROG. | H113: EJECUTADO | I113: PROG. | J113: EJECUTADO | K113: PROG. | L113: EJECUTADO
A114: 011 | B114: RECURSO HUMANO
B115: SUELOS Y SALARIOS | C115: 3361148.5 | D115: =3372846.06-368538.34 -> 3004307.7 | E115: 3361148.5 | F115: =3012401.02-53.4 -> 3012347.6 | G115: 3361148.5 | H115: 3104951.9 | I115: 6236627.7 | J115: =2922144.27+3080822.59 -> 6002966.9 | K115: =+C115+E115+G115+I115 -> 16320073 | L115: =+D115+F115+H115+J115 -> 15124574
B116: CUOTA PATRONAL | C116: 0 | D116: 368538.34 | F116: 368809.02 | H116: 379986.33 | J116: 376375.53 | K116: =+C116+E116+G116+I116 -> 0 | L116: =+D116+F116+H116+J116 -> 1493709.2
B117: TOTAL RECURSO HUMANO | C117: =SUM(C115:C116) -> 3361148.5 | D117: =SUM(D115:D116) -> 3372846.1 | E117: =SUM(E115:E116) -> 3361148.5 | F117: =SUM(F115:F116) -> 3381156.6 | G117: =SUM(G115:G116) -> 3361148.5 | H117: =SUM(H115:H116) -> 3484938.3 | I117: =SUM(I115:I116) -> 6236627.7 | J117: =SUM(J115:J116) -> 6379342.4 | ... L117: =SUM(L115:L116) -> 16618283
B119: GASTOS DE FUNCIONAMIENTO
A120: 111 | B120: ENERGIA ELECTRICA | C120: 88000 | D120: 102900.73 | E120: 146423.58 | F120: 100663.29 | G120: =88000+58423.58 -> 146423.58 | H120: 98909.34 | I120: =88000+58423.57 -> 146423.57 | J120: 186084.71 | K120: =+C120+E120+G120+I120 -> 527270.73 | L120: =+D120+F120+H120+J120 -> 488558.07
A121: 113 | B121: SERVICIO DE INTERNET Y TELEFONIA | C121: 11585.06 | D121: 11467.41 | E121: 11067.77 | F121: 11449.66 | G121: =11585.06-517.29 -> 11067.77 | H121: 11442.71 | I121: =11585.06-517.28 -> 11067.78 | J121: 14289.55 | K121: =+C121+E121+G121+I121 -> 44788.38 | L121: =+D121+F121+H121+J121 -> 48649.33
A122: 122 | B122: IMPRESIÓN, ENCUADERNACION Y REPRODUCCION | C122: 0 | D122: 0 | E122: 0 | F122: 5640 | G122: 0 | H122: 1510 | I122: 0 | J122: 0 | K122: =+C122+E122+G122+I122 -> 0 | L122: =+D122+F122+H122+J122 -> 7150
A123: 163 | B123: MANT. Y REP. EQUIPO MEDICO SANITARIO Y DE LAB. | C123: =62900+50000 -> 112900 | D123: 54054.44 | E123: 20144.13 | F123: 15450 | G123: =50000+165790-45065.87 -> 170724.13 | H123: 21573.66 | I123: =50000+16375-45065.88 -> 21309.12 | J123: 689501.86 | K123: =+C123+E123+G123+I123 -> 325077.38 | L123: =+D123+F123+H123+J123 -> 780579.96
A124: 168 | B124: MANTENIMIENTO Y REPARACION DE EQUIPO DE COMPUTO | C124: 0 | D124: 0 | E124: 0 | F124: 0 | G124: 0 | H124: 0 | I124: 0 | J124: 0 | K124: =+C124+E124+G124+I124 -> 0 | L124: =+D124+F124+H124+J124 -> 0
A125: 169 | B125: MANT. Y REP. DE OTRAS MAQ. Y EQUIPO | C125: 0 | D125: 0 | E125: 0 | F125: 0 | G125: 18600 | H125: 0 | I125: 0 | J125: 29750 | K125: =+C125+E125+G125+I125 -> 18600 | L125: =+D125+F125+H125+J125 -> 29750
A126: 171 | B126: MANT. Y REPARACION DE EDIFICIOS | C126: 1320 | D126: 7400 | E126: 1284.17 | F126: 8135 | G126: =8140-35.83 -> 8104.17 | H126: 1200 | I126: =1320-35.84 -> 1284.16 | J126: 8600 | K126: =+C126+E126+G126+I126 -> 11992.5 | L126: =+D126+F126+H126+J126 -> 25335
A127: 174 | B127: MANT. Y REP. DE INSTALACIONES | C127: 7265.66 | D127: 29615.66 | E127: 7265.66 | F127: 5765.66 | G127: 7265.66 | H127: 5765.66 | I127: 7265.66 | J127: 25631.32 | K127: =+C127+E127+G127+I127 -> 29062.64 | L127: =+D127+F127+H127+J127 -> 66778.3
A128: 182 | B128: SERVICIOS MEDICO-SANITARIOS | C128: 198300 | D128: 323108 | E128: 172889 | F128: 275995 | G128: =211300-35611 -> 175689 | H128: 197815 | I128: =197400-35611 -> 161789 | J128: 303690 | K128: =+C128+E128+G128+I128 -> 708667 | L128: =+D128+F128+H128+J128 -> 1100608
A129: 197 | B129: SERVICIOS DE VIGILANCIA | C129: 0 | D129: 0 | E129: 0 | F129: 0 | G129: 0 | H129: 0 | I129: 0 | J129: 84000 | K129: =+C129+E129+G129+I129 -> 0 | L129: =+D129+F129+H129+J129 -> 84000
A130: 199 | B130: OTROS SERVICIOS NO PERSONALES | C130: 50789 | D130: 59720.61 | E130: 38875.8 | F130: 61994.54 | G130: =50789-22164.2 -> 28624.8 | H130: 52812.2 | I130: =50789-22164.19 -> 28624.81 | J130: 134529.02 | K130: =+C130+E130+G130+I130 -> 146914.41 | L130: =+D130+F130+H130+J130 -> 309056.37
A131: 211 | B131: ALIMENTOS PARA PERSONAS | C131: 0 | D131: 0 | E131: 0 | F131: 84651 | G131: =47931.75-47931.75 -> 0 | H131: 0 | I131: =37249-37249 -> 0 | J131: 0 | K131: =+C131+E131+G131+I131 -> 0 | L131: =+D131+F131+H131+J131 -> 84651
A132: 232 | B132: ACABADOS TEXTILES | C132: 11533 | D132: 0 | E132: 0 | F132: 2625 | G132: 0 | H132: 77315 | I132: 0 | J132: 38223 | K132: =+C132+E132+G132+I132 -> 11533 | L132: =+D132+F132+H132+J132 -> 118163
A133: 261 | B133: ELEMENTOS Y COMPUESTOS QUIMICOS | C133: 0 | D133: 72046.69 | E133: 0 | F133: 54856.92 | G133: 0 | H133: 47764.73 | I133: 0 | J133: 168625.39 | K133: =+C133+E133+G133+I133 -> 0 | L133: =+D133+F133+H133+J133 -> 343293.73
A134: 262 | B134: COMBUSTIBLES Y LUBRICANTES | C134: 0 | D134: 0 | E134: 0 | F134: 0 | G134: 0 | H134: 0 | I134: 0 | J134: 0 | K134: =+C134+E134+G134+I134 -> 0 | L134: =+D134+F134+H134+J134 -> 0
A135: 266 | B135: PRODUCTOS MEDICINALES Y FARMACEUTICOS | C135: 0 | D135: 0 | E135: 19956.14 | F135: 84965 | G135: =19956.14 -> 19956.14 | H135: 114037.1 | I135: =19956.14 -> 19956.14 | J135: 65789.55 | K135: =+C135+E135+G135+I135 -> 59868.42 | L135: =+D135+F135+H135+J135 -> 264791.65
A136: 267 | B136: TINTES, PINTURAS Y COLORANTES | C136: 0 | D136: 0 | E136: 0 | F136: 0 | G136: 0 | H136: 0 | I136: 0 | J136: 0 | K136: =+C136+E136+G136+I136 -> 0 | L136: =+D136+F136+H136+J136 -> 0
A137: 268 | B137: PRODUCTOS PLASTICOS, NYLON, VINIL Y PVC | C137: 0 | D137: 0 | E137: 2261.5 | F137: 0 | G137: 2261.5 | H137: 0 | I137: 2261.5 | J137: 14245.15 | K137: =+C137+E137+G137+I137 -> 6784.5 | L137: =+D137+F137+H137+J137 -> 14245.15
A138: 269 | B138: OTROS PRODUCTOS QUIMICOS Y CONEXOS | C138: 0 | D138: 9916.05 | E138: 0 | F138: 0 | G138: 0 | H138: 0 | I138: 0 | J138: 0 | K138: =+C138+E138+G138+I138 -> 0 | L138: =+D138+F138+H138+J138 -> 9916.05
A139: 289 | B139: OTROS PRODUCTOS METALICOS | C139: 0 | D139: 0 | E139: 0 | F139: 0 | G139: 0 | H139: 0 | I139: 0 | J139: 0 | K139: =+C139+E139+G139+I139 -> 0 | L139: =+D139+F139+H139+J139 -> 0
A140: 292 | B140: UTILES DE LIMPIEZA Y PRODUCTOS SANITARIOS | C140: 0 | D140: 0 | E140: 872.45 | F140: 0 | G140: 872.45 | H140: 0 | I140: 872.46 | J140: 13208.75 | K140: =+C140+E140+G140+I140 -> 2617.36 | L140: =+D140+F140+H140+J140 -> 13208.75
A141: 295 | B141: UTILES MENORES MEDICO QUIRURGICOS Y DE LAB. | C141: 0 | D141: 3044286.9 | E141: 124167.25 | F141: 1598184.5 | G141: 124167.25 | H141: 2748946.6 | I141: 124167.26 | J141: 3755710.5 | K141: =+C141+E141+G141+I141 -> 372501.76 | L141: =+D141+F141+H141+J141 -> 11147129
A142: 297 | B142: UTILES, ACCESORIOS Y MATERIALES ELECTRICOS | C142: 0 | D142: 0 | E142: 4267.7 | F142: 0 | G142: 4267.7 | H142: 0 | I142: 4267.7 | J142: 12658.1 | K142: =+C142+E142+G142+I142 -> 12803.1 | L142: =+D142+F142+H142+J142 -> 12658.1
A143: 298 | B143: ACCESORIOS Y REPUESTOS EN GENERAL | C143: 33333.33 | D143: 104338.68 | E143: 61206.83 | F143: 36570 | G143: =33333.33+27873.5 -> 61206.83 | H143: 7610 | I143: =33333.37+27873.49 -> 61206.86 | J143: 166265 | K143: =+C143+E143+G143+I143 -> 216953.85 | L143: =+D143+F143+H143+J143 -> 314783.68
A144: 299 | B144: OTROS MATERIALES Y SUMINISTROS | C144: 19097.09 | D144: 11040.54 | E144: 19090.59 | F144: 254.46 | G144: 19097.09 | H144: 0 | I144: 19097.09 | J144: 0 | K144: =+C144+E144+G144+I144 -> 76381.86 | L144: =+D144+F144+H144+J144 -> 11295
A145: 323 | B145: EQUIPO MEDICO-SANITARIO Y DE LABORATORIO | C145: 0 | D145: 21000 | E145: 0 | F145: 0 | G145: 0 | H145: 0 | I145: 0 | J145: 2337053.3 | K145: =+C145+E145+G145+I145 -> 0 | L145: =+D145+F145+H145+J145 -> 2358053.3
B146: TOTAL GASTOS DE FUNCIONAMIENTO | C146: =SUM(C120:C145) -> 534123.14 | D146: =SUM(D120:D145) -> 3850895.8 | E146: =SUM(E120:E145) -> 629772.57 | F146: =SUM(F120:F145) -> 2347200.1 | G146: =SUM(G120:G145) -> 798328.07 | H146: =SUM(H120:H145) -> 3386702 | I146: =SUM(I120:I145) -> 609593.11 | J146: =SUM(J120:J145) -> 8047855.2 | ... L146: =SUM(L120:L145) -> 17632653
B147: TOTAL GENERAL | C147: =+C146+C117 -> 3895271.6 | D147: =+D146+D117 -> 7223741.8 | E147: =+E146+E117 -> 3990921 | F147: =+F146+F117 -> 5728356.7 | G147: =+G146+G117 -> 4159476.5 | H147: =+H146+H117 -> 6871640.3 | I147: =+I146+I117 -> 6846220.8 | J147: =+J146+J117 -> 14427198 | ... L147: =+L146+L117 -> 34250936
B167: RESUMEN AÑO 2023
...

Sheet DICIEMBRE ANEXO A F-5 C 09-2023
B8: ÀREA FINANCIERA | I8: ANEXO DE F-5
A10: UNIDAD DE CIRUGIA CARDIOVASCULAR DE GUATEMALA
A11: 5a. AVENIDA 6-22 ZONA 11
A12: dgunicar@yahoo.es Tel. 24163000
A14: Programación mensual por tipo de gasto año 2018, Expresado en Quetzales primer cuatrimestre 2018
A15: No. | B15: CATEGORIA DE GASTO | C15: ENERO | E15: FEBRERO | G15: MARZO | I15: ABRIL
C16: PRESUPUESTO | D16: REAL | E16: PRESUPUESTO | F16: REAL | G16: PRESUPUESTO | H16: REAL | I16: PRESUPUESTO | J16: REAL
B17: RECURSO HUMANO | C17: 1764858.4 | D17: 1492317.4 | E17: 1764858.4 | F17: 1792563.6 | G17: 1764858.4 | H17: 1578007.9 | I17: 1764858.4 | J17: 1803793.6
B19: GASTOS DE FUNCIONAMIENTO | C19: =+C27+C43 -> 2818474.9 | D19: =+D27+D43 -> 0 | E19: =+E27+E43 -> 2818474.9 | F19: =+F27+F43 -> 67111.02 | G19: =+G27+G43 -> 2818474.9 | H19: =+H27+H43 -> 58543.64 | I19: =+I27+I43 -> 2818474.9 | J19: =+J27+J43 -> 3743927.3
B20: ENERGIA ELECTRICA | C20: 62500 | E20: 62500 | F20: 56112.02 | G20: 62500 | I20: 62500 | J20: 68083.01
B21: TELEFONIA | C21: 7500 | E21: 7500 | F21: 10999 | G21: 7500 | H21: 11011 | I21: 7500 | J21: 10992
B22: IMPRESIÓN, ENCUADERNACION Y REPRODUCCION | C22: 8133.97 | E22: 8133.97 | G22: 8133.97 | I22: 8133.97 | J22: 4358
B23: MANT. Y REP. EQUIPO MEDICO SANITARIO Y DE LAB. | C23: 33333.33 | E23: 33333.33 | G23: 33333.33 | I23: 33333.33 | J23: 45020
B24: SERVICIOS MEDICO-SANITARIOS | C24: 165141.75 | E24: 165141.75 | G24: 165141.75 | H24: 1000 | I24: 165141.75 | J24: 26842.86
B25: SERVICIOS DE VIGILANCIA | C25: 40000 | E25: 40000 | G25: 40000 | I25: 40000 | J25: 76240
B26: OTROS SERVICIOS NO PERSONALES | C26: 26305.03 | E26: 26305.03 | G26: 26305.03 | H26: 46532.64 | I26: 26305.03 | J26: 55063.68
B27: SUMA GASTOS GENERALES | C27: =SUM(C20:C26) -> 342914.08 | D27: =SUM(D20:D26) -> 0 | E27: =SUM(E20:E26) -> 342914.08 | F27: =SUM(F20:F26) -> 67111.02 | G27: =SUM(G20:G26) -> 342914.08 | H27: =SUM(H20:H26) -> 58543.64 | I27: =SUM(I20:I26) -> 342914.08 | J27: =SUM(J20:J26) -> 286599.55
B28: MATERIALES Y SUMINISTROS
B29: ALIMENTOS PARA PERSONAS | C29: 60936.45 | E29: 60936.45 | G29: 60936.45 | I29: 60936.45 | J29: 202940.25
B30: ACABADOS TEXTILES | C30: 600 | E30: 600 | G30: 600 | I30: 600
B31: PRODUCTOS DE PAPEL O CARTON | C31: 945.42 | E31: 945.42 | G31: 945.42 | I31: 945.42
B32: ELEMENTOS Y COMPUESTOS QUIMICOS | C32: 169652.57 | E32: 169652.57 | G32: 169652.57 | I32: 169652.57 | J32: 178282.05
B33: COMBUSTIBLES Y LUBRICANTES | C33: 912 | E33: 912 | G33: 912 | I33: 912
B34: PRODUCTOS MEDICINALES Y FARMACEUTICOS | C34: 427229.65 | E34: 427229.65 | G34: 427229.65 | I34: 427229.65 | J34: 1425199.8
B35: TINTES, PINTURAS Y COLORANTES | C35: 100 | E35: 100 | G35: 100 | I35: 100
B36: PRODUCTOS PLASTICOS, NYLON, VINIL Y PVC | C36: 13579.7 | E36: 13579.7 | G36: 13579.7 | I36: 13579.7 | J36: 75162.24
B37: OTROS PRODUCTOS METALICOS | C37: 310 | E37: 310 | G37: 310 | I37: 310
B38: UTILES DE LIMPIEZA Y PRODUCTOS SANITARIOS | C38: 10809.43 | E38: 10809.43 | G38: 10809.43 | I38: 10809.43 | J38: 14528.6
B39: UTILES MENORES MEDICO QUIRURGICOS Y DE LAB. | C39: 1780006.3 | E39: 1780006.3 | G39: 1780006.3 | I39: 1780006.3 | J39: 1545914.8
B40: UTILES, ACCESORIOS Y MATERIALES ELECTRICOS | C40: 2208.7 | E40: 2208.7 | G40: 2208.7 | I40: 2208.7 | J40: 15300
B41: ACCESORIOS Y REPUESTOS EN GENERAL | C41: 8105.1 | E41: 8105.1 | G41: 8105.1 | I41: 8105.1
B42: OTROS MATERIALES Y SUMINISTROS | C42: 165.5 | E42: 165.5 | G42: 165.5 | I42: 165.5
B43: TOTAL MATERIALES Y SUMINISTROS | C43: =SUM(C29:C42) -> 2475560.8 | D43: =SUM(D29:D42) -> 0 | E43: =SUM(E29:E42) -> 2475560.8 | F43: =SUM(F29:F42) -> 0 | G43: =SUM(G29:G42) -> 2475560.8 | H43: =SUM(H29:H42) -> 0 | I43: =SUM(I29:I42) -> 2475560.8 | J43: =SUM(J29:J42) -> 3457327.8
A46: Programación mensual por tipo de gasto año 2016, Expresado en Quetzales
A47: No. | B47: Categoría de Gasto | C47: Julio | E47: Agosto | G47: Septiembre
B48: Recurso Humano | C48: Pto. | D48: Real | E48: Pto. | F48: Real | G48: Pto. | H48: Real
B51: Gastos de Funcionamiento
B52: detallar cada gasto cargado
A60: TOTALES
A73: Programación mensual por tipo de gasto año 2018, Expresado en Quetzales segundo cuatrimestre 2018
A74: No. | B74: CATEGORIA DE GASTO | C74: MAYO | E74: JUNIO | G74: JULIO | I74: AGOSTO
C75: PRESUPUESTO | D75: REAL | E75: PRESUPUESTO | F75: REAL | G75: PRESUPUESTO | H75: REAL | I75: PRESUPUESTO | J75: REAL
B76: RECURSO HUMANO | C76: 1764858.4 | D76: 2281196.2 | E76: 1764858.4 | F76: 1896496.9
B78: GASTOS DE FUNCIONAMIENTO | C78: =+C86+C102 -> 2818474.9 | D78: =+D86+D102 -> 3820610.3 | E78: =+E86+E102 -> 2818474.9 | F78: =+F86+F102 -> 2361172.2 | G78: =+G86+G102 -> 0 | H78: =+H86+H102 -> 0 | I78: =+I86+I102 -> 0 | J78: =+J86+J102 -> 0
B79: ENERGIA ELECTRICA | C79: 62500 | D79: 138609.61 | E79: 62500
B80: TELEFONIA | C80: 7500 | D80: 9818.25 | E80: 7500 | F80: 9560.36
B81: IMPRESIÓN, ENCUADERNACION Y REPRODUCCION | C81: 8133.97 | E81: 8133.97 | F81: 39787
B82: MANT. Y REP. EQUIPO MEDICO SANITARIO Y DE LAB. | C82: 33333.33 | D82: 19161.8 | E82: 33333.33
B83: SERVICIOS MEDICO-SANITARIOS | C83: 165141.75 | D83: 4057.14 | E83: 165141.75 | F83: 184282.78
B84: SERVICIOS DE VIGILANCIA | C84: 40000 | D84: 38120 | E84: 40000 | F84: 38120
B85: OTROS SERVICIOS NO PERSONALES | C85: 26305.03 | D85: 48548.64 | E85: 26305.03 | F85: 44604
B86: SUMA GASTOS GENERALES | C86: =SUM(C79:C85) -> 342914.08 | D86: =SUM(D79:D85) -> 258315.44 | E86: =SUM(E79:E85) -> 342914.08 | F86: =SUM(F79:F85) -> 316354.14 | G86: =SUM(G79:G85) -> 0 | H86: =SUM(H79:H85) -> 0 | I86: =SUM(I79:I85) -> 0 | J86: =SUM(J79:J85) -> 0
B87: MATERIALES Y SUMINISTROS
B88: ALIMENTOS PARA PERSONAS | C88: 60936.45 | D88: 1023 | E88: 60936.45 | F88: 58023.7
B89: ACABADOS TEXTILES | C89: 600 | E89: 600
B90: PRODUCTOS DE PAPEL O CARTON | C90: 945.42 | E90: 945.42
B91: ELEMENTOS Y COMPUESTOS QUIMICOS | C91: 169652.57 | D91: 181188.84 | E91: 169652.57 | F91: 66957.58
B92: COMBUSTIBLES Y LUBRICANTES | C92: 912 | E92: 912
B93: PRODUCTOS MEDICINALES Y FARMACEUTICOS | C93: 427229.65 | D93: 535053.33 | E93: 427229.65 | F93: 261536.69
B94: TINTES, PINTURAS Y COLORANTES | C94: 100 | E94: 100
B95: PRODUCTOS PLASTICOS, NYLON, VINIL Y PVC | C95: 13579.7 | D95: 6224.76 | E95: 13579.7 | F95: 6630
B96: OTROS PRODUCTOS METALICOS | C96: 310 | D96: 3610 | E96: 310
B97: UTILES DE LIMPIEZA Y PRODUCTOS SANITARIOS | C97: 10809.43 | D97: 39404.76 | E97: 10809.43 | F97: 23463
B98: UTILES MENORES MEDICO QUIRURGICOS Y DE LAB. | C98: 1780006.3 | D98: 2752150.2 | E98: 1780006.3 | F98: 1617110.1
B99: UTILES, ACCESORIOS Y MATERIALES ELECTRICOS | C99: 2208.7 | E99: 2208.7 | F99: 11097
B100: ACCESORIOS Y REPUESTOS EN GENERAL | C100: 8105.1 | D100: 43640 | E100: 8105.1
B101: OTROS MATERIALES Y SUMINISTROS | C101: 165.5 | E101: 165.5
B102: TOTAL MATERIALES Y SUMINISTROS | C102: =SUM(C88:C101) -> 2475560.8 | D102: =SUM(D88:D101) -> 3562294.9 | E102: =SUM(E88:E101) -> 2475560.8 | F102: =SUM(F88:F101) -> 2044818 | G102: =SUM(G88:G101) -> 0 | H102: =SUM(H88:H101) -> 0 | I102: =SUM(I88:I101) -> 0 | J102: =SUM(J88:J101) -> 0
A123: Programación mensual por tipo de gasto año 2017, Expresado en Quetzales tercer cuatrimestre 2018
A124: No. | B124: CATEGORIA DE GASTO | C124: SEPTIEMBRE | E124: OCTUBRE | G124: NOVIEMBRE | I124: DICIEMBRE
C125: PRESUPUESTO | D125: REAL | E125: PRESUPUESTO | F125: REAL | G125: PRESUPUESTO | H125: REAL | I125: PRESUPUESTO | J125: REAL
B126: RECURSO HUMANO
B128: GASTOS DE FUNCIONAMIENTO | C128: =+C136+C152 -> 0 | D128: =+D136+D152 -> 0 | E128: =+E136+E152 -> 0 | F128: =+F136+F152 -> 0 | G128: =+G136+G152 -> 0 | H128: =+H136+H152 -> 0 | I128: =+I136+I152 -> 0 | J128: =+J136+J152 -> 0
B129: ENERGIA ELECTRICA
B130: TELEFONIA
B131: IMPRESIÓN, ENCUADERNACION Y REPRODUCCION
B132: MANT. Y REP. EQUIPO MEDICO SANITARIO Y DE LAB.
B133: SERVICIOS MEDICO-SANITARIOS
B134: SERVICIOS DE VIGILANCIA
B135: OTROS SERVICIOS NO PERSONALES
B136: SUMA GASTOS GENERALES | C136: =SUM(C129:C135) -> 0 | D136: =SUM(D129:D135) -> 0 | E136: =SUM(E129:E135) -> 0 | F136: =SUM(F129:F135) -> 0 | G136: =SUM(G129:G135) -> 0 | H136: =SUM(H129:H135) -> 0 | I136: =SUM(I129:I135) -> 0 | J136: =SUM(J129:J135) -> 0
B137: MATERIALES Y SUMINISTROS
B138: ALIMENTOS PARA PERSONAS
B139: AVABADOS TEXTILES
B140: PRODUCTOS DE PAPEL O CARTON
B141: ELEMENTOS Y COMPUESTOS QUIMICOS
B142: COMBUSTIBLES Y LUBRICANTES
B143: PRODUCTOS MEDICINALES Y FARMACEUTICOS
B144: TINTES, PINTURAS Y COLORANTES
B145: PRODUCTOS PLASTICOS, NYLON, VINIL Y PVC
B146: OTROS PRODUCTOS METALICOS
B147: UTILES DE LIMPIEZA Y PRODUCTOS SANITARIOS
B148: UTILES MENORES MEDICO QUIRURGICOS Y DE LAB.
... B151: OTROS MATERIALES Y SUMINISTROS
B152: TOTAL MATERIALES Y SUMINISTROS | C152: =SUM(C138:C151) -> 0 | D152: =SUM(D138:D151) -> 0 | E152: =SUM(E138:E151) -> 0 | F152: =SUM(F138:F151) -> 0 | G152: =SUM(G138:G151) -> 0 | H152: =SUM(H138:H151) -> 0 | I152: =SUM(I138:I151) -> 0 | J152: =SUM(J138:J151) -> 0
C177: PROGRAMACION POR TIPO DE GASTO AÑO 2023
C178: RESUMEN AL 31 DE DICIEMBRE 2023
C179: No. | D179: CATEGORIA DEL GASTO DE FUNCIONAMIENTO | E179: TOTAL ANUAL
E180: PRESUPUESTO | F180: COMPROMETIDO
C181: 011 | D181: RECURSO HUMANO | E181: =+'DICIEMBRE F-5 CONV. 09-2023'!C170 -> 45918608 | F181: =+'DICIEMBRE F-5 CONV. 09-2023'!D170 -> 45918608
...

Sheet DICIEMBRE F-6 CONV. 09-2023
B7: ÀREA FINANCIERA | J7: F-6
A9: UNIDAD DE CIRUGIA CARDIOVASCULAR DE GUATEMALA
A10: 5a. AVENIDA 6-22 ZONA 11
A11: CORREO ELECTRÓNICO Y TELÉFONO
A12: dgunicar@yahoo.es Tel. 24163000
A14: Ejecucion fìnanciera por categoria del gasto primer cuatrimestre 2023
A16: Categoría del gasto de funcionamiento | B16: Enero | D16: Febrero | F16: Marzo | H16: Abril | J16: Totales
B17: Prog. | C17: Ejecutado | D17: Prog. | E17: Ejecutado | F17: Prog. | G17: Ejecutado | H17: Prog. | I17: Ejecutado | J17: Prog. | K17: Ejecutado
A18: Recurso Humano | B18: 3361148.5 | C18: 2939970.1 | D18: 3361148.5 | E18: 2914006.4 | F18: 3361148.5 | G18: 4024889.6 | H18: 3361148.5 | I18: =2929171.29+358716.74 -> 3287888 | J18: =+B18+D18+F18+H18 -> 13444594 | K18: =+C18+E18+G18+I18 -> 13166754
A19: Gastos de operación | B19: 551427.17 | D19: 5633937.6 | E19: 135617.67 | F19: 848726.38 | G19: 1618801.8 | H19: 606473.63 | I19: 1614363.4 | J19: =+B19+D19+F19+H19 -> 7640564.7 | K19: =+C19+E19+G19+I19 -> 3368782.8
A20: Propiedad planta y equipo | J20: =+B20+D20+F20+H20 -> 0 | K20: =+C20+E20+G20+I20 -> 0
A21: TOTAL | B21: =SUM(B18:B20) -> 3912575.6 | C21: =SUM(C18:C20) -> 2939970.1 | D21: =SUM(D18:D20) -> 8995086 | E21: =SUM(E18:E20) -> 3049624.1 | F21: =SUM(F18:F20) -> 4209874.9 | G21: =SUM(G18:G20) -> 5643691.3 | H21: =SUM(H18:H20) -> 3967622.1 | I21: =SUM(I18:I20) -> 4902251.4 | ... K21: =SUM(K18:K20) -> 16535537
A23: Ejecucion fìnanciera por categoria del gasto segundo cuatrimestre 2023
A25: Categoría del gasto de funcionamiento | B25: Mayo | D25: Junio | F25: Julio | H25: Agosto | J25: Totales
B26: Prog. | C26: Ejecutado | D26: Prog. | E26: Ejecutado | F26: Prog. | G26: Ejecutado | H26: Prog. | I26: Ejecutado | J26: Prog. | K26: Ejecutado
A27: Recurso Humano | B27: 3361148.5 | C27: 3300467.4 | D27: 3361148.5 | E27: 3380648.2 | F27: 6070495.5 | G27: 5696595.4 | H27: 3361148.5 | I27: 3755859.3 | J27: =+B27+D27+F27+H27 -> 16153941 | K27: =+C27+E27+G27+I27 -> 16133570
A28: Gastos de operación | B28: 4888282.3 | C28: 1554870.2 | D28: 17602011 | E28: 3625974.8 | F28: 806742.88 | G28: 5272466.1 | H28: 571974.38 | I28: 2562957 | J28: =+B28+D28+F28+H28 -> 23869011 | K28: =+C28+E28+G28+I28 -> 13016268
A29: TOTAL | B29: =SUM(B27:B28) -> 8249430.8 | C29: =SUM(C27:C28) -> 4855337.6 | D29: =SUM(D27:D28) -> 20963159 | E29: =SUM(E27:E28) -> 7006623.1 | F29: =SUM(F27:F28) -> 6877238.3 | G29: =SUM(G27:G28) -> 10969062 | H29: =SUM(H27:H28) -> 3933122.9 | I29: =SUM(I27:I28) -> 6318816.3 | ... K29: =SUM(K27:K28) -> 29149839
A32: Ejecucion fìnanciera por categoria del gasto tercer cuatrimestre 2023
A34: Categoría del gasto de funcionamiento | B34: Septiembre | D34: Octubre | F34: Noviembre | H34: Diciembre | J34: Totales
B35: Prog. | C35: Ejecutado | D35: Prog. | E35: Ejecutado | F35: Prog. | G35: Ejecutado | H35: Prog. | I35: Ejecutado | J35: Prog. | K35: Ejecutado
A36: Recurso Humano | B36: 3361148.5 | C36: 3372846.1 | D36: 3361148.5 | E36: 3381156.6 | F36: 3361148.5 | G36: 3484938.3 | H36: 6236627.7 | I36: 6379342.4 | J36: =+B36+D36+F36+H36 -> 16320073 | K36: =+C36+E36+G36+I36 -> 16618283
A37: Gastos de operación | B37: 534123.14 | C37: =3829895.75+21000 -> 3850895.8 | D37: =629772.57 -> 629772.57 | E37: 2347200.1 | F37: 798328.07 | G37: 3386702 | H37: 609593.11 | I37: 8047855.2 | J37: =+B37+D37+F37+H37 -> 2571816.9 | K37: =+C37+E37+G37+I37 -> 17632653
A38: TOTAL | B38: =SUM(B36:B37) -> 3895271.6 | C38: =SUM(C36:C37) -> 7223741.8 | D38: =SUM(D36:D37) -> 3990921 | E38: =SUM(E36:E37) -> 5728356.7 | F38: =SUM(F36:F37) -> 4159476.5 | G38: =SUM(G36:G37) -> 6871640.3 | H38: =SUM(H36:H37) -> 6846220.8 | I38: =SUM(I36:I37) -> 14427198 | ... K38: =SUM(K36:K37) -> 34250936
A40: Resumen año 2023
A41: Categoría del gasto | B41: año 2023
B42: Presupuestado | C42: Ejecutado
A43: Recurso Humano | B43: =+J18+J27+J36 -> 45918608 | C43: =+K18+K27+K36 -> 45918608
A44: Gastos de operación | B44: =+J19+J28+J37 -> 34081392 | C44: =+K19+K28+K37 -> 34017704
A45: TOTAL | B45: =SUM(B43:B44) -> 80000000 | C45: =SUM(C43:C44) -> 79936312
A46: DEPOSITO FONDO COMUN | C46: =+B45-C45 -> 63688.14
A47: SUMAS IGUALES | B47: =+B45 -> 80000000 | C47: =+C46+C45 -> 80000000
A69: Elaborado por: | C69: ___________________________ | F69: Autorizado por: | H69: ___________________________________
C70: Víctor Cresencio Reyes Porres | H70: Lic. Douglas Antonio Díaz Rivera
C71: Jefe de Contabilidad | H71: Representante Legal
A72: Fecha: | C72: 10 de enero 2024

Sheet DICIEMBRE F-5 CONV. 38-2023
B8: ÀREA FINANCIERA | K8: F-5
A10: UNIDAD DE CIRUGIA CARDIOVASCULAR DE GUATEMALA
A11: 5a. AVENIDA 6-22 ZONA 11
A12: dgunicar@yahoo.es Tel. 24163000
A14: Programación y ejecucion mensual por tipo de gasto año 2023, Expresado en Quetzales primer cuatrimestre 2023
A15: No. | B15: CATEGORIA DEL GASTO DE FUNCIONAMIENTO | C15: ENERO | E15: FEBRERO | G15: MARZO | I15: ABRIL | K15: TOTAL CUATRIMESTRE
C16: PROG. | D16: EJECUTADO | E16: PROG. | F16: EJECUTADO | G16: PROG. | H16: EJECUTADO | I16: PROG. | J16: EJECUTADO | K16: PROG. | L16: EJECUTADO
B17: RECURSO HUMANO
A18: 011 | B18: SUELOS Y SALARIOS | K18: =+C18+E18+G18+I18 -> 0 | L18: =+D18+F18+H18+J18 -> 0
B19: CUOTA PATRONAL | H19: 0 | J19: 0 | L19: =+D19+F19+H19+J19 -> 0
B20: TOTAL RECURSO HUMANO | C20: =SUM(C18:C19) -> 0 | D20: =SUM(D18:D19) -> 0 | E20: =SUM(E18:E19) -> 0 | F20: =SUM(F18:F19) -> 0 | G20: =SUM(G18:G19) -> 0 | H20: =SUM(H18:H19) -> 0 | I20: =SUM(I18:I19) -> 0 | J20: =SUM(J18:J19) -> 0 | ... L20: =SUM(L18:L19) -> 0
B22: GASTOS DE OPERACIÓN
A23: 111 | B23: ENERGIA ELECTRICA | C23: 0 | D23: 0 | E23: 0 | F23: 0 | G23: 0 | H23: 0 | I23: 0 | J23: 0 | K23: =+C23+E23+G23+I23 -> 0 | L23: =+D23+F23+H23+J23 -> 0
A24: 113 | B24: SERVICIO DE INTERNET Y TELEFONIA | C24: 0 | D24: 0 | E24: 0 | F24: 0 | G24: 0 | H24: 0 | I24: 0 | J24: 0 | K24: =+C24+E24+G24+I24 -> 0 | L24: =+D24+F24+H24+J24 -> 0
A25: 122 | B25: IMPRESIÓN, ENCUADERNACION Y REPRODUCCION | C25: 0 | D25: 0 | E25: 0 | F25: 0 | G25: 0 | H25: 0 | I25: 0 | J25: 0 | K25: =+C25+E25+G25+I25 -> 0 | L25: =+D25+F25+H25+J25 -> 0
A26: 163 | B26: MANT. Y REP. EQUIPO MEDICO SANITARIO Y DE LAB. | C26: 0 | D26: 0 | E26: 0 | F26: 0 | G26: 0 | H26: 0 | I26: 0 | J26: 0 | K26: =+C26+E26+G26+I26 -> 0 | L26: =+D26+F26+H26+J26 -> 0
A27: 168 | B27: MANTENIMIENTO Y REPARACION DE EQUIPO DE COMPUTO | C27: 0 | D27: 0 | E27: 0 | F27: 0 | G27: 0 | H27: 0 | I27: 0 | J27: 0 | K27: =+C27+E27+G27+I27 -> 0 | L27: =+D27+F27+H27+J27 -> 0
A28: 169 | B28: MANT. Y REP. DE OTRAS MAQ. Y EQUIPO | C28: 0 | D28: 0 | E28: 0 | F28: 0 | G28: 0 | H28: 0 | I28: 0 | J28: 0 | K28: =+C28+E28+G28+I28 -> 0 | L28: =+D28+F28+H28+J28 -> 0
A29: 171 | B29: MANT. Y REPARACION DE EDIFICIOS | C29: 0 | D29: 0 | E29: 0 | F29: 0 | G29: 0 | H29: 0 | I29: 0 | J29: 0 | K29: =+C29+E29+G29+I29 -> 0 | L29: =+D29+F29+H29+J29 -> 0
A30: 174 | B30: MANT. Y REP. DE INSTALACIONES | C30: 0 | D30: 0 | E30: 0 | F30: 0 | G30: 0 | H30: 0 | I30: 0 | J30: 0 | K30: =+C30+E30+G30+I30 -> 0 | L30: =+D30+F30+H30+J30 -> 0
A31: 182 | B31: SERVICIOS MEDICO-SANITARIOS | C31: 0 | D31: 0 | E31: 0 | F31: 0 | G31: 0 | H31: 0 | I31: 0 | J31: 0 | K31: =+C31+E31+G31+I31 -> 0 | L31: =+D31+F31+H31+J31 -> 0
A32: 197 | B32: SERVICIOS DE VIGILANCIA | C32: 0 | D32: 0 | E32: 0 | F32: 0 | G32: 0 | H32: 0 | I32: 0 | J32: 0 | K32: =+C32+E32+G32+I32 -> 0 | L32: =+D32+F32+H32+J32 -> 0
A33: 199 | B33: OTROS SERVICIOS NO PERSONALES | C33: 0 | D33: 0 | E33: 0 | F33: 0 | G33: 0 | H33: 0 | I33: 0 | J33: 0 | K33: =+C33+E33+G33+I33 -> 0 | L33: =+D33+F33+H33+J33 -> 0
A34: 211 | B34: ALIMENTOS PARA PERSONAS | C34: 0 | D34: 0 | E34: 0 | F34: 0 | G34: 0 | H34: 0 | I34: 0 | J34: 0 | K34: =+C34+E34+G34+I34 -> 0 | L34: =+D34+F34+H34+J34 -> 0
... A48: 323 | B48: EQUIPO MEDICO-SANITARIO Y DE LABORATORIO | C48: 0 | D48: 0 | E48: 0 | F48: 0 | G48: 0 | H48: 0 | I48: 0 | J48: 0 | K48: =+C48+E48+G48+I48 -> 0 | L48: =+D48+F48+H48+J48 -> 0
B49: TOTAL GASTOS DE OPERACIÓN | C49: =SUM(C23:C48) -> 0 | D49: =SUM(D23:D48) -> 0 | E49: =SUM(E23:E48) -> 0 | F49: =SUM(F23:F48) -> 0 | G49: =SUM(G23:G48) -> 0 | H49: =SUM(H23:H48) -> 0 | I49: =SUM(I23:I48) -> 0 | J49: =SUM(J23:J48) -> 0 | ... L49: =SUM(L23:L48) -> 0
B50: TOTAL GENERAL | C50: =+C49+C20 -> 0 | D50: =+D49+D20 -> 0 | E50: =+E49+E20 -> 0 | F50: =+F49+F20 -> 0 | G50: =+G49+G20 -> 0 | H50: =+H49+H20 -> 0 | I50: =+I49+I20 -> 0 | J50: =+J49+J20 -> 0 | ... L50: =+L49+L20 -> 0
A56: Programación y ejecucion mensual por tipo de gasto año 2023, Expresado en Quetzales segundo cuatrimestre 2023
A57: No. | B57: =+B15 -> CATEGORIA DEL GASTO DE FUNCIONAMIENTO | C57: MAYO | E57: JUNIO | G57: JULIO | I57: AGOSTO | K57: TOTAL CUATRIMESTRE
C58: PROG. | D58: EJECUTADO | E58: PROG. | F58: EJECUTADO | G58: PROG. | H58: EJECUTADO | I58: PROG. | J58: EJECUTADO | K58: PROG. | L58: EJECUTADO
A59: 011 | B59: RECURSO HUMANO
B60: SUELOS Y SALARIOS | C60: 0 | K60: =+C60+E60+G60+I60 -> 0 | L60: =+D60+F60+H60+J60 -> 0
B61: BONO 14 | L61: =+D61+F61+H61+J61 -> 0
B62: CUOTA PATRONAL | L62: =+D62+F62+H62+J62 -> 0
B63: TOTAL RECURSO HUMANO | C63: =SUM(C60:C62) -> 0 | D63: =SUM(D60:D62) -> 0 | E63: =SUM(E60:E62) -> 0 | F63: =SUM(F60:F62) -> 0 | G63: =SUM(G60:G62) -> 0 | H63: =SUM(H60:H62) -> 0 | I63: =SUM(I60:I62) -> 0 | J63: =SUM(J60:J62) -> 0 | ... L63: =SUM(L60:L62) -> 0
B65: GASTOS DE OPERACIÓN
A66: 111 | B66: ENERGIA ELECTRICA | C66: 0 | D66: 0 | E66: 0 | F66: 0 | G66: 0 | H66: 0 | I66: 0 | J66: 0 | K66: =+C66+E66+G66+I66 -> 0 | L66: =+D66+F66+H66+J66 -> 0
A67: 113 | B67: SERVICIO DE INTERNET Y TELEFONIA | C67: 0 | D67: 0 | E67: 0 | F67: 0 | G67: 0 | H67: 0 | I67: 0 | J67: 0 | K67: =+C67+E67+G67+I67 -> 0 | L67: =+D67+F67+H67+J67 -> 0
A68: 122 | B68: IMPRESIÓN, ENCUADERNACION Y REPRODUCCION | C68: 0 | D68: 0 | E68: 0 | F68: 0 | G68: 0 | H68: 0 | I68: 0 | J68: 0 | K68: =+C68+E68+G68+I68 -> 0 | L68: =+D68+F68+H68+J68 -> 0
A69: 163 | B69: MANT. Y REP. EQUIPO MEDICO SANITARIO Y DE LAB. | C69: 0 | D69: 0 | E69: 0 | F69: 0 | G69: 0 | H69: 0 | I69: 0 | J69: 0 | K69: =+C69+E69+G69+I69 -> 0 | L69: =+D69+F69+H69+J69 -> 0
A70: 168 | B70: MANTENIMIENTO Y REPARACION DE EQUIPO DE COMPUTO | C70: 0 | D70: 0 | E70: 0 | F70: 0 | G70: 0 | H70: 0 | I70: 0 | J70: 0 | K70: =+C70+E70+G70+I70 -> 0 | L70: =+D70+F70+H70+J70 -> 0
A71: 169 | B71: MANT. Y REP. DE OTRAS MAQ. Y EQUIPO | C71: 0 | D71: 0 | E71: 0 | F71: 0 | G71: 0 | H71: 0 | I71: 0 | J71: 0 | K71: =+C71+E71+G71+I71 -> 0 | L71: =+D71+F71+H71+J71 -> 0
A72: 171 | B72: MANT. Y REPARACION DE EDIFICIOS | C72: 0 | D72: 0 | E72: 0 | F72: 0 | G72: 0 | H72: 0 | I72: 0 | J72: 0 | K72: =+C72+E72+G72+I72 -> 0 | L72: =+D72+F72+H72+J72 -> 0
A73: 174 | B73: MANT. Y REP. DE INSTALACIONES | C73: 0 | D73: 0 | E73: 0 | F73: 0 | G73: 0 | H73: 0 | I73: 0 | J73: 0 | K73: =+C73+E73+G73+I73 -> 0 | L73: =+D73+F73+H73+J73 -> 0
A74: 182 | B74: SERVICIOS MEDICO-SANITARIOS | C74: 0 | D74: 0 | E74: 0 | F74: 0 | G74: 0 | H74: 0 | I74: 0 | J74: 0 | K74: =+C74+E74+G74+I74 -> 0 | L74: =+D74+F74+H74+J74 -> 0
A75: 197 | B75: SERVICIOS DE VIGILANCIA | C75: 0 | D75: 0 | E75: 0 | F75: 0 | G75: 0 | H75: 0 | I75: 0 | J75: 0 | K75: =+C75+E75+G75+I75 -> 0 | L75: =+D75+F75+H75+J75 -> 0
A76: 199 | B76: OTROS SERVICIOS NO PERSONALES | C76: 0 | D76: 0 | E76: 0 | F76: 0 | G76: 0 | H76: 0 | I76: 0 | J76: 0 | K76: =+C76+E76+G76+I76 -> 0 | L76: =+D76+F76+H76+J76 -> 0
A77: 211 | B77: ALIMENTOS PARA PERSONAS | C77: 0 | D77: 0 | E77: 0 | F77: 0 | G77: 0 | H77: 0 | I77: 0 | J77: 0 | K77: =+C77+E77+G77+I77 -> 0 | L77: =+D77+F77+H77+J77 -> 0
... A91: 323 | B91: EQUIPO MEDICO-SANITARIO Y DE LABORATORIO | C91: 0 | D91: 0 | E91: 0 | F91: 0 | G91: 0 | H91: 0 | I91: 0 | J91: 0 | K91: =+C91+E91+G91+I91 -> 0 | L91: =+D91+F91+H91+J91 -> 0
B92: TOTAL GASTOS DE OPERACIÓN | C92: =SUM(C66:C91) -> 0 | D92: =SUM(D66:D91) -> 0 | E92: =SUM(E66:E91) -> 0 | F92: =SUM(F66:F91) -> 0 | G92: =SUM(G66:G91) -> 0 | H92: =SUM(H66:H91) -> 0 | I92: =SUM(I66:I91) -> 0 | J92: =SUM(J66:J91) -> 0 | ... L92: =SUM(L66:L91) -> 0
B93: TOTAL GENERAL | C93: =+C92+C63 -> 0 | D93: =+D92+D63 -> 0 | E93: =+E92+E63 -> 0 | F93: =+F92+F63 -> 0 | G93: =+G92+G63 -> 0 | H93: =+H92+H63 -> 0 | I93: =+I92+I63 -> 0 | J93: =+J92+J63 -> 0 | ... L93: =+L92+L63 -> 0
A111: Programación y ejecucion mensual por tipo de gasto año 2023, Expresado en Quetzales tercer cuatrimestre 2023
A112: No. | B112: CATEGORIA DE GASTO | C112: SEPTIEMBRE | E112: OCTUBRE | G112: NOVIEMBRE | I112: DICIEMBRE | K112: TOTAL CUATRIMESTRE
C113: PROG. | D113: EJECUTADO | E113: PROG. | F113: EJECUTADO | G113: PROG. | H113: EJECUTADO | I113: PROG. | J113: EJECUTADO | K113: PROG. | L113: EJECUTADO
A114: 011 | B114: RECURSO HUMANO
B115: SUELOS Y SALARIOS | C115: 0 | D115: 0 | E115: 0 | F115: 0 | K115: =+C115+E115+G115+I115 -> 0 | L115: =+D115+F115+H115+J115 -> 0
B116: CUOTA PATRONAL | C116: 0 | D116: 0 | E116: 0 | F116: 0 | K116: =+C116+E116+G116+I116 -> 0 | L116: =+D116+F116+H116+J116 -> 0
B117: TOTAL RECURSO HUMANO | C117: =SUM(C115:C116) -> 0 | D117: =SUM(D115:D116) -> 0 | E117: =SUM(E115:E116) -> 0 | F117: =SUM(F115:F116) -> 0 | G117: =SUM(G115:G116) -> 0 | H117: =SUM(H115:H116) -> 0 | I117: =SUM(I115:I116) -> 0 | J117: =SUM(J115:J116) -> 0 | ... L117: =SUM(L115:L116) -> 0
B119: GASTOS DE FUNCIONAMIENTO
A120: 111 | B120: ENERGIA ELECTRICA | C120: 0 | D120: 0 | E120: 0 | F120: 0 | G120: 0 | H120: 0 | I120: 0 | J120: 0 | K120: =+C120+E120+G120+I120 -> 0 | L120: =+D120+F120+H120+J120 -> 0
A121: 113 | B121: SERVICIO DE INTERNET Y TELEFONIA | C121: 0 | D121: 0 | E121: 0 | F121: 0 | G121: 0 | H121: 0 | I121: 0 | J121: 0 | K121: =+C121+E121+G121+I121 -> 0 | L121: =+D121+F121+H121+J121 -> 0
A122: 122 | B122: IMPRESIÓN, ENCUADERNACION Y REPRODUCCION | C122: 0 | D122: 0 | E122: 0 | F122: 0 | G122: 0 | H122: 0 | I122: 0 | J122: 0 | K122: =+C122+E122+G122+I122 -> 0 | L122: =+D122+F122+H122+J122 -> 0
A123: 163 | B123: MANT. Y REP. EQUIPO MEDICO SANITARIO Y DE LAB. | C123: 0 | D123: 0 | E123: 0 | F123: 0 | G123: 0 | H123: 0 | I123: 0 | J123: 0 | K123: =+C123+E123+G123+I123 -> 0 | L123: =+D123+F123+H123+J123 -> 0
A124: 168 | B124: MANTENIMIENTO Y REPARACION DE EQUIPO DE COMPUTO | C124: 0 | D124: 0 | E124: 0 | F124: 0 | G124: 0 | H124: 0 | I124: 0 | J124: 0 | K124: =+C124+E124+G124+I124 -> 0 | L124: =+D124+F124+H124+J124 -> 0
A125: 169 | B125: MANT. Y REP. DE OTRAS MAQ. Y EQUIPO | C125: 0 | D125: 0 | E125: 0 | F125: 0 | G125: 0 | H125: 0 | I125: 0 | J125: 0 | K125: =+C125+E125+G125+I125 -> 0 | L125: =+D125+F125+H125+J125 -> 0
A126: 171 | B126: MANT. Y REPARACION DE EDIFICIOS | C126: 0 | D126: 0 | E126: 0 | F126: 0 | G126: 0 | H126: 0 | I126: 0 | J126: 0 | K126: =+C126+E126+G126+I126 -> 0 | L126: =+D126+F126+H126+J126 -> 0
A127: 174 | B127: MANT. Y REP. DE INSTALACIONES | C127: 0 | D127: 0 | E127: 0 | F127: 0 | G127: 0 | H127: 0 | I127: 0 | J127: 0 | K127: =+C127+E127+G127+I127 -> 0 | L127: =+D127+F127+H127+J127 -> 0
A128: 182 | B128: SERVICIOS MEDICO-SANITARIOS | C128: 0 | D128: 0 | E128: 0 | F128: 0 | G128: 0 | H128: 0 | I128: 0 | J128: 0 | K128: =+C128+E128+G128+I128 -> 0 | L128: =+D128+F128+H128+J128 -> 0
A129: 197 | B129: SERVICIOS DE VIGILANCIA | C129: 0 | D129: 0 | E129: 0 | F129: 0 | G129: 0 | H129: 0 | I129: 0 | J129: 0 | K129: =+C129+E129+G129+I129 -> 0 | L129: =+D129+F129+H129+J129 -> 0
A130: 199 | B130: OTROS SERVICIOS NO PERSONALES | C130: 0 | D130: 0 | E130: 0 | F130: 0 | G130: 0 | H130: 0 | I130: 0 | J130: 0 | K130: =+C130+E130+G130+I130 -> 0 | L130: =+D130+F130+H130+J130 -> 0
A131: 211 | B131: ALIMENTOS PARA PERSONAS | C131: 0 | D131: 0 | E131: 0 | F131: 0 | G131: 0 | H131: 0 | I131: 0 | J131: 0 | K131: =+C131+E131+G131+I131 -> 0 | L131: =+D131+F131+H131+J131 -> 0
... A145: 323 | B145: EQUIPO MEDICO-SANITARIO Y DE LABORATORIO | C145: 0 | D145: 0 | E145: 15000000 | F145: 0 | G145: 0 | H145: 0 | I145: 0 | J145: 14999995 | K145: =+C145+E145+G145+I145 -> 15000000 | L145: =+D145+F145+H145+J145 -> 14999995
B146: TOTAL GASTOS DE FUNCIONAMIENTO | C146: =SUM(C120:C145) -> 0 | D146: =SUM(D120:D145) -> 0 | E146: =SUM(E120:E145) -> 15000000 | F146: =SUM(F120:F145) -> 0 | G146: =SUM(G120:G145) -> 0 | H146: =SUM(H120:H145) -> 0 | I146: =SUM(I120:I145) -> 0 | J146: =SUM(J120:J145) -> 14999995 | ... L146: =SUM(L120:L145) -> 14999995
B147: TOTAL GENERAL | C147: =+C146+C117 -> 0 | D147: =+D146+D117 -> 0 | E147: =+E146+E117 -> 15000000 | F147: =+F146+F117 -> 0 | G147: =+G146+G117 -> 0 | H147: =+H146+H117 -> 0 | I147: =+I146+I117 -> 0 | J147: =+J146+J117 -> 14999995 | ... L147: =+L146+L117 -> 14999995
B167: RESUMEN AÑO 2023
A168: No. | B168: CATEGORIA DE GASTO | C168: TOTAL ANUAL
C169: PRESUPUESTO | D169: REAL
A170: 011 | B170: RECURSO HUMANO | C170: =+K20+K63+K117 -> 0 | D170: =+L20+L63+L117 -> 0
B172: GASTOS DE OPERACIÓN
A173: 111 | B173: ENERGIA ELECTRICA | C173: =+K23+K66+K120 -> 0 | D173: =+L23+L66+L120 -> 0
A174: 113 | B174: TELEFONIA | C174: =+K24+K67+K121 -> 0 | D174: =+L24+L67+L121 -> 0
A175: 122 | B175: IMPRESIÓN, ENCUADERNACION Y REPRODUCCION | C175: =+K25+K68+K122 -> 0 | D175: =+L25+L68+L122 -> 0
A176: 163 | B176: MANT. Y REP. EQUIPO MEDICO SANITARIO Y DE LAB. | C176: =+K26+K69+K123 -> 0 | D176: =+L26+L69+L123 -> 0
A177: 168 | B177: MANTENIMIENTO Y REPARACION DE EQUIPO DE COMPUTO | C177: =+K27+K70+K124 -> 0 | D177: =+L27+L70+L124 -> 0
A178: 169 | B178: MANT. Y REP. DE OTRAS MAQ. Y EQUIPO | C178: =+K28+K71+K125 -> 0 | D178: =+L28+L71+L125 -> 0
A179: 171 | B179: MANT. Y REPARACION DE EDIFICIOS | C179: =+K29+K72+K126 -> 0 | D179: =+L29+L72+L126 -> 0
A180: 174 | B180: MANT. Y REP. DE INSTALACIONES | C180: =+K30+K73+K127 -> 0 | D180: =+L30+L73+L127 -> 0
A181: 182 | B181: SERVICIOS MEDICO-SANITARIOS | C181: =+K31+K74+K128 -> 0 | D181: =+L31+L74+L128 -> 0
A182: 197 | B182: SERVICIOS DE VIGILANCIA | C182: =+K32+K75+K129 -> 0 | D182: =+L32+L75+L129 -> 0
A183: 199 | B183: OTROS SERVICIOS NO PERSONALES | C183: =+K33+K76+K130 -> 0 | D183: =+L33+L76+L130 -> 0
A184: 211 | B184: ALIMENTOS PARA PERSONAS | C184: =+K34+K77+K131 -> 0 | D184: =+L34+L77+L131 -> 0
... A198: 323 | B198: EQUIPO MEDICO SANITARIO Y DE LABORATORIO | C198: =+K48+K91+K145 -> 15000000 | D198: =+L48+L91+L145 -> 14999995
B199: TOTAL GASTOS DE FUNCIONAMIENTO | C199: =SUM(C173:C198) -> 15000000 | D199: =SUM(D173:D198) -> 14999995
B200: TOTAL GENERAL | C200: =+C199+C170 -> 15000000 | D200: =D199+D170 -> 14999995
B201: DEPOSITO FONDO COMUN | D201: =+C200-D200 -> 5
B202: SUMAS IGUALES | C202: =+C200 -> 15000000 | D202: =+D201+D200 -> 15000000
B213: Elaborado por: | D213: ______________________________ | G213: Autorizado por: | I213: ___________________________________
D214: P.C. Víctor Cresencio Reyes Porres | I214: Lic. Douglas Antonio Díaz Rivera
D215: Jefe de Contabilidad | I215: Representante Legal
B217: Fecha: | D217: 10 de enero 2024

Sheet DICIEMBRE ANEXO A F-5 C 38-2023
B8: ÀREA FINANCIERA | I8: ANEXO DE F-5
A10: UNIDAD DE CIRUGIA CARDIOVASCULAR DE GUATEMALA
A11: 5a. AVENIDA 6-22 ZONA 11
A12: dgunicar@yahoo.es Tel. 24163000
A14: Programación mensual por tipo de gasto año 2018, Expresado en Quetzales primer cuatrimestre 2018
A15: No. | B15: CATEGORIA DE GASTO | C15: ENERO | E15: FEBRERO | G15: MARZO | I15: ABRIL
C16: PRESUPUESTO | D16: REAL | E16: PRESUPUESTO | F16: REAL | G16: PRESUPUESTO | H16: REAL | I16: PRESUPUESTO | J16: REAL
B17: RECURSO HUMANO | C17: 1764858.4 | D17: 1492317.4 | E17: 1764858.4 | F17: 1792563.6 | G17: 1764858.4 | H17: 1578007.9 | I17: 1764858.4 | J17: 1803793.6
B19: GASTOS DE FUNCIONAMIENTO | C19: =+C27+C43 -> 2818474.9 | D19: =+D27+D43 -> 0 | E19: =+E27+E43 -> 2818474.9 | F19: =+F27+F43 -> 67111.02 | G19: =+G27+G43 -> 2818474.9 | H19: =+H27+H43 -> 58543.64 | I19: =+I27+I43 -> 2818474.9 | J19: =+J27+J43 -> 3743927.3
B20: ENERGIA ELECTRICA | C20: 62500 | E20: 62500 | F20: 56112.02 | G20: 62500 | I20: 62500 | J20: 68083.01
B21: TELEFONIA | C21: 7500 | E21: 7500 | F21: 10999 | G21: 7500 | H21: 11011 | I21: 7500 | J21: 10992
B22: IMPRESIÓN, ENCUADERNACION Y REPRODUCCION | C22: 8133.97 | E22: 8133.97 | G22: 8133.97 | I22: 8133.97 | J22: 4358
B23: MANT. Y REP. EQUIPO MEDICO SANITARIO Y DE LAB. | C23: 33333.33 | E23: 33333.33 | G23: 33333.33 | I23: 33333.33 | J23: 45020
B24: SERVICIOS MEDICO-SANITARIOS | C24: 165141.75 | E24: 165141.75 | G24: 165141.75 | H24: 1000 | I24: 165141.75 | J24: 26842.86
B25: SERVICIOS DE VIGILANCIA | C25: 40000 | E25: 40000 | G25: 40000 | I25: 40000 | J25: 76240
B26: OTROS SERVICIOS NO PERSONALES | C26: 26305.03 | E26: 26305.03 | G26: 26305.03 | H26: 46532.64 | I26: 26305.03 | J26: 55063.68
B27: SUMA GASTOS GENERALES | C27: =SUM(C20:C26) -> 342914.08 | D27: =SUM(D20:D26) -> 0 | E27: =SUM(E20:E26) -> 342914.08 | F27: =SUM(F20:F26) -> 67111.02 | G27: =SUM(G20:G26) -> 342914.08 | H27: =SUM(H20:H26) -> 58543.64 | I27: =SUM(I20:I26) -> 342914.08 | J27: =SUM(J20:J26) -> 286599.55
B28: MATERIALES Y SUMINISTROS
B29: ALIMENTOS PARA PERSONAS | C29: 60936.45 | E29: 60936.45 | G29: 60936.45 | I29: 60936.45 | J29: 202940.25
B30: ACABADOS TEXTILES | C30: 600 | E30: 600 | G30: 600 | I30: 600
B31: PRODUCTOS DE PAPEL O CARTON | C31: 945.42 | E31: 945.42 | G31: 945.42 | I31: 945.42
B32: ELEMENTOS Y COMPUESTOS QUIMICOS | C32: 169652.57 | E32: 169652.57 | G32: 169652.57 | I32: 169652.57 | J32: 178282.05
B33: COMBUSTIBLES Y LUBRICANTES | C33: 912 | E33: 912 | G33: 912 | I33: 912
B34: PRODUCTOS MEDICINALES Y FARMACEUTICOS | C34: 427229.65 | E34: 427229.65 | G34: 427229.65 | I34: 427229.65 | J34: 1425199.8
B35: TINTES, PINTURAS Y COLORANTES | C35: 100 | E35: 100 | G35: 100 | I35: 100
B36: PRODUCTOS PLASTICOS, NYLON, VINIL Y PVC | C36: 13579.7 | E36: 13579.7 | G36: 13579.7 | I36: 13579.7 | J36: 75162.24
B37: OTROS PRODUCTOS METALICOS | C37: 310 | E37: 310 | G37: 310 | I37: 310
